Workbook
Name appelation: Feuil2!$E$2:$E$22
Name AVANCETVA: Feuil2!$F$2:$F$10
Name dénomination: Feuil2!$B$2:$B$19
Name fournisseurs: 'Val-Départ'!$A$35:$AA$43
Name Plan1: PCMN1!$A$1:$A$261
Name Plan1: PCMN1!$A$1:$A$261
Name Plan1: PCMN1!$A$1:$A$261
Name Plan1: PCMN1!$A$1:$A$261
Name Plan1: #REF!
Name Plan10: PCMN!$A$1:$A$13
Name Plan2: PCMN1!$A$1:$G$1
Name Plan2: PCMN1!$A$1:$G$1
Name Plan2: PCMN1!$A$1:$G$1
Name Plan2: PCMN1!$A$1:$G$1
Name Plan2: #REF!
Name Plan20: PCMN!$A$1:$G$1
Name TVA: Feuil2!$C$2:$C$9
Name TVAréduit: Feuil2!$D$2:$D$13

Sheet Val-Départ
I1: FICHIER INITIAL à placer dans Le fichier BILAN AC-PA
O2: V.I. | W2: V.I.
H3: 231 | J3: machine | O3: 3470.51 | R3: 100 | T3: capital | W3: 12394.69 | AA3: "=SI(ARRONDI(H4;2)=ARRONDI(A4+E4;2);H4;AC5)
H4: 237 | J4: outillage | R4: 200 | T4: Emprunt | W4: 7436.81
H5: 231 | J5: Artésia (emprunt 3 ans) | R5: 240 | T5: mobilier | W5: 1983.15 | Y5: "=SI(ARRONDI(H4;2)=ARRONDI(A4+E4;2);H4;"0")
H6: 360 | J6: banq poste | O6: 1239.47 | R6: 440 | T6: fournisseur | W6: 2974.72 | AB6: 7557.78
H7: 400 | J7: client | O7: 3966.3 | R7: 550 | T7: Banque | W7: 4338.14
H8: 560 | J8: Stocks | O8: 6197.34 | R8: 570 | T8: caisse | W8: 1611.31
A9: valeur initiale du client | G9: Inscrire ici les factures CLIENTS | O9: PAS EFFACER | R9: Pas effac | T9: Extrait Banq CLIENTS
B10: 1 | C10: 2 | D10: 3 | F10: 4 | G10: 5 | H10: 6 | I10: 7 | J10: 8 | K10: 9 | L10: 10 | M10: 11 | N10: 12 | O10: 13 | P10: 14 | Q10: 15 | R10: 16 | S10: 17 | T10: 18 | U10: 19 | V10: 20 | W10: 21 | X10: 22 | Y10: 23 | Z10: 24 | AA10: 25 | AB10: 26 | AC10: 27 | AD10: 28
A11: 600 | C11: VENTES | G11: FACTURES -aux -CLIENTS | P11: 4110 | R11: 4114 | T11: TVAC | U11: 4110 | V11: TVAC | X11: Pas effac | Y11: Extrait - BANQUE Clients
A12: N-Cl | B12: Num cli | C12: Clients | D12: V.I. | E12: CODE PCMN | F12: PMCN | G12: dénomination | H12: Fact-N° | I12: HTVA | J12: escompte | K12: Transport | L12: RRR | M12: embalage | N12: Base impot | O12: TVA% | P12: tva non marchan | Q12: TVA marchand | R12: TVA/NC | S12: emballage | T12: Embal/ap/tva | U12: TVA DUE | V12: note de crédit | W12: TVAC | Y12: Num cli | Z12: Nom client | AA12: extrait | AB12: date | AC12: PMCN | AD12: montant(+)
A13: 1 | B13: C0001 | C13: Nicolas | D13: 1066.15 | F13: 560 - Banque de la poste | G13: Emballage | H13: F71 | I13: 1239.47 | J13: 0 | K13: 0 | L13: 0 | M13: 0 | N13: =SUM(I13,-J13,K13,-L13,M13) -> 1239.47 | O13: 0.21 | P13: =IF(OR('Val-Départ'!G13="note de crédit", 'Val-Départ'!G13="Marchandise"), "0",PRODUCT(N13,O13)) -> 260.2887 | Q13: =IF(('Val-Départ'!G13="Marchandise"), PRODUCT(N13,O13),"0") -> 0 | R13: =IF(('Val-Départ'!G13="note de crédit"),PRODUCT(N13,O13),"") | T13: =IF(('Val-Départ'!G13<>"note de crédit"),SUM(N13,P13,Q13,R13,-J13),"") -> 1499.7587 | U13: =SUM(P13:Q13) -> 260.2887 | V13: =IF(('Val-Départ'!G13="note de crédit"),(N13+R13),"") | W13: =T13 -> 1499.7587 | X13: =IF(AD13=ROUND(D13,2),AD13,IF(AD13=ROUND(D13+T13,2),AD13,IF(AD13= ROUND(T13,2),AD13,IF(AD13="",AD13,"")))) -> 2565.91 | Y13: =B13 -> C0001 | Z13: =C13 -> Nicolas | AA13: 42033 | AB13: 42328 | AC13: 550 | AD13: 2565.91
A14: 2 | B14: C0002 | C14: Vienneau | D14: 758.12 | F14: CLASSE 3 : COMPTES DE STOCKS ET EN-COURS | G14: Marchandise | H14: F72 | I14: 921.92 | N14: =SUM(I14,-J14,K14,-L14,M14) -> 921.92 | O14: 0.21 | P14: =IF(OR('Val-Départ'!G14="note de crédit", 'Val-Départ'!G14="Marchandise"), "0",PRODUCT(N14,O14)) -> 0 | Q14: =IF(('Val-Départ'!G14="Marchandise"), PRODUCT(N14,O14),"0") -> 193.6032 | R14: =IF(('Val-Départ'!G14="note de crédit"),PRODUCT(N14,O14),"0") -> 0 | T14: =IF(('Val-Départ'!G14<>"note de crédit"),SUM(N14,P14,Q14,R14,-J14),"") -> 1115.5232 | U14: =SUM(P14:Q14) -> 193.6032 | V14: =IF(('Val-Départ'!G14="note de crédit"),(N14+R14),"") | W14: =T14 -> 1115.5232 | X14: =IF(AD14=ROUND(D14,2),AD14,IF(AD14=ROUND(D14+T14,2),AD14,IF(AD14= ROUND(T14,2),AD14,IF(AD14="",AD14,"")))) -> 1115.52 | Y14: =B14 -> C0002 | Z14: =C14 -> Vienneau | AA14: 42032 | AB14: 42325 | AC14: 550 | AD14: 1115.52
A15: 3 | B15: C0003 | C15: Jacques | D15: 2142.03 | F15: 700 - ventes de marchandises | G15: 0 | N15: =SUM(I15,-J15,K15,-L15,M15) -> 0 | O15: 0.21 | P15: =IF(OR('Val-Départ'!G15="note de crédit", 'Val-Départ'!G15="Marchandise"), "0",PRODUCT(N15,O15)) -> 0 | Q15: =IF(('Val-Départ'!G15="Marchandise"), PRODUCT(N15,O15),"0") -> 0 | R15: =IF(('Val-Départ'!G15="note de crédit"),PRODUCT(N15,O15),"0") -> 0 | T15: =IF(('Val-Départ'!G15<>"note de crédit"),SUM(N15,P15,Q15,R15,-J15),"") -> 0 | U15: =SUM(P15:Q15) -> 0 | V15: =IF(('Val-Départ'!G15="note de crédit"),(N15+R15),"") | W15: =T15 -> 0 | X15: =IF(AD15=ROUND(D15,2),AD15,IF(AD15=ROUND(D15+T15,2),AD15,IF(AD15= ROUND(T15,2),AD15,IF(AD15="",AD15,"")))) -> 0 | Y15: =B15 -> C0003 | Z15: =C15 -> Jacques | AC15: 550
A16: 4 | F16: 700 - ventes de marchandises | G16: 0 | N16: =SUM(I16,-J16,K16,-L16,M16) -> 0 | O16: 0 | P16: =IF(OR('Val-Départ'!G16="note de crédit", 'Val-Départ'!G16="Marchandise"), "0",PRODUCT(N16,O16)) -> 0 | Q16: =IF(('Val-Départ'!G16="Marchandise"), PRODUCT(N16,O16),"0") -> 0 | R16: =IF(('Val-Départ'!G16="note de crédit"),PRODUCT(N16,O16),"0") -> 0 | T16: =IF(('Val-Départ'!G16<>"note de crédit"),SUM(N16,P16,Q16,R16,-J16),"") -> 0 | U16: =SUM(P16:Q16) -> 0 | V16: =IF(('Val-Départ'!G16="note de crédit"),(N16+R16),"") | W16: =T16 -> 0 | X16: =IF(AD16=D16,AD16,IF(AD16=ROUND(D16+T16,2),AD16,IF(AD16=T16,AD16,IF(AD16="",AD16,"")))) -> 0 | Y16: =B16 -> 0 | Z16: =C16 -> 0 | AC16: 550
A17: 5 | F17: 700 - ventes de marchandises | G17: Marchandise | N17: =SUM(I17,-J17,K17,-L17,M17) -> 0 | O17: 0 | P17: =IF(OR('Val-Départ'!G17="note de crédit", 'Val-Départ'!G17="Marchandise"), "0",PRODUCT(N17,O17)) -> 0 | Q17: =IF(('Val-Départ'!G17="Marchandise"), PRODUCT(N17,O17),"0") -> 0 | R17: =IF(('Val-Départ'!G17="note de crédit"),PRODUCT(N17,O17),"0") -> 0 | T17: =IF(('Val-Départ'!G17<>"note de crédit"),SUM(N17,P17,Q17,R17,-J17),"") -> 0 | U17: =SUM(P17:Q17) -> 0 | V17: =IF(('Val-Départ'!G17="note de crédit"),(N17+R17),"") | W17: =T17 -> 0 | X17: =IF(AD17=D17,AD17,IF(AD17=ROUND(D17+T17,2),AD17,IF(AD17=T17,AD17,IF(AD17="",AD17,"")))) -> 0 | Y17: =B17 -> 0 | Z17: =C17 -> 0 | AC17: 550
A18: 6 | F18: 700 - ventes de marchandises | G18: 0 | N18: =SUM(I18,-J18,K18,-L18,M18) -> 0 | O18: 0 | P18: =IF(OR('Val-Départ'!G18="note de crédit", 'Val-Départ'!G18="Marchandise"), "0",PRODUCT(N18,O18)) -> 0 | Q18: =IF(('Val-Départ'!G18="Marchandise"), PRODUCT(N18,O18),"0") -> 0 | R18: =IF(('Val-Départ'!G18="note de crédit"),PRODUCT(N18,O18),"0") -> 0 | T18: =IF(('Val-Départ'!G18<>"note de crédit"),SUM(N18,P18,Q18,R18,-J18),"") -> 0 | U18: =SUM(P18:Q18) -> 0 | V18: =IF(('Val-Départ'!G18="note de crédit"),(N18+R18),"") | W18: =T18 -> 0 | X18: =IF(AD18=D18,AD18,IF(AD18=ROUND(D18+T18,2),AD18,IF(AD18=T18,AD18,IF(AD18="",AD18,"")))) -> 0 | Y18: =B18 -> 0 | Z18: =C18 -> 0 | AC18: 550
A19: 7 | F19: 7050 - prestation de service BE | G19: 0 | N19: =SUM(I19,-J19,K19,-L19,M19) -> 0 | O19: 0 | P19: =IF(OR('Val-Départ'!G19="note de crédit", 'Val-Départ'!G19="Marchandise"), "0",PRODUCT(N19,O19)) -> 0 | Q19: =IF(('Val-Départ'!G19="Marchandise"), PRODUCT(N19,O19),"0") -> 0 | R19: =IF(('Val-Départ'!G19="note de crédit"),PRODUCT(N19,O19),"0") -> 0 | T19: =IF(('Val-Départ'!G19<>"note de crédit"),SUM(N19,P19,Q19,R19,-J19),"") -> 0 | U19: =SUM(P19:Q19) -> 0 | V19: =IF(('Val-Départ'!G19="note de crédit"),(N19+R19),"") | W19: =IF(S19=0,T19,T19-S19) -> 0 | X19: =IF(AD19=D19,AD19,IF(AD19=ROUND(D19+T19,2),AD19,IF(AD19=T19,AD19,IF(AD19="",AD19,"")))) -> 0 | Y19: =B19 -> 0 | Z19: =C19 -> 0 | AC19: 550
A20: 8 | F20: 7050 - prestation de service BE | G20: 0 | N20: =SUM(I20,-J20,K20,-L20,M20) -> 0 | O20: 0 | P20: =IF(OR('Val-Départ'!G20="note de crédit", 'Val-Départ'!G20="Marchandise"), "0",PRODUCT(N20,O20)) -> 0 | Q20: =IF(('Val-Départ'!G20="Marchandise"), PRODUCT(N20,O20),"0") -> 0 | R20: =IF(('Val-Départ'!G20="note de crédit"),PRODUCT(N20,O20),"0") -> 0 | T20: =IF(('Val-Départ'!G20<>"note de crédit"),SUM(N20,P20,Q20,R20,-J20),"") -> 0 | U20: =SUM(P20:Q20) -> 0 | V20: =IF(('Val-Départ'!G20="note de crédit"),(N20+R20),"") | W20: =IF(S20=0,T20,T20-S20) -> 0 | X20: =IF(AD20=D20,AD20,IF(AD20=ROUND(D20+T20,2),AD20,IF(AD20=T20,AD20,IF(AD20="",AD20,"")))) -> 0 | Y20: =B20 -> 0 | Z20: =C20 -> 0 | AC20: 550
A21: 9 | F21: 700 - ventes de marchandises | G21: 0 | N21: =SUM(I21,-J21,K21,-L21,M21) -> 0 | O21: 0 | P21: =IF(OR('Val-Départ'!G21="note de crédit", 'Val-Départ'!G21="Marchandise"), "0",PRODUCT(N21,O21)) -> 0 | Q21: =IF(('Val-Départ'!G21="Marchandise"), PRODUCT(N21,O21),"0") -> 0 | R21: =IF(('Val-Départ'!G21="note de crédit"),PRODUCT(N21,O21),"0") -> 0 | T21: =IF(('Val-Départ'!G21<>"note de crédit"),SUM(N21,P21,Q21,R21,-J21),"") -> 0 | U21: =SUM(P21:Q21) -> 0 | V21: =IF(('Val-Départ'!G21="note de crédit"),(N21+R21),"") | W21: =IF(S21=0,T21,T21-S21) -> 0 | X21: =IF(AD21=D21,AD21,IF(AD21=ROUND(D21+T21,2),AD21,IF(AD21=T21,AD21,IF(AD21="",AD21,"")))) -> 0 | Y21: =B21 -> 0 | Z21: =C21 -> 0
A22: 10 | F22: 7050 - prestation de service BE | G22: 0 | N22: =SUM(I22,-J22,K22,-L22,M22) -> 0 | O22: 0 | P22: =IF(OR('Val-Départ'!G22="note de crédit", 'Val-Départ'!G22="Marchandise"), "0",PRODUCT(N22,O22)) -> 0 | Q22: =IF(('Val-Départ'!G22="Marchandise"), PRODUCT(N22,O22),"0") -> 0 | R22: =IF(('Val-Départ'!G22="note de crédit"),PRODUCT(N22,O22),"0") -> 0 | T22: =IF(('Val-Départ'!G22<>"note de crédit"),SUM(N22,P22,Q22,R22,-J22),"") -> 0 | U22: =SUM(P22:Q22) -> 0 | V22: =IF(('Val-Départ'!G22="note de crédit"),(N22+R22),"") | W22: =IF(S22=0,T22,T22-S22) -> 0 | X22: =IF(AD22=D22,AD22,IF(AD22=ROUND(D22+T22,2),AD22,IF(AD22=T22,AD22,IF(AD22="",AD22,"")))) -> 0 | Y22: =B22 -> 0 | Z22: =C22 -> 0
A23: 11 | F23: 7002 - vente à l'exportation | G23: 0 | N23: =SUM(I23,-J23,K23,-L23,M23) -> 0 | O23: 0 | P23: =IF(OR('Val-Départ'!G23="note de crédit", 'Val-Départ'!G23="Marchandise"), "0",PRODUCT(N23,O23)) -> 0 | Q23: =IF(('Val-Départ'!G23="Marchandise"), PRODUCT(N23,O23),"0") -> 0 | R23: =IF(('Val-Départ'!G23="note de crédit"),PRODUCT(N23,O23),"0") -> 0 | T23: =IF(('Val-Départ'!G23<>"note de crédit"),SUM(N23,P23,Q23,R23,-J23),"") -> 0 | U23: =SUM(P23:Q23) -> 0 | V23: =IF(('Val-Départ'!G23="note de crédit"),(N23+R23),"") | W23: =IF(S23=0,T23,T23-S23) -> 0 | X23: =IF(AD23=D23,AD23,IF(AD23=ROUND(D23+T23,2),AD23,IF(AD23=T23,AD23,IF(AD23="",AD23,"")))) -> 0 | Y23: =B23 -> 0 | Z23: =C23 -> 0
A24: 12 | N24: =SUM(I24,-J24,K24,-L24,M24) -> 0 | O24: 0 | P24: =IF(OR('Val-Départ'!G24="note de crédit", 'Val-Départ'!G24="Marchandise"), "0",PRODUCT(N24,O24)) -> 0 | Q24: =IF(('Val-Départ'!G24="Marchandise"), PRODUCT(N24,O24),"0") -> 0 | R24: =IF(('Val-Départ'!G24="note de crédit"),PRODUCT(N24,O24),"0") -> 0 | T24: =IF(('Val-Départ'!G24<>"note de crédit"),SUM(N24,P24,Q24,R24,-J24),"") -> 0 | U24: =SUM(P24:Q24) -> 0 | V24: =IF(('Val-Départ'!G24="note de crédit"),(N24+R24),"") | W24: =IF(S24=0,T24,T24-S24) -> 0 | X24: =IF(AD24=D24,AD24,IF(AD24=ROUND(D24+T24,2),AD24,IF(AD24=T24,AD24,IF(AD24="",AD24,"")))) -> 0 | Y24: =B24 -> 0
A25: 13 | N25: =SUM(I25,-J25,K25,-L25,M25) -> 0 | O25: 0 | P25: =IF(OR('Val-Départ'!G25="note de crédit", 'Val-Départ'!G25="Marchandise"), "0",PRODUCT(N25,O25)) -> 0 | Q25: =IF(('Val-Départ'!G25="Marchandise"), PRODUCT(N25,O25),"0") -> 0 | R25: =IF(('Val-Départ'!G25="note de crédit"),PRODUCT(N25,O25),"0") -> 0 | T25: =IF(('Val-Départ'!G25<>"note de crédit"),SUM(N25,P25,Q25,R25,-J25),"") -> 0 | U25: =SUM(P25:Q25) -> 0 | V25: =IF(('Val-Départ'!G25="note de crédit"),(N25+R25),"") | W25: =IF(S25=0,T25,T25-S25) -> 0 | X25: =IF(AD25=D25,AD25,IF(AD25=ROUND(D25+T25,2),AD25,IF(AD25=T25,AD25,IF(AD25="",AD25,"")))) -> 0 | Y25: =B25 -> 0
A26: 14 | D26: =SUM(D13:D25) -> 3966.3 | G26: total | I26: =SUM(I13:I25) -> 2161.39 | N26: =SUM(N13:N25) -> 2161.39 | P26: =SUM(P13:P25) -> 260.2887 | Q26: =SUM(Q13:Q25) -> 193.6032 | R26: =IF(('Val-Départ'!G26="note de crédit"),PRODUCT(N26,O26),"0") -> 0 | T26: =SUM(T13:T25) -> 2615.2819 | U26: =SUM(U13:U23) -> 453.8919 | V26: =SUM(V13:V25) -> 0 | W26: =SUM(W13:W25) -> 2615.2819 | X26: =SUM(X13:X25) -> 3681.43 | Y26: =B26 -> 0 | AD26: =SUM(AD13:AD25) -> 3681.43 | AF26: =AD26 -> 3681.43 | AG26: Bq clients
P27: non marchand | R27: nc | AD27: Effacer ici | AF27: =AK46 -> 2588.61 | AG27: Bq fourn
B28: effacer ICI seulement | H28: effacer ICI seulement | N28: TOTAL TVA | P28: =SUM(P26:R26) -> 453.8919 | Q28: NC/tva | R28: -103.07 | AB28: différence entre Bq clients te Bq fournisseurs | AF28: =(AF26-AF27) -> 1092.82
N29: LIV sortie | O29: total | P29: =SUM(P28,R28) -> 350.8219 | Q29: ok
G31: 1 | H31: 2 | I31: 3 | J31: 4 | K31: 5 | L31: 6 | M31: 7 | N31: 8 | O31: 9 | P31: 10 | Q31: 11 | R31: 12 | S31: 13 | T31: 14 | U31: 15 | V31: 16 | W31: 17 | X31: 18 | Y31: 19 | Z31: 20 | AA31: 21 | AB31: 22 | AC31: 23 | AD31: 24 | AE31: 25 | AF31: 26 | AG31: 27 | AH31: 28 | AI31: 29 | AJ31: 30 | AK31: 31 | AL31: 32 | AM31: 33 | AN31: 34 | AO31: 35
A32: valeur initiale du fournisseur | G32: Inscrire ici les factures FOURNISSEURS | P32: si rien à réduire = 0% | T32: TVA | AB32: Entret.immo. | AC32: Entret. Immo.
B33: ACHATS 600 | F33: FACTURES -des- FOURNISSEURS | P33: TVA | Q33: Nouvelle | T33: 4510 | V33: 4514 | W33: Emballage | Y33: 4514 | AB33: TVA due | AC33: TVA due | AD33: Pas effac | AF33: Inscrire ici - Extrait - Banque Fournisseurs
A34: N-Fo | B34: Num Four | C34: fournisseurs | D34: V.I. | F34: PCMN | G34: dénomination | H34: Fact-N° | I34: HTVA | J34: Escompte | K34: Transport | L34: RRR | M34: Embal Av tva | N34: Base-impot | O34: TVA% | P34: tva % à déduit | Q34: Base impot | R34: TVA % | T34: tva non marchand | U34: tva marchand | V34: TVA (NC) | W34: après tva | X34: TVA Récup. | Y34: TVA (NC) | Z34: Tot TVAC | AA34: TVAC(NC) | AB34: (59)451020 | AC34: (59)451030 | AD34: Vérification | AF34: Num Fourn | AG34: Nom Fourn | AH34: extrait | AI34: date | AJ34: PMCN | AK34: montant(-)
A35: 1 | B35: F0001 | C35: Feromat | D35: 0 | F35: 604 - achat marchandises | G35: outillage | H35: F812 | I35: 743.68 | J35: 0 | K35: 0 | L35: 0 | M35: 0 | N35: =SUM(I35,-J35,K35,-L35,M35) -> 743.68 | O35: 1 | P35: 0 | Q35: =(IF(P35=0,N35*O35,(N35*O35*P35)+N35)) -> 743.68 | R35: 0.21 | S35: =(1-P35) -> 1 | T35: =IF(OR('Val-Départ'!G35="note de crédit", 'Val-Départ'!G35="Marchandise"),"0",PRODUCT(N35,R35,S35)) -> 156.1728 | U35: =IF(( 'Val-Départ'!G35="Marchandise"),PRODUCT(N35,R35,S35),"0") -> 0 | V35: =IF(OR('Val-Départ'!G35="note de crédit"), PRODUCT(N35,R35,S35),"0") -> 0 | W35: 0 | X35: =(T35+U35) -> 156.1728 | Y35: =IF((G35="note de crédit"),(N35*R35*S35),"0") -> 0 | Z35: =IF((G35<>"note de crédit"),SUM(Q35,T35,U35,V35,-AB35,-AC35),"0") -> 899.8528 | AA35: =IF((G35="note de crédit"),SUM(Q35,V35),"0") -> 0 | AD35: =IF(AK35=ROUND(D35,2),AK35,IF(AK35=ROUND(D35+Z35,2),AK35,IF(AK35=ROUND(Z35,2),AK35,IF(AK35="",AK35,"0")))) -> 899.85 | AF35: =B35 -> F0001 | AG35: =C35 -> Feromat | AH35: 26/1 | AI35: 42317 | AJ35: 550 | AK35: 899.85
A36: 2 | B36: F0002 | C36: Durand | D36: 1115.52 | F36: 604 - achat marchandises | G36: Marchandise | H36: F441 | I36: 1395.67 | J36: 0 | K36: 0 | L36: 0 | M36: 0 | N36: =SUM(I36,-J36,K36,-L36,M36) -> 1395.67 | O36: 1 | P36: 0 | Q36: =(IF(P36=0,N36*O36,(N36*O36*P36)+N36)) -> 1395.67 | R36: 0.21 | S36: =(1-P36) -> 1 | T36: =IF(OR('Val-Départ'!G36="note de crédit", 'Val-Départ'!G36="Marchandise"),"0",PRODUCT(N36,R36,S36)) -> 0 | U36: =IF(( 'Val-Départ'!G36="Marchandise"),PRODUCT(N36,R36,S36),"0") -> 293.0907 | V36: =IF(OR('Val-Départ'!G36="note de crédit"), PRODUCT(N36,R36,S36),"0") -> 0 | W36: 0 | X36: =(T36+U36) -> 293.0907 | Y36: =IF((G36="note de crédit"),(N36*R36*S36),"0") -> 0 | Z36: =IF((G36<>"note de crédit"),SUM(Q36,T36,U36,V36,-AB36,-AC36),"0") -> 1688.7607 | AA36: =IF((G36="note de crédit"),SUM(Q36,V36),"0") -> 0 | AD36: =IF(AK36=ROUND(D36,2),AK36,IF(AK36=ROUND(D36+Z36,2),AK36,IF(AK36=ROUND(Z36,2),AK36,IF(AK36="",AK36,"0")))) -> 1688.76 | AF36: =B36 -> F0002 | AG36: =C36 -> Durand | AH36: 27/1 | AI36: 42324 | AJ36: 550 | AK36: 1688.76
A37: 3 | B37: F0003 | C37: Pierre | D37: 1859.2 | F37: 240 - Mobilier | G37: Marchandise | N37: =SUM(I37,-J37,K37,-L37,M37) -> 0 | O37: 1 | P37: 0 | Q37: =(IF(P37=0,N37*O37,(N37*O37*P37)+N37)) -> 0 | R37: 0.06 | S37: =(1-P37) -> 1 | T37: =IF(OR('Val-Départ'!G37="note de crédit", 'Val-Départ'!G37="Marchandise"),"0",PRODUCT(N37,R37,S37)) -> 0 | U37: =IF(( 'Val-Départ'!G37="Marchandise"),PRODUCT(N37,R37,S37),"0") -> 0 | V37: =IF(OR('Val-Départ'!G37="note de crédit"), PRODUCT(N37,R37,S37),"0") -> 0 | W37: 0 | X37: =(T37+U37) -> 0 | Y37: =IF((G37="note de crédit"),(N37*R37*S37),"0") -> 0 | Z37: =IF((G37<>"note de crédit"),SUM(Q37,T37,U37,V37,-AB37,-AC37),"0") -> 0 | AA37: =IF((G37="note de crédit"),SUM(Q37,V37),"0") -> 0 | AD37: =IF(AK37=ROUND(D37,2),AK37,IF(AK37=ROUND(D37+Z37,2),AK37,IF(AK37=ROUND(Z37,2),AK37,IF(AK37="",AK37,"0")))) -> 0 | AF37: =B37 -> F0003 | AG37: =C37 -> Pierre | AJ37: 550
A38: 4 | F38: 61210 - Belgacom | G38: Marchandise | N38: =SUM(I38,-J38,K38,-L38,M38) -> 0 | O38: 1 | P38: 0 | Q38: =(IF(P38=0,N38*O38,(N38*O38*P38)+N38)) -> 0 | R38: 0.21 | S38: =(1-P38) -> 1 | T38: =IF(OR('Val-Départ'!G38="note de crédit", 'Val-Départ'!G38="Marchandise"),"0",PRODUCT(N38,R38,S38)) -> 0 | U38: =IF(( 'Val-Départ'!G38="Marchandise"),PRODUCT(N38,R38,S38),"0") -> 0 | V38: =IF(OR('Val-Départ'!G38="note de crédit"), PRODUCT(N38,R38,S38),"0") -> 0 | W38: 0 | X38: =(T38+U38) -> 0 | Y38: =IF((G38="note de crédit"),(N38*R38*S38),"0") -> 0 | Z38: =IF((G38<>"note de crédit"),SUM(Q38,T38,U38,V38,-AB38,-AC38),"0") -> 0 | AA38: =IF((G38="note de crédit"),SUM(Q38,V38),"0") -> 0 | AD38: =IF(AK38=ROUND(D38,2),AK38,IF(AK38=ROUND(D38+Z38,2),AK38,IF(AK38=ROUND(Z38,2),AK38,IF(AK38="",AK38,"0")))) -> 0 | AF38: =B38 -> 0 | AG38: =C38 -> 0 | AJ38: 550
A39: 5 | F39: 6110 - Entretien -réparation | G39: Entret./M.R. | N39: =SUM(I39,-J39,K39,-L39,M39) -> 0 | O39: 1 | P39: 0 | Q39: =(IF(P39=0,N39*O39,(N39*O39*P39)+N39)) -> 0 | R39: 0.21 | S39: =(1-P39) -> 1 | T39: =IF(OR('Val-Départ'!G39="note de crédit", 'Val-Départ'!G39="Marchandise"),"0",PRODUCT(N39,R39,S39)) -> 0 | U39: =IF(( 'Val-Départ'!G39="Marchandise"),PRODUCT(N39,R39,S39),"0") -> 0 | V39: =IF(OR('Val-Départ'!G39="note de crédit"), PRODUCT(N39,R39,S39),"0") -> 0 | W39: 0 | X39: =(T39+U39) -> 0 | Y39: =IF((G39="note de crédit"),(N39*R39*S39),"0") -> 0 | Z39: =IF((G39<>"note de crédit"),SUM(Q39,T39,U39,V39,-AB39,-AC39),"0") -> 0 | AA39: =IF((G39="note de crédit"),SUM(Q39,V39),"0") -> 0 | AD39: =IF(AK39=ROUND(D39,2),AK39,IF(AK39=ROUND(D39+Z39,2),AK39,IF(AK39=ROUND(Z39,2),AK39,IF(AK39="",AK39,"0")))) -> 0 | AF39: =B39 -> 0 | AG39: =C39 -> 0 | AJ39: 550
A40: 6 | F40: CLASSE 6 : COMPTES DE CHARGES | G40: note de crédit | N40: =SUM(I40,-J40,K40,-L40,M40) -> 0 | O40: 1 | P40: 0 | Q40: =(IF(P40=0,N40*O40,(N40*O40*P40)+N40)) -> 0 | R40: 0.21 | S40: =(1-P40) -> 1 | T40: =IF(OR('Val-Départ'!G40="note de crédit", 'Val-Départ'!G40="Marchandise"),"0",PRODUCT(N40,R40,S40)) -> 0 | U40: =IF(( 'Val-Départ'!G40="Marchandise"),PRODUCT(N40,R40,S40),"0") -> 0 | V40: =IF(OR('Val-Départ'!G40="note de crédit"), PRODUCT(N40,R40,S40),"0") -> 0 | W40: 0 | X40: =(T40+U40) -> 0 | Y40: =IF((G40="note de crédit"),(N40*R40*S40),"0") -> 0 | Z40: =IF((G40<>"note de crédit"),SUM(Q40,T40,U40,V40,-AB40,-AC40),"0") -> 0 | AA40: =IF((G40="note de crédit"),SUM(Q40,V40),"0") -> 0 | AD40: =IF(AK40=ROUND(D40,2),AK40,IF(AK40=ROUND(D40+Z40,2),AK40,IF(AK40=ROUND(Z40,2),AK40,IF(AK40="",AK40,"0")))) -> 0 | AF40: =B40 -> 0 | AG40: =C40 -> 0 | AJ40: 550
A41: 7 | F41: 614 - Publicité | G41: Pub. | N41: =SUM(I41,-J41,K41,-L41,M41) -> 0 | O41: 1 | P41: 0 | Q41: =(IF(P41=0,N41*O41,(N41*O41*P41)+N41)) -> 0 | R41: 0.21 | S41: =(1-P41) -> 1 | T41: =IF(OR('Val-Départ'!G41="note de crédit", 'Val-Départ'!G41="Marchandise"),"0",PRODUCT(N41,R41,S41)) -> 0 | U41: =IF(( 'Val-Départ'!G41="Marchandise"),PRODUCT(N41,R41,S41),"0") -> 0 | V41: =IF(OR('Val-Départ'!G41="note de crédit"), PRODUCT(N41,R41,S41),"0") -> 0 | W41: 0 | X41: =(T41+U41) -> 0 | Y41: =IF((G41="note de crédit"),(N41*R41*S41),"0") -> 0 | Z41: =IF((G41<>"note de crédit"),SUM(Q41,T41,U41,V41,-AB41,-AC41),"0") -> 0 | AA41: =IF((G41="note de crédit"),SUM(Q41,V41),"0") -> 0 | AD41: =IF(AK41=ROUND(D41,2),AK41,IF(AK41=ROUND(D41+Z41,2),AK41,IF(AK41=ROUND(Z41,2),AK41,IF(AK41="",AK41,"0")))) -> 0 | AF41: =B41 -> 0 | AG41: =C41 -> 0 | AJ41: 550
A42: 8 | F42: 611 - cocontractant | G42: cocontractant | N42: =SUM(I42,-J42,K42,-L42,M42) -> 0 | O42: 1 | P42: 0 | Q42: =(IF(P42=0,N42*O42,(N42*O42*P42)+N42)) -> 0 | R42: 0.21 | S42: =(1-P42) -> 1 | T42: =IF(OR('Val-Départ'!G42="note de crédit", 'Val-Départ'!G42="Marchandise"),"0",PRODUCT(N42,R42,S42)) -> 0 | U42: =IF(( 'Val-Départ'!G42="Marchandise"),PRODUCT(N42,R42,S42),"0") -> 0 | V42: =IF(OR('Val-Départ'!G42="note de crédit"), PRODUCT(N42,R42,S42),"0") -> 0 | W42: 0 | X42: =(T42+U42) -> 0 | Y42: =IF((G42="note de crédit"),(N42*R42*S42),"0") -> 0 | Z42: =IF((G42<>"note de crédit"),SUM(Q42,T42,U42,V42,-AB42,-AC42),"0") -> 0 | AA42: =IF((G42="note de crédit"),SUM(Q42,V42),"0") -> 0 | AC42: =IF((G42="cocontractant"),T42,"0") -> 0 | AD42: =IF(AK42=ROUND(D42,2),AK42,IF(AK42=ROUND(D42+Z42,2),AK42,IF(AK42=ROUND(Z42,2),AK42,IF(AK42="",AK42,"0")))) -> 0 | AF42: =B42 -> 0 | AG42: =C42 -> 0 | AK42: 0
A43: 9 | F43: 6122 - Intracomm. Livres | G43: Intracomm. | N43: =SUM(I43,-J43,K43,-L43,M43) -> 0 | O43: 1 | P43: 0 | Q43: =(IF(P43=0,N43*O43,(N43*O43*P43)+N43)) -> 0 | R43: 0.06 | S43: =(1-P43) -> 1 | T43: =IF(OR('Val-Départ'!G43="note de crédit", 'Val-Départ'!G43="Marchandise"),"0",PRODUCT(N43,R43,S43)) -> 0 | U43: =IF(( 'Val-Départ'!G43="Marchandise"),PRODUCT(N43,R43,S43),"0") -> 0 | V43: =IF(OR('Val-Départ'!G43="note de crédit"), PRODUCT(N43,R43,S43),"0") -> 0 | W43: 0 | X43: =(T43+U43) -> 0 | Y43: =IF((G43="note de crédit"),(N43*R43*S43),"0") -> 0 | Z43: =IF((G43<>"note de crédit"),SUM(Q43,T43,U43,V43,-AB43,-AC43),"0") -> 0 | AA43: =IF((G43="note de crédit"),SUM(Q43,V43),"0") -> 0 | AB43: =IF((G43="Intracomm."),T43,"0") -> 0 | AD43: =IF(AK43=ROUND(D43,2),AK43,IF(AK43=ROUND(D43+Z43,2),AK43,IF(AK43=ROUND(Z43,2),AK43,IF(AK43="",AK43,"0")))) -> 0 | AF43: =B43 -> 0 | AG43: =C43 -> 0 | AJ43: 550 | AK43: 0
A44: 10 | F44: 700 - ventes de marchandises | G44: Matériel-roul | N44: =SUM(I44,-J44,K44,-L44,M44) -> 0 | O44: 0.21 | P44: 0 | Q44: =(IF(P44=0,N44*O44,(N44*O44*P44)+N44)) -> 0 | R44: 0.21 | S44: =(1-P44) -> 1 | T44: =IF(OR('Val-Départ'!G44="note de crédit", 'Val-Départ'!G44="Marchandise"),"0",PRODUCT(N44,R44,S44)) -> 0 | U44: =IF(( 'Val-Départ'!G44="Marchandise"),PRODUCT(N44,R44,S44),"0") -> 0 | V44: =IF(OR('Val-Départ'!G44="note de crédit"), PRODUCT(N44,R44,S44),"0") -> 0 | W44: 0 | X44: =(T44+U44) -> 0 | Y44: =IF((G44="note de crédit"),(N44*R44*S44),"0") -> 0 | Z44: =IF((G44<>"note de crédit"),SUM(Q44,T44,U44,V44,-AB44,-AC44),"0") -> 0 | AA44: =IF((G44="note de crédit"),SUM(Q44,V44),"0") -> 0 | AD44: =IF(AK44=ROUND(D44,2),AK44,IF(AK44=ROUND(D44+Z44,2),AK44,IF(AK44=ROUND(Z44,2),AK44,IF(AK44="",AK44,"0")))) -> 0 | AF44: =B44 -> 0 | AG44: =C44 -> 0 | AK44: 0
A45: 11 | N45: =SUM(I45,-J45,K45,-L45,M45) -> 0 | O45: 0.21 | P45: 0 | Q45: =(IF(P45=0,N45*O45,(N45*O45*P45)+N45)) -> 0 | R45: 0 | S45: =(1-P45) -> 1 | T45: =IF(OR('Val-Départ'!G46="note de crédit", 'Val-Départ'!G46="Marchandise"),"0",PRODUCT(N45,R45,S45)) -> 0 | U45: =IF(( 'Val-Départ'!G46="Marchandise"),PRODUCT(N45,R45,S45),"0") -> 0 | V45: =IF(OR('Val-Départ'!G46="note de crédit"), PRODUCT(N45,R45,S45),"0") -> 0 | W45: 0 | Y45: =IF((G46="note de crédit"),(N45*R45*S45),"0") -> 0 | Z45: =IF((G46<>"note de crédit"),SUM(Q45,T45,U45,V45,-AB45,-AC45),"0") -> 0 | AA45: =IF((G46="note de crédit"),SUM(Q45,V45),"0") -> 0 | AD45: =IF(AK45=ROUND(D45,2),AK45,IF(AK45=ROUND(D45+Z45,2),AK45,IF(AK45=ROUND(Z45,2),AK45,IF(AK45="",AK45,"0")))) -> 0 | AF45: =B45 -> 0
D46: =SUM(D35:D45) -> 2974.72 | G46: TOTAL | N46: =SUM(N35:N45) -> 2139.35 | Q46: =SUM(Q35:Q45) -> 2139.35 | T46: =SUM(T35:T45) -> 156.1728 | U46: =SUM(U35:U45) -> 293.0907 | V46: =SUM(V35:V45) -> 0 | X46: =SUM(X35:X45) -> 449.2635 | Y46: =SUM(Y35:Y45) -> 0 | Z46: =SUM(Z35:Z45) -> 2588.6135 | AA46: =SUM(AA35:AA45) -> 0 | AB46: =SUM(AB35:AB45) -> 0 | AC46: =SUM(AC35:AC45) -> 0 | AD46: =SUM(AD35:AD45) -> 2588.61 | AK46: =SUM(AK35:AK45) -> 2588.61
B47: effacer ICI seulement | H47: effacer ICI seulement | AK47: Effacer ici
N48: Certaines fonctions peuvent déduire la TVA | R48: TOTAL TVA | T48: =SUM(T46:U46) -> 449.2635 | U48: NC TVA | V48: =V46 -> 0
R49: récup
B52: AVANCE TVA
B53: Date | C53: Année | D53: montant
B54: 42055 | C54: 2015 | D54: avance tva | F54: 150
B55: 42083 | C55: 2015 | D55: avance tva | F55: 150
F56: 0
F57: =SUM(F54:F56) -> 300
G59: "(RECHERCHEV(E19;'Val-Départ'!E26:H26;2;FAUX)"
G61: "=SI(P15=D15;P15;SI(P15=D15+I5;P5;SI(P15=I15;P5;SI(P15="";P15;""))))"
B65: "=SI(ESTNA(RECHERCHEV($E$19;'Val-Départ'!$E$26:$H$26;2;FAUX));";RECHERCHEV($E$19;'Val-Départ'!$E$26:$H$26;2;FAUX))"
B67: le " devant et à la fin de la formule, éviter que la formule soit active
B68: "(RECHERCHEV(E19;'Val-Départ'!E26:H26;2;FAUX)"
B70: 1- recherche dans fichier Gr livACT-PAS dans la case E19 (mobilier)
B71: 2- dans fichier Val-départ la case de (E26 à H33) le mot (mobilier)
B72: 3- la 2eme colonne
B73: 4- faux désigne si une erreur est possible
B74: Si on a une erreur du type #N/A, on ajoute alors
B76: =SI(ESTNA
B77: Pour éviter l'inscription #N/A
B79: ;""; indique de laisser la case vide
B81: et on ajoute l'instruction RECHERCHEV(E19;'Val-Départ'!E26:H26;2;FAUX)"
... B91: ;" ";RECHERCHEV('Val-Départ'!$E$26;'Val-Départ'!$E$26:$H$26;3;FAUX))"

Sheet Liv-Four-client
A2: LIVRE de compte CLIENTS ET FOURNISSEURS
D3: LIVRE compte clients | L3: LIVRE Compte fournisseurs
B4: Attention pour déterminer le code client exem : C0001
B5: la formule doit être sous forme de matrice c-à-d avec {} | N5: Tjrs vérifier les accollades en début de INDEX !!!!
B6: il faut le signe {} en début et fin, via touche (crtr+shift+enter) | N6: C'est ce qui regroupe les mêmes n° clients ou fournisseurs
B7: NE PAS FAIRE ENTER après les {} cliquer sur une autre cellule
C8: =INDEX('Val-Départ'!B$1:B$19;MIN(SI(NB.SI('Liv. comp.four-client.'!E$11:E11;'Val-Départ'!B$12:B$19)=0;LIGNE($12:$19))))
D9: Facture- Clients | F9: Banq - Clients | L9: Banq -Fourn. | N9: Facture - Fourn.
D10: TVAC | L10: TVAC
E11: Ref pr index | M11: Ref pr index
D12: D+ | E12: {=INDEX('Val-Départ'!B$1:B$23,MIN(IF(COUNTIF('Liv-Four-client'!E$11:E11,'Val-Départ'!B$13:B$23)=0,ROW($13:$23))))} -> C0001 | F12: =IFERROR(VLOOKUP($E$12,'Val-Départ'!$B$13:$D$23,2,FALSE),"") -> Nicolas | G12: C- | L12: D- | M12: =INDEX('Val-Départ'!B$1:B$45,MIN(IF(COUNTIF('Liv-Four-client'!M$11:M11,'Val-Départ'!B$35:B$45)=0,ROW($35:$45)))) -> F0001 | N12: =IFERROR(VLOOKUP($M$12,'Val-Départ'!$B$35:$D$46,2,FALSE),"") -> Feromat | O12: C+
D13: vi | E13: =IFERROR(VLOOKUP($E$12,'Val-Départ'!$B$12:$D$19,3,FALSE),"") -> 1066.15 | F13: xxxxxxxx | M13: xxxxxxxxxx | N13: =IFERROR(VLOOKUP($M$12,'Val-Départ'!$B$35:$D$46,3,FALSE),"") -> 0 | O13: vi
C14: 13 | E14: =IF(ISNA(VLOOKUP($E$12,'Val-Départ'!B13:W13,18,FALSE)),,VLOOKUP($E$12,'Val-Départ'!B13:W13,18,FALSE)) -> 0 | F14: =IF(ISNA(VLOOKUP($E$12,'Val-Départ'!Y13:AD13,6,FALSE)),,VLOOKUP($E$12,'Val-Départ'!Y13:AD13,6,FALSE)) -> 2565.91 | M14: =IF(ISNA(VLOOKUP($M$12,'Val-Départ'!B35:AK35,35,FALSE)),,VLOOKUP($M$12,'Val-Départ'!B35:AK35,35,FALSE)) -> 550 | N14: =IF(ISNA(VLOOKUP($M$12,'Val-Départ'!AF35:AK35,6,FALSE)),,VLOOKUP($M$12,'Val-Départ'!AF35:AK35,6,FALSE)) -> 899.85 | P14: 35
C15: 14 | E15: =IF(ISNA(VLOOKUP($E$12,'Val-Départ'!B14:W14,18,FALSE)),,VLOOKUP($E$12,'Val-Départ'!B14:W14,18,FALSE)) -> 0 | F15: =IF(ISNA(VLOOKUP($E$12,'Val-Départ'!Y14:AD14,6,FALSE)),,VLOOKUP($E$12,'Val-Départ'!Y14:AD14,6,FALSE)) -> 0 | M15: =IF(ISNA(VLOOKUP($M$12,'Val-Départ'!B36:AK36,35,FALSE)),,VLOOKUP($M$12,'Val-Départ'!B36:AK36,35,FALSE)) -> 0 | N15: =IF(ISNA(VLOOKUP($M$12,'Val-Départ'!AF36:AK36,6,FALSE)),,VLOOKUP($M$12,'Val-Départ'!AF36:AK36,6,FALSE)) -> 0 | P15: 36
C16: 15 | E16: =IF(ISNA(VLOOKUP($E$12,'Val-Départ'!B15:W15,18,FALSE)),,VLOOKUP($E$12,'Val-Départ'!B15:W15,18,FALSE)) -> 0 | F16: =IF(ISNA(VLOOKUP($E$12,'Val-Départ'!Y15:AD15,6,FALSE)),,VLOOKUP($E$12,'Val-Départ'!Y15:AD15,6,FALSE)) -> 0 | M16: =IF(ISNA(VLOOKUP($M$12,'Val-Départ'!B37:AK37,35,FALSE)),,VLOOKUP($M$12,'Val-Départ'!B37:AK37,35,FALSE)) -> 0 | N16: =IF(ISNA(VLOOKUP($M$12,'Val-Départ'!AF37:AK37,6,FALSE)),,VLOOKUP($M$12,'Val-Départ'!AF37:AK37,6,FALSE)) -> 0 | P16: 37
C17: 16 | E17: =IF(ISNA(VLOOKUP($E$12,'Val-Départ'!B16:W16,18,FALSE)),,VLOOKUP($E$12,'Val-Départ'!B16:W16,18,FALSE)) -> 0 | F17: =IF(ISNA(VLOOKUP($E$12,'Val-Départ'!Y16:AD16,6,FALSE)),,VLOOKUP($E$12,'Val-Départ'!Y16:AD16,6,FALSE)) -> 0 | M17: =IF(ISNA(VLOOKUP($M$12,'Val-Départ'!B38:AK38,35,FALSE)),,VLOOKUP($M$12,'Val-Départ'!B38:AK38,35,FALSE)) -> 0 | N17: =IF(ISNA(VLOOKUP($M$12,'Val-Départ'!AF38:AK38,6,FALSE)),,VLOOKUP($M$12,'Val-Départ'!AF38:AK38,6,FALSE)) -> 0 | P17: 38
C18: 17 | E18: =IF(ISNA(VLOOKUP($E$12,'Val-Départ'!B17:W17,18,FALSE)),,VLOOKUP($E$12,'Val-Départ'!B17:W17,18,FALSE)) -> 0 | F18: =IF(ISNA(VLOOKUP($E$12,'Val-Départ'!Y17:AD17,6,FALSE)),,VLOOKUP($E$12,'Val-Départ'!Y17:AD17,6,FALSE)) -> 0 | M18: =IF(ISNA(VLOOKUP($M$12,'Val-Départ'!B39:AK39,35,FALSE)),,VLOOKUP($M$12,'Val-Départ'!B39:AK39,35,FALSE)) -> 0 | N18: =IF(ISNA(VLOOKUP($M$12,'Val-Départ'!AF39:AK39,6,FALSE)),,VLOOKUP($M$12,'Val-Départ'!AF39:AK39,6,FALSE)) -> 0 | P18: 39
C19: 18 | E19: =IF(ISNA(VLOOKUP($E$12,'Val-Départ'!B18:W18,18,FALSE)),,VLOOKUP($E$12,'Val-Départ'!B18:W18,18,FALSE)) -> 0 | F19: =IF(ISNA(VLOOKUP($E$12,'Val-Départ'!Y18:AD18,6,FALSE)),,VLOOKUP($E$12,'Val-Départ'!Y18:AD18,6,FALSE)) -> 0 | M19: =IF(ISNA(VLOOKUP($M$12,'Val-Départ'!B40:AK40,35,FALSE)),,VLOOKUP($M$12,'Val-Départ'!B40:AK40,35,FALSE)) -> 0 | N19: =IF(ISNA(VLOOKUP($M$12,'Val-Départ'!AF40:AK40,6,FALSE)),,VLOOKUP($M$12,'Val-Départ'!AF40:AK40,6,FALSE)) -> 0 | P19: 40
C20: 19 | E20: =IF(ISNA(VLOOKUP($E$12,'Val-Départ'!B19:W19,18,FALSE)),,VLOOKUP($E$12,'Val-Départ'!B19:W19,18,FALSE)) -> 0 | F20: =IF(ISNA(VLOOKUP($E$12,'Val-Départ'!Y19:AD19,6,FALSE)),,VLOOKUP($E$12,'Val-Départ'!Y19:AD19,6,FALSE)) -> 0 | M20: =IF(ISNA(VLOOKUP($M$12,'Val-Départ'!B41:AK41,35,FALSE)),,VLOOKUP($M$12,'Val-Départ'!B41:AK41,35,FALSE)) -> 0 | N20: =IF(ISNA(VLOOKUP($M$12,'Val-Départ'!AF41:AK41,6,FALSE)),,VLOOKUP($M$12,'Val-Départ'!AF41:AK41,6,FALSE)) -> 0 | P20: 41
C21: 20 | E21: =IF(ISNA(VLOOKUP($E$12,'Val-Départ'!B20:W20,18,FALSE)),,VLOOKUP($E$12,'Val-Départ'!B20:W20,18,FALSE)) -> 0 | F21: =IF(ISNA(VLOOKUP($E$12,'Val-Départ'!Y20:AD20,6,FALSE)),,VLOOKUP($E$12,'Val-Départ'!Y20:AD20,6,FALSE)) -> 0 | M21: =IF(ISNA(VLOOKUP($M$12,'Val-Départ'!B42:AK42,35,FALSE)),,VLOOKUP($M$12,'Val-Départ'!B42:AK42,35,FALSE)) -> 0 | N21: =IF(ISNA(VLOOKUP($M$12,'Val-Départ'!AF42:AK42,6,FALSE)),,VLOOKUP($M$12,'Val-Départ'!AF42:AK42,6,FALSE)) -> 0 | P21: 42
C22: 21 | E22: =IF(ISNA(VLOOKUP($E$12,'Val-Départ'!B21:W21,18,FALSE)),,VLOOKUP($E$12,'Val-Départ'!B21:W21,18,FALSE)) -> 0 | F22: =IF(ISNA(VLOOKUP($E$12,'Val-Départ'!Y21:AD21,6,FALSE)),,VLOOKUP($E$12,'Val-Départ'!Y21:AD21,6,FALSE)) -> 0 | M22: =IF(ISNA(VLOOKUP($M$12,'Val-Départ'!B43:AK43,35,FALSE)),,VLOOKUP($M$12,'Val-Départ'!B43:AK43,35,FALSE)) -> 0 | N22: =IF(ISNA(VLOOKUP($M$12,'Val-Départ'!AF43:AK43,6,FALSE)),,VLOOKUP($M$12,'Val-Départ'!AF43:AK43,6,FALSE)) -> 0 | P22: 43
C23: 22 | E23: =IF(ISNA(VLOOKUP($E$12,'Val-Départ'!B22:W22,18,FALSE)),,VLOOKUP($E$12,'Val-Départ'!B22:W22,18,FALSE)) -> 0 | F23: =IF(ISNA(VLOOKUP($E$12,'Val-Départ'!Y22:AD22,6,FALSE)),,VLOOKUP($E$12,'Val-Départ'!Y22:AD22,6,FALSE)) -> 0 | M23: =IF(ISNA(VLOOKUP($M$12,'Val-Départ'!B44:AK44,35,FALSE)),,VLOOKUP($M$12,'Val-Départ'!B44:AK44,35,FALSE)) -> 0 | N23: =IF(ISNA(VLOOKUP($M$12,'Val-Départ'!AF44:AK44,6,FALSE)),,VLOOKUP($M$12,'Val-Départ'!AF44:AK44,6,FALSE)) -> 0 | P23: 44
C24: 23 | E24: =IF(ISNA(VLOOKUP($E$12,'Val-Départ'!B23:W23,18,FALSE)),,VLOOKUP($E$12,'Val-Départ'!B23:W23,18,FALSE)) -> 0 | F24: =IF(ISNA(VLOOKUP($E$12,'Val-Départ'!Y23:AD23,6,FALSE)),,VLOOKUP($E$12,'Val-Départ'!Y23:AD23,6,FALSE)) -> 0 | M24: =IF(ISNA(VLOOKUP($M$12,'Val-Départ'!B45:AK45,35,FALSE)),,VLOOKUP($M$12,'Val-Départ'!B45:AK45,35,FALSE)) -> 0 | N24: =IF(ISNA(VLOOKUP($M$12,'Val-Départ'!AF45:AK45,6,FALSE)),,VLOOKUP($M$12,'Val-Départ'!AF45:AK45,6,FALSE)) -> 0 | P24: 45
E25: =SUM(E13:E21) -> 1066.15 | F25: =SUM(F14:F21) -> 2565.91 | M25: =SUM(M14:M21) -> 550 | N25: =SUM(N13:N21) -> 899.85 | O25: SC
D27: sd | E27: =E25-F25 -> -1499.76 | F27: Client1 | N27: =(N25-M25) -> 349.85 | O27: Fournis 1
E28: Ref pr index | M28: Ref pr index
D29: d | E29: {=INDEX('Val-Départ'!B$1:B$23,MIN(IF(COUNTIF('Liv-Four-client'!E$11:E28,'Val-Départ'!B$13:B$23)=0,ROW($13:$23))))} -> C0002 | F29: =IFERROR(VLOOKUP($E$29,'Val-Départ'!$B$13:$D$23,2,FALSE),"") -> Vienneau | G29: c | L29: d | M29: {=INDEX('Val-Départ'!B$1:B$45,MIN(IF(COUNTIF('Liv-Four-client'!M$11:M28,'Val-Départ'!B$35:B$45)=0,ROW($35:$45))))} -> F0002 | N29: =IFERROR(VLOOKUP($M$29,'Val-Départ'!$B$36:$D$45,2,FALSE),"") -> Durand | O29: c
D30: vi | E30: =IFERROR(VLOOKUP($E$29,'Val-Départ'!$B$12:$D$19,3,FALSE),"") -> 758.12 | F30: xxxxxxxx | M30: xxxxxxxxxx | N30: =IFERROR(VLOOKUP($M$29,'Val-Départ'!$B$36:$D$45,3,FALSE),"") -> 1115.52 | O30: vi
C31: 13 | E31: =IF(ISNA(VLOOKUP($E$29,'Val-Départ'!B13:W13,18,FALSE)),,VLOOKUP($E$29,'Val-Départ'!B13:W13,18,FALSE)) -> 0 | F31: =IF(ISNA(VLOOKUP($E$29,'Val-Départ'!Y13:AD13,6,FALSE)),,VLOOKUP($E$29,'Val-Départ'!Y13:AD13,6,FALSE)) -> 0 | M31: =IF(ISNA(VLOOKUP($M$29,'Val-Départ'!B35:AK35,35,FALSE)),,VLOOKUP($M$29,'Val-Départ'!B35:AK35,35,FALSE)) -> 0 | N31: =IF(ISNA(VLOOKUP($M$29,'Val-Départ'!AF35:AK35,6,FALSE)),,VLOOKUP($M$29,'Val-Départ'!AF35:AK35,6,FALSE)) -> 0 | P31: 35
C32: 14 | E32: =IF(ISNA(VLOOKUP($E$29,'Val-Départ'!B14:W14,18,FALSE)),,VLOOKUP($E$29,'Val-Départ'!B14:W14,18,FALSE)) -> 0 | F32: =IF(ISNA(VLOOKUP($E$29,'Val-Départ'!Y14:AD14,6,FALSE)),,VLOOKUP($E$29,'Val-Départ'!Y14:AD14,6,FALSE)) -> 1115.52 | M32: =IF(ISNA(VLOOKUP($M$29,'Val-Départ'!B36:AK36,35,FALSE)),,VLOOKUP($M$29,'Val-Départ'!B36:AK36,35,FALSE)) -> 550 | N32: =IF(ISNA(VLOOKUP($M$29,'Val-Départ'!AF36:AK36,6,FALSE)),,VLOOKUP($M$29,'Val-Départ'!AF36:AK36,6,FALSE)) -> 1688.76 | P32: 36
C33: 15 | E33: =IF(ISNA(VLOOKUP($E$29,'Val-Départ'!B15:W15,18,FALSE)),,VLOOKUP($E$29,'Val-Départ'!B15:W15,18,FALSE)) -> 0 | F33: =IF(ISNA(VLOOKUP($E$29,'Val-Départ'!Y15:AD15,6,FALSE)),,VLOOKUP($E$29,'Val-Départ'!Y15:AD15,6,FALSE)) -> 0 | M33: =IF(ISNA(VLOOKUP($M$29,'Val-Départ'!B37:AK37,35,FALSE)),,VLOOKUP($M$29,'Val-Départ'!B37:AK37,35,FALSE)) -> 0 | N33: =IF(ISNA(VLOOKUP($M$29,'Val-Départ'!AF37:AK37,6,FALSE)),,VLOOKUP($M$29,'Val-Départ'!AF37:AK37,6,FALSE)) -> 0 | P33: 37
C34: 16 | E34: =IF(ISNA(VLOOKUP($E$29,'Val-Départ'!B16:W16,18,FALSE)),,VLOOKUP($E$29,'Val-Départ'!B16:W16,18,FALSE)) -> 0 | F34: =IF(ISNA(VLOOKUP($E$29,'Val-Départ'!Y16:AD16,6,FALSE)),,VLOOKUP($E$29,'Val-Départ'!Y16:AD16,6,FALSE)) -> 0 | M34: =IF(ISNA(VLOOKUP($M$29,'Val-Départ'!B38:AK38,35,FALSE)),,VLOOKUP($M$29,'Val-Départ'!B38:AK38,35,FALSE)) -> 0 | N34: =IF(ISNA(VLOOKUP($M$29,'Val-Départ'!AF38:AK38,6,FALSE)),,VLOOKUP($M$29,'Val-Départ'!AF38:AK38,6,FALSE)) -> 0 | P34: 38
C35: 17 | E35: =IF(ISNA(VLOOKUP($E$29,'Val-Départ'!B17:W17,18,FALSE)),,VLOOKUP($E$29,'Val-Départ'!B17:W17,18,FALSE)) -> 0 | F35: =IF(ISNA(VLOOKUP($E$29,'Val-Départ'!Y17:AD17,6,FALSE)),,VLOOKUP($E$29,'Val-Départ'!Y17:AD17,6,FALSE)) -> 0 | M35: =IF(ISNA(VLOOKUP($M$29,'Val-Départ'!B39:AK39,35,FALSE)),,VLOOKUP($M$29,'Val-Départ'!B39:AK39,35,FALSE)) -> 0 | N35: =IF(ISNA(VLOOKUP($M$29,'Val-Départ'!AF39:AK39,6,FALSE)),,VLOOKUP($M$29,'Val-Départ'!AF39:AK39,6,FALSE)) -> 0 | P35: 39
C36: 18 | E36: =IF(ISNA(VLOOKUP($E$29,'Val-Départ'!B18:W18,18,FALSE)),,VLOOKUP($E$29,'Val-Départ'!B18:W18,18,FALSE)) -> 0 | F36: =IF(ISNA(VLOOKUP($E$29,'Val-Départ'!Y18:AD18,6,FALSE)),,VLOOKUP($E$29,'Val-Départ'!Y18:AD18,6,FALSE)) -> 0 | M36: =IF(ISNA(VLOOKUP($M$29,'Val-Départ'!B40:AK40,35,FALSE)),,VLOOKUP($M$29,'Val-Départ'!B40:AK40,35,FALSE)) -> 0 | N36: =IF(ISNA(VLOOKUP($M$29,'Val-Départ'!AF40:AK40,6,FALSE)),,VLOOKUP($M$29,'Val-Départ'!AF40:AK40,6,FALSE)) -> 0 | P36: 40
C37: 19 | E37: =IF(ISNA(VLOOKUP($E$29,'Val-Départ'!B19:W19,18,FALSE)),,VLOOKUP($E$29,'Val-Départ'!B19:W19,18,FALSE)) -> 0 | F37: =IF(ISNA(VLOOKUP($E$29,'Val-Départ'!Y19:AD19,6,FALSE)),,VLOOKUP($E$29,'Val-Départ'!Y19:AD19,6,FALSE)) -> 0 | M37: =IF(ISNA(VLOOKUP($M$29,'Val-Départ'!B41:AK41,35,FALSE)),,VLOOKUP($M$29,'Val-Départ'!B41:AK41,35,FALSE)) -> 0 | N37: =IF(ISNA(VLOOKUP($M$29,'Val-Départ'!AF41:AK41,6,FALSE)),,VLOOKUP($M$29,'Val-Départ'!AF41:AK41,6,FALSE)) -> 0 | P37: 41
C38: 20 | E38: =IF(ISNA(VLOOKUP($E$29,'Val-Départ'!B20:W20,18,FALSE)),,VLOOKUP($E$29,'Val-Départ'!B20:W20,18,FALSE)) -> 0 | F38: =IF(ISNA(VLOOKUP($E$29,'Val-Départ'!Y20:AD20,6,FALSE)),,VLOOKUP($E$29,'Val-Départ'!Y20:AD20,6,FALSE)) -> 0 | M38: =IF(ISNA(VLOOKUP($M$29,'Val-Départ'!B42:AK42,35,FALSE)),,VLOOKUP($M$29,'Val-Départ'!B42:AK42,35,FALSE)) -> 0 | N38: =IF(ISNA(VLOOKUP($M$29,'Val-Départ'!AF42:AK42,6,FALSE)),,VLOOKUP($M$29,'Val-Départ'!AF42:AK42,6,FALSE)) -> 0 | P38: 42
C39: 21 | E39: =IF(ISNA(VLOOKUP($E$29,'Val-Départ'!B21:W21,18,FALSE)),,VLOOKUP($E$29,'Val-Départ'!B21:W21,18,FALSE)) -> 0 | F39: =IF(ISNA(VLOOKUP($E$29,'Val-Départ'!Y21:AD21,6,FALSE)),,VLOOKUP($E$29,'Val-Départ'!Y21:AD21,6,FALSE)) -> 0 | M39: =IF(ISNA(VLOOKUP($M$29,'Val-Départ'!B43:AK43,35,FALSE)),,VLOOKUP($M$29,'Val-Départ'!B43:AK43,35,FALSE)) -> 0 | N39: =IF(ISNA(VLOOKUP($M$29,'Val-Départ'!AF43:AK43,6,FALSE)),,VLOOKUP($M$29,'Val-Départ'!AF43:AK43,6,FALSE)) -> 0 | P39: 43
C40: 22 | E40: =IF(ISNA(VLOOKUP($E$29,'Val-Départ'!B22:W22,18,FALSE)),,VLOOKUP($E$29,'Val-Départ'!B22:W22,18,FALSE)) -> 0 | F40: =IF(ISNA(VLOOKUP($E$29,'Val-Départ'!Y22:AD22,6,FALSE)),,VLOOKUP($E$29,'Val-Départ'!Y22:AD22,6,FALSE)) -> 0 | M40: =IF(ISNA(VLOOKUP($M$29,'Val-Départ'!B44:AK44,35,FALSE)),,VLOOKUP($M$29,'Val-Départ'!B44:AK44,35,FALSE)) -> 0 | N40: =IF(ISNA(VLOOKUP($M$29,'Val-Départ'!AF44:AK44,6,FALSE)),,VLOOKUP($M$29,'Val-Départ'!AF44:AK44,6,FALSE)) -> 0 | P40: 44
C41: 23 | E41: =IF(ISNA(VLOOKUP($E$29,'Val-Départ'!B23:W23,18,FALSE)),,VLOOKUP($E$29,'Val-Départ'!B23:W23,18,FALSE)) -> 0 | F41: =IF(ISNA(VLOOKUP($E$29,'Val-Départ'!Y23:AD23,6,FALSE)),,VLOOKUP($E$29,'Val-Départ'!Y23:AD23,6,FALSE)) -> 0 | M41: =IF(ISNA(VLOOKUP($M$29,'Val-Départ'!B45:AK45,35,FALSE)),,VLOOKUP($M$29,'Val-Départ'!B45:AK45,35,FALSE)) -> 0 | N41: =IF(ISNA(VLOOKUP($M$29,'Val-Départ'!AF45:AK45,6,FALSE)),,VLOOKUP($M$29,'Val-Départ'!AF45:AK45,6,FALSE)) -> 0 | P41: 45
E42: =SUM(E30:E38) -> 758.12 | F42: =SUM(F31:F38) -> 1115.52 | M42: =SUM(M31:M38) -> 550 | N42: =SUM(N29:N38) -> 2804.28 | O42: SC
D43: sd | E43: =E42-F42 -> -357.4 | F43: Client2 | N43: =(N42-M42) -> 2254.28 | Q43: Fournisseur2
E44: Ref pr index | M44: Ref pr index
D45: d | E45: {=INDEX('Val-Départ'!B$1:B$23,MIN(IF(COUNTIF('Liv-Four-client'!E$11:E44,'Val-Départ'!B$13:B$23)=0,ROW($13:$23))))} -> C0003 | F45: =IFERROR(VLOOKUP($E$45,'Val-Départ'!$B$13:$D$23,2,FALSE),"") -> Jacques | G45: c | L45: d | M45: {=INDEX('Val-Départ'!B$1:B$45,MIN(IF(COUNTIF('Liv-Four-client'!M$11:M44,'Val-Départ'!$B$35:$B$45)=0,ROW($35:$45))))} -> F0003 | N45: =IFERROR(VLOOKUP($M$45,'Val-Départ'!$B$35:$D$45,2,FALSE),"") -> Pierre | O45: c
D46: vi | E46: =IFERROR(VLOOKUP($E$45,'Val-Départ'!$B$12:$D$19,3,FALSE),"") -> 2142.03 | F46: xxxxxxxxx | M46: xxxxxxxxxx | N46: =IFERROR(VLOOKUP($M$45,'Val-Départ'!$B$37:$D$45,3,FALSE),"") -> 1859.2 | O46: vi
C47: 13 | E47: =IF(ISNA(VLOOKUP(E$45,'Val-Départ'!B13:W13,18,FALSE)),,VLOOKUP(E$45,'Val-Départ'!B13:W13,18,FALSE)) -> 0 | F47: =IF(ISNA(VLOOKUP($E$45,'Val-Départ'!Y13:AD13,6,FALSE)),,VLOOKUP($E$45,'Val-Départ'!Y13:AD13,6,FALSE)) -> 0 | M47: =IF(ISNA(VLOOKUP($M$45,'Val-Départ'!B35:AK35,35,FALSE)),,VLOOKUP($M$45,'Val-Départ'!B35:AK35,35,FALSE)) -> 0 | N47: =IF(ISNA(VLOOKUP($M$45,'Val-Départ'!AF35:AK35,6,FALSE)),,VLOOKUP($M$45,'Val-Départ'!AF35:AK35,6,FALSE)) -> 0 | P47: 35
C48: 14 | E48: =IF(ISNA(VLOOKUP(E$45,'Val-Départ'!B14:W14,18,FALSE)),,VLOOKUP(E$45,'Val-Départ'!B14:W14,18,FALSE)) -> 0 | F48: =IF(ISNA(VLOOKUP($E$45,'Val-Départ'!Y14:AD14,6,FALSE)),,VLOOKUP($E$45,'Val-Départ'!Y14:AD14,6,FALSE)) -> 0 | M48: =IF(ISNA(VLOOKUP($M$45,'Val-Départ'!B36:AK36,35,FALSE)),,VLOOKUP($M$45,'Val-Départ'!B36:AK36,35,FALSE)) -> 0 | N48: =IF(ISNA(VLOOKUP($M$45,'Val-Départ'!AF36:AK36,6,FALSE)),,VLOOKUP($M$45,'Val-Départ'!AF36:AK36,6,FALSE)) -> 0 | P48: 36
C49: 15 | E49: =IF(ISNA(VLOOKUP(E$45,'Val-Départ'!B15:W15,18,FALSE)),,VLOOKUP(E$45,'Val-Départ'!B15:W15,18,FALSE)) -> 0 | F49: =IF(ISNA(VLOOKUP($E$45,'Val-Départ'!Y15:AD15,6,FALSE)),,VLOOKUP($E$45,'Val-Départ'!Y15:AD15,6,FALSE)) -> 0 | M49: =IF(ISNA(VLOOKUP($M$45,'Val-Départ'!B37:AK37,35,FALSE)),,VLOOKUP($M$45,'Val-Départ'!B37:AK37,35,FALSE)) -> 550 | N49: =IF(ISNA(VLOOKUP($M$45,'Val-Départ'!AF37:AK37,6,FALSE)),,VLOOKUP($M$45,'Val-Départ'!AF37:AK37,6,FALSE)) -> 0 | P49: 37
C50: 16 | E50: =IF(ISNA(VLOOKUP(E$45,'Val-Départ'!B16:W16,18,FALSE)),,VLOOKUP(E$45,'Val-Départ'!B16:W16,18,FALSE)) -> 0 | F50: =IF(ISNA(VLOOKUP($E$45,'Val-Départ'!Y16:AD16,6,FALSE)),,VLOOKUP($E$45,'Val-Départ'!Y16:AD16,6,FALSE)) -> 0 | M50: =IF(ISNA(VLOOKUP($M$45,'Val-Départ'!B38:AK38,35,FALSE)),,VLOOKUP($M$45,'Val-Départ'!B38:AK38,35,FALSE)) -> 0 | N50: =IF(ISNA(VLOOKUP($M$45,'Val-Départ'!AF38:AK38,6,FALSE)),,VLOOKUP($M$45,'Val-Départ'!AF38:AK38,6,FALSE)) -> 0 | P50: 38
C51: 17 | E51: =IF(ISNA(VLOOKUP(E$45,'Val-Départ'!B17:W17,18,FALSE)),,VLOOKUP(E$45,'Val-Départ'!B17:W17,18,FALSE)) -> 0 | F51: =IF(ISNA(VLOOKUP($E$45,'Val-Départ'!Y17:AD17,6,FALSE)),,VLOOKUP($E$45,'Val-Départ'!Y17:AD17,6,FALSE)) -> 0 | M51: =IF(ISNA(VLOOKUP($M$45,'Val-Départ'!B39:AK39,35,FALSE)),,VLOOKUP($M$45,'Val-Départ'!B39:AK39,35,FALSE)) -> 0 | N51: =IF(ISNA(VLOOKUP($M$45,'Val-Départ'!AF39:AK39,6,FALSE)),,VLOOKUP($M$45,'Val-Départ'!AF39:AK39,6,FALSE)) -> 0 | P51: 39
C52: 18 | E52: =IF(ISNA(VLOOKUP(E$45,'Val-Départ'!B18:W18,18,FALSE)),,VLOOKUP(E$45,'Val-Départ'!B18:W18,18,FALSE)) -> 0 | F52: =IF(ISNA(VLOOKUP($E$45,'Val-Départ'!Y18:AD18,6,FALSE)),,VLOOKUP($E$45,'Val-Départ'!Y18:AD18,6,FALSE)) -> 0 | M52: =IF(ISNA(VLOOKUP($M$45,'Val-Départ'!B40:AK40,35,FALSE)),,VLOOKUP($M$45,'Val-Départ'!B40:AK40,35,FALSE)) -> 0 | N52: =IF(ISNA(VLOOKUP($M$45,'Val-Départ'!AF40:AK40,6,FALSE)),,VLOOKUP($M$45,'Val-Départ'!AF40:AK40,6,FALSE)) -> 0 | P52: 40
C53: 19 | E53: =IF(ISNA(VLOOKUP(E$45,'Val-Départ'!B19:W19,18,FALSE)),,VLOOKUP(E$45,'Val-Départ'!B19:W19,18,FALSE)) -> 0 | F53: =IF(ISNA(VLOOKUP($E$45,'Val-Départ'!Y19:AD19,6,FALSE)),,VLOOKUP($E$45,'Val-Départ'!Y19:AD19,6,FALSE)) -> 0 | M53: =IF(ISNA(VLOOKUP($M$45,'Val-Départ'!B41:AK41,35,FALSE)),,VLOOKUP($M$45,'Val-Départ'!B41:AK41,35,FALSE)) -> 0 | N53: =IF(ISNA(VLOOKUP($M$45,'Val-Départ'!AF41:AK41,6,FALSE)),,VLOOKUP($M$45,'Val-Départ'!AF41:AK41,6,FALSE)) -> 0 | P53: 41
C54: 20 | E54: =IF(ISNA(VLOOKUP(E$45,'Val-Départ'!B20:W20,18,FALSE)),,VLOOKUP(E$45,'Val-Départ'!B20:W20,18,FALSE)) -> 0 | F54: =IF(ISNA(VLOOKUP($E$45,'Val-Départ'!Y20:AD20,6,FALSE)),,VLOOKUP($E$45,'Val-Départ'!Y20:AD20,6,FALSE)) -> 0 | M54: =IF(ISNA(VLOOKUP($M$45,'Val-Départ'!B42:AK42,35,FALSE)),,VLOOKUP($M$45,'Val-Départ'!B42:AK42,35,FALSE)) -> 0 | N54: =IF(ISNA(VLOOKUP($M$45,'Val-Départ'!AF42:AK42,6,FALSE)),,VLOOKUP($M$45,'Val-Départ'!AF42:AK42,6,FALSE)) -> 0 | P54: 42
C55: 21 | E55: =IF(ISNA(VLOOKUP(E$45,'Val-Départ'!B21:W21,18,FALSE)),,VLOOKUP(E$45,'Val-Départ'!B21:W21,18,FALSE)) -> 0 | F55: =IF(ISNA(VLOOKUP($E$45,'Val-Départ'!Y21:AD21,6,FALSE)),,VLOOKUP($E$45,'Val-Départ'!Y21:AD21,6,FALSE)) -> 0 | M55: =IF(ISNA(VLOOKUP($M$45,'Val-Départ'!B43:AK43,35,FALSE)),,VLOOKUP($M$45,'Val-Départ'!B43:AK43,35,FALSE)) -> 0 | N55: =IF(ISNA(VLOOKUP($M$45,'Val-Départ'!AF43:AK43,6,FALSE)),,VLOOKUP($M$45,'Val-Départ'!AF43:AK43,6,FALSE)) -> 0 | P55: 43
C56: 22 | E56: =IF(ISNA(VLOOKUP(E$45,'Val-Départ'!B22:W22,18,FALSE)),,VLOOKUP(E$45,'Val-Départ'!B22:W22,18,FALSE)) -> 0 | F56: =IF(ISNA(VLOOKUP($E$45,'Val-Départ'!Y22:AD22,6,FALSE)),,VLOOKUP($E$45,'Val-Départ'!Y22:AD22,6,FALSE)) -> 0 | M56: =IF(ISNA(VLOOKUP($M$45,'Val-Départ'!B44:AK44,35,FALSE)),,VLOOKUP($M$45,'Val-Départ'!B44:AK44,35,FALSE)) -> 0 | N56: =IF(ISNA(VLOOKUP($M$45,'Val-Départ'!AF44:AK44,6,FALSE)),,VLOOKUP($M$45,'Val-Départ'!AF44:AK44,6,FALSE)) -> 0 | P56: 44
C57: 23 | E57: =SUM(E46:E56) -> 2142.03 | F57: =SUM(F47:F56) -> 0 | M57: =SUM(M47:M56) -> 550 | N57: =SUM(N46:N56) -> 1859.2 | P57: 45
E58: =E57-F57 -> 2142.03 | F58: Client3 | N58: =(N57-M57) -> 1309.2 | O58: SC | Q58: Fournisseur3
E59: Ref pr index | M59: Ref pr index
D60: d | E60: {=INDEX('Val-Départ'!B$1:B$23,MIN(IF(COUNTIF('Liv-Four-client'!E$11:E59,'Val-Départ'!B$13:B$23)=0,ROW($13:$23))))} -> 0 | F60: =IFERROR(VLOOKUP($E$60,'Val-Départ'!$B$13:$D$23,2,FALSE),"") | G60: c | L60: d | M60: {=INDEX('Val-Départ'!B$1:B$58,MIN(IF(COUNTIF('Liv-Four-client'!M$11:M59,'Val-Départ'!B$35:B$45)=0,ROW($35:$45))))} -> 0 | N60: =IFERROR(VLOOKUP($M$60,'Val-Départ'!$B$35:$D$45,2,FALSE),"") | O60: c
D61: vi | E61: =IFERROR(VLOOKUP($E$60,'Val-Départ'!$B$12:$D$19,3,FALSE),"") | F61: xxxxxxxxx | M61: xxxxxxxxxx | N61: =IFERROR(VLOOKUP($M$60,'Val-Départ'!$B$38:$D$45,3,FALSE),"") | O61: vi
C62: 13 | E62: =IF(ISNA(VLOOKUP(E$60,'Val-Départ'!B13:W13,18,FALSE)),,VLOOKUP(E$60,'Val-Départ'!B13:W13,18,FALSE)) -> 0 | F62: =IF(ISNA(VLOOKUP($E$60,'Val-Départ'!Y13:AD13,6,FALSE)),,VLOOKUP($E$60,'Val-Départ'!Y13:AD13,6,FALSE)) -> 0 | M62: =IF(ISNA(VLOOKUP($M$60,'Val-Départ'!B35:AK35,35,FALSE)),,VLOOKUP($M$60,'Val-Départ'!B35:AK35,35,FALSE)) -> 0 | N62: =IF(ISNA(VLOOKUP($M$60,'Val-Départ'!AF35:AK35,6,FALSE)),,VLOOKUP($M$60,'Val-Départ'!AF35:AK35,6,FALSE)) -> 0 | P62: 35
C63: 14 | E63: =IF(ISNA(VLOOKUP(E$60,'Val-Départ'!B14:W14,18,FALSE)),,VLOOKUP(E$60,'Val-Départ'!B14:W14,18,FALSE)) -> 0 | F63: =IF(ISNA(VLOOKUP($E$60,'Val-Départ'!Y14:AD14,6,FALSE)),,VLOOKUP($E$60,'Val-Départ'!Y14:AD14,6,FALSE)) -> 0 | M63: =IF(ISNA(VLOOKUP($M$60,'Val-Départ'!B36:AK36,35,FALSE)),,VLOOKUP($M$60,'Val-Départ'!B36:AK36,35,FALSE)) -> 0 | N63: =IF(ISNA(VLOOKUP($M$60,'Val-Départ'!AF36:AK36,6,FALSE)),,VLOOKUP($M$60,'Val-Départ'!AF36:AK36,6,FALSE)) -> 0 | P63: 36
C64: 15 | E64: =IF(ISNA(VLOOKUP(E$60,'Val-Départ'!B15:W15,18,FALSE)),,VLOOKUP(E$60,'Val-Départ'!B15:W15,18,FALSE)) -> 0 | F64: =IF(ISNA(VLOOKUP($E$60,'Val-Départ'!Y15:AD15,6,FALSE)),,VLOOKUP($E$60,'Val-Départ'!Y15:AD15,6,FALSE)) -> 0 | M64: =IF(ISNA(VLOOKUP($M$60,'Val-Départ'!B37:AK37,35,FALSE)),,VLOOKUP($M$60,'Val-Départ'!B37:AK37,35,FALSE)) -> 0 | N64: =IF(ISNA(VLOOKUP($M$60,'Val-Départ'!AF37:AK37,6,FALSE)),,VLOOKUP($M$60,'Val-Départ'!AF37:AK37,6,FALSE)) -> 0 | P64: 37
C65: 16 | E65: =IF(ISNA(VLOOKUP(E$60,'Val-Départ'!B16:W16,18,FALSE)),,VLOOKUP(E$60,'Val-Départ'!B16:W16,18,FALSE)) -> 0 | F65: =IF(ISNA(VLOOKUP($E$60,'Val-Départ'!Y16:AD16,6,FALSE)),,VLOOKUP($E$60,'Val-Départ'!Y16:AD16,6,FALSE)) -> 0 | M65: =IF(ISNA(VLOOKUP($M$60,'Val-Départ'!B38:AK38,35,FALSE)),,VLOOKUP($M$60,'Val-Départ'!B38:AK38,35,FALSE)) -> 0 | N65: =IF(ISNA(VLOOKUP($M$60,'Val-Départ'!AF38:AK38,6,FALSE)),,VLOOKUP($M$60,'Val-Départ'!AF38:AK38,6,FALSE)) -> 0 | P65: 38
C66: 17 | E66: =IF(ISNA(VLOOKUP(E$60,'Val-Départ'!B17:W17,18,FALSE)),,VLOOKUP(E$60,'Val-Départ'!B17:W17,18,FALSE)) -> 0 | F66: =IF(ISNA(VLOOKUP($E$60,'Val-Départ'!Y17:AD17,6,FALSE)),,VLOOKUP($E$60,'Val-Départ'!Y17:AD17,6,FALSE)) -> 0 | M66: =IF(ISNA(VLOOKUP($M$60,'Val-Départ'!B39:AK39,35,FALSE)),,VLOOKUP($M$60,'Val-Départ'!B39:AK39,35,FALSE)) -> 0 | N66: =IF(ISNA(VLOOKUP($M$60,'Val-Départ'!AF39:AK39,6,FALSE)),,VLOOKUP($M$60,'Val-Départ'!AF39:AK39,6,FALSE)) -> 0 | P66: 39
C67: 18 | E67: =IF(ISNA(VLOOKUP(E$60,'Val-Départ'!B18:W18,18,FALSE)),,VLOOKUP(E$60,'Val-Départ'!B18:W18,18,FALSE)) -> 0 | F67: =IF(ISNA(VLOOKUP($E$60,'Val-Départ'!Y18:AD18,6,FALSE)),,VLOOKUP($E$60,'Val-Départ'!Y18:AD18,6,FALSE)) -> 0 | M67: =IF(ISNA(VLOOKUP($M$60,'Val-Départ'!B40:AK40,35,FALSE)),,VLOOKUP($M$60,'Val-Départ'!B40:AK40,35,FALSE)) -> 0 | N67: =IF(ISNA(VLOOKUP($M$60,'Val-Départ'!AF40:AK40,6,FALSE)),,VLOOKUP($M$60,'Val-Départ'!AF40:AK40,6,FALSE)) -> 0 | P67: 40
C68: 19 | E68: =IF(ISNA(VLOOKUP(E$60,'Val-Départ'!B19:W19,18,FALSE)),,VLOOKUP(E$60,'Val-Départ'!B19:W19,18,FALSE)) -> 0 | F68: =IF(ISNA(VLOOKUP($E$60,'Val-Départ'!Y19:AD19,6,FALSE)),,VLOOKUP($E$60,'Val-Départ'!Y19:AD19,6,FALSE)) -> 0 | M68: =IF(ISNA(VLOOKUP($M$60,'Val-Départ'!B41:AK41,35,FALSE)),,VLOOKUP($M$60,'Val-Départ'!B41:AK41,35,FALSE)) -> 0 | N68: =IF(ISNA(VLOOKUP($M$60,'Val-Départ'!AF41:AK41,6,FALSE)),,VLOOKUP($M$60,'Val-Départ'!AF41:AK41,6,FALSE)) -> 0 | P68: 41
C69: 20 | E69: =IF(ISNA(VLOOKUP(E$60,'Val-Départ'!B20:W20,18,FALSE)),,VLOOKUP(E$60,'Val-Départ'!B20:W20,18,FALSE)) -> 0 | F69: =IF(ISNA(VLOOKUP($E$60,'Val-Départ'!Y20:AD20,6,FALSE)),,VLOOKUP($E$60,'Val-Départ'!Y20:AD20,6,FALSE)) -> 0 | M69: =IF(ISNA(VLOOKUP($M$60,'Val-Départ'!B42:AK42,35,FALSE)),,VLOOKUP($M$60,'Val-Départ'!B42:AK42,35,FALSE)) -> 0 | N69: =IF(ISNA(VLOOKUP($M$60,'Val-Départ'!AF42:AK42,6,FALSE)),,VLOOKUP($M$60,'Val-Départ'!AF42:AK42,6,FALSE)) -> 0 | P69: 42
C70: 21 | E70: =IF(ISNA(VLOOKUP(E$60,'Val-Départ'!B21:W21,18,FALSE)),,VLOOKUP(E$60,'Val-Départ'!B21:W21,18,FALSE)) -> 0 | F70: =IF(ISNA(VLOOKUP($E$60,'Val-Départ'!Y21:AD21,6,FALSE)),,VLOOKUP($E$60,'Val-Départ'!Y21:AD21,6,FALSE)) -> 0 | M70: =IF(ISNA(VLOOKUP($M$60,'Val-Départ'!B43:AK43,35,FALSE)),,VLOOKUP($M$60,'Val-Départ'!B43:AK43,35,FALSE)) -> 0 | N70: =IF(ISNA(VLOOKUP($M$60,'Val-Départ'!AF43:AK43,6,FALSE)),,VLOOKUP($M$60,'Val-Départ'!AF43:AK43,6,FALSE)) -> 0 | P70: 43
C71: 22 | E71: =IF(ISNA(VLOOKUP(E$60,'Val-Départ'!B22:W22,18,FALSE)),,VLOOKUP(E$60,'Val-Départ'!B22:W22,18,FALSE)) -> 0 | F71: =IF(ISNA(VLOOKUP($E$60,'Val-Départ'!Y22:AD22,6,FALSE)),,VLOOKUP($E$60,'Val-Départ'!Y22:AD22,6,FALSE)) -> 0 | M71: =IF(ISNA(VLOOKUP($M$60,'Val-Départ'!B44:AK44,35,FALSE)),,VLOOKUP($M$60,'Val-Départ'!B44:AK44,35,FALSE)) -> 0 | N71: =IF(ISNA(VLOOKUP($M$60,'Val-Départ'!AF44:AK44,6,FALSE)),,VLOOKUP($M$60,'Val-Départ'!AF44:AK44,6,FALSE)) -> 0 | P71: 44
C72: 23 | E72: =SUM(E61:E71) -> 0 | F72: =SUM(F62:F71) -> 0 | M72: =SUM(M62:M71) -> 0 | N72: =SUM(N62:N71) -> 0 | P72: 45
E73: =E72-F72 -> 0 | F73: Client4 | N73: =(N72-M72) -> 0 | O73: SC
Q74: Fournisseur4
D77: Motes credits | F77: Ext-Banq | L77: Ext-Banq | N77: Motes credits
D78: CLIENTS | F78: Clients | L78: Fournisseurs | N78: Fournisseurs
E79: Ref pr index | M79: Ref pr index
D80: d | E80: {=INDEX('Val-Départ'!B$1:B$23,MIN(IF(COUNTIF('Liv-Four-client'!E$11:E79,'Val-Départ'!B$13:B$23)=0,ROW($13:$23))))} -> 0 | F80: =IFERROR(VLOOKUP($E$80,'Val-Départ'!$B$13:$D$23,2,FALSE),"") | G80: c | L80: d | M80: {=INDEX('Val-Départ'!B$1:B$44,MIN(IF(COUNTIF('Liv-Four-client'!M$11:M79,'Val-Départ'!B$39:B$45)=0,ROW($39:$45))))} -> 0 | N80: =IFERROR(VLOOKUP($M$80,'Val-Départ'!$B$39:$D$45,2,FALSE),"") | O80: c
D81: vi | E81: =IFERROR(VLOOKUP($E$80,'Val-Départ'!$B$12:$D$19,3,FALSE),"") | F81: xxxxxxxxx | M81: xxxxxxxxxx | N81: =IFERROR(VLOOKUP($M$80,'Val-Départ'!$B$39:$D$45,3,FALSE),"") | O81: vi
C82: 13 | E82: =IF(ISNA(VLOOKUP(E$80,'Val-Départ'!B13:W13,18,FALSE)),,VLOOKUP($E$80,'Val-Départ'!B13:W13,18,FALSE)) -> 0 | F82: =IF(ISNA(VLOOKUP($E$80,'Val-Départ'!Y13:AD13,6,FALSE)),,VLOOKUP($E$80,'Val-Départ'!Y13:AD13,6,FALSE)) -> 0 | M82: =IF(ISNA(VLOOKUP($M$80,'Val-Départ'!B35:AC35,35,FALSE)),,VLOOKUP($M$80,'Val-Départ'!B35:AC35,35,FALSE)) -> 0 | N82: =IF(ISNA(VLOOKUP($M$80,'Val-Départ'!AF35:AK35,6,FALSE)),,VLOOKUP($M$80,'Val-Départ'!AF35:AK35,6,FALSE)) -> 0 | P82: 35
C83: 14 | E83: =IF(ISNA(VLOOKUP(E$80,'Val-Départ'!B14:W14,18,FALSE)),,VLOOKUP($E$80,'Val-Départ'!B14:W14,18,FALSE)) -> 0 | F83: =IF(ISNA(VLOOKUP($E$80,'Val-Départ'!Y14:AD14,6,FALSE)),,VLOOKUP($E$80,'Val-Départ'!Y14:AD14,6,FALSE)) -> 0 | M83: =IF(ISNA(VLOOKUP($M$80,'Val-Départ'!B36:AC36,35,FALSE)),,VLOOKUP($M$80,'Val-Départ'!B36:AC36,35,FALSE)) -> 0 | N83: =IF(ISNA(VLOOKUP($M$80,'Val-Départ'!AF36:AK36,6,FALSE)),,VLOOKUP($M$80,'Val-Départ'!AF36:AK36,6,FALSE)) -> 0 | P83: 36
C84: 15 | E84: =IF(ISNA(VLOOKUP(E$80,'Val-Départ'!B15:W15,18,FALSE)),,VLOOKUP($E$80,'Val-Départ'!B15:W15,18,FALSE)) -> 0 | F84: =IF(ISNA(VLOOKUP($E$80,'Val-Départ'!Y15:AD15,6,FALSE)),,VLOOKUP($E$80,'Val-Départ'!Y15:AD15,6,FALSE)) -> 0 | M84: =IF(ISNA(VLOOKUP($M$80,'Val-Départ'!B37:AC37,35,FALSE)),,VLOOKUP($M$80,'Val-Départ'!B37:AC37,35,FALSE)) -> 0 | N84: =IF(ISNA(VLOOKUP($M$80,'Val-Départ'!AF37:AK37,6,FALSE)),,VLOOKUP($M$80,'Val-Départ'!AF37:AK37,6,FALSE)) -> 0 | P84: 37
C85: 16 | E85: =IF(ISNA(VLOOKUP(E$80,'Val-Départ'!B16:W16,18,FALSE)),,VLOOKUP($E$80,'Val-Départ'!B16:W16,18,FALSE)) -> 0 | F85: =IF(ISNA(VLOOKUP($E$80,'Val-Départ'!Y16:AD16,6,FALSE)),,VLOOKUP($E$80,'Val-Départ'!Y16:AD16,6,FALSE)) -> 0 | M85: =IF(ISNA(VLOOKUP($M$80,'Val-Départ'!B38:AC38,35,FALSE)),,VLOOKUP($M$80,'Val-Départ'!B38:AC38,35,FALSE)) -> 0 | N85: =IF(ISNA(VLOOKUP($M$80,'Val-Départ'!AF38:AK38,6,FALSE)),,VLOOKUP($M$80,'Val-Départ'!AF38:AK38,6,FALSE)) -> 0 | P85: 38
C86: 17 | E86: =IF(ISNA(VLOOKUP(E$80,'Val-Départ'!B17:W17,18,FALSE)),,VLOOKUP($E$80,'Val-Départ'!B17:W17,18,FALSE)) -> 0 | F86: =IF(ISNA(VLOOKUP($E$80,'Val-Départ'!Y17:AD17,6,FALSE)),,VLOOKUP($E$80,'Val-Départ'!Y17:AD17,6,FALSE)) -> 0 | M86: =IF(ISNA(VLOOKUP($M$80,'Val-Départ'!B39:AC39,35,FALSE)),,VLOOKUP($M$80,'Val-Départ'!B39:AC39,35,FALSE)) -> 0 | N86: =IF(ISNA(VLOOKUP($M$80,'Val-Départ'!AF39:AK39,6,FALSE)),,VLOOKUP($M$80,'Val-Départ'!AF39:AK39,6,FALSE)) -> 0 | P86: 39
C87: 18 | E87: =IF(ISNA(VLOOKUP(E$80,'Val-Départ'!B18:W18,18,FALSE)),,VLOOKUP($E$80,'Val-Départ'!B18:W18,18,FALSE)) -> 0 | F87: =IF(ISNA(VLOOKUP($E$80,'Val-Départ'!Y18:AD18,6,FALSE)),,VLOOKUP($E$80,'Val-Départ'!Y18:AD18,6,FALSE)) -> 0 | M87: =IF(ISNA(VLOOKUP($M$80,'Val-Départ'!B40:AC40,35,FALSE)),,VLOOKUP($M$80,'Val-Départ'!B40:AC40,35,FALSE)) -> 0 | N87: =IF(ISNA(VLOOKUP($M$80,'Val-Départ'!AF40:AK40,6,FALSE)),,VLOOKUP($M$80,'Val-Départ'!AF40:AK40,6,FALSE)) -> 0 | P87: 40
C88: 19 | E88: =IF(ISNA(VLOOKUP(E$80,'Val-Départ'!B19:W19,18,FALSE)),,VLOOKUP($E$80,'Val-Départ'!B19:W19,18,FALSE)) -> 0 | F88: =IF(ISNA(VLOOKUP($E$80,'Val-Départ'!Y19:AD19,6,FALSE)),,VLOOKUP($E$80,'Val-Départ'!Y19:AD19,6,FALSE)) -> 0 | M88: =IF(ISNA(VLOOKUP($M$80,'Val-Départ'!B41:AC41,35,FALSE)),,VLOOKUP($M$80,'Val-Départ'!B41:AC41,35,FALSE)) -> 0 | N88: =IF(ISNA(VLOOKUP($M$80,'Val-Départ'!AF41:AK41,6,FALSE)),,VLOOKUP($M$80,'Val-Départ'!AF41:AK41,6,FALSE)) -> 0 | P88: 41
C89: 20 | E89: =IF(ISNA(VLOOKUP(E$80,'Val-Départ'!B20:W20,18,FALSE)),,VLOOKUP($E$80,'Val-Départ'!B20:W20,18,FALSE)) -> 0 | F89: =IF(ISNA(VLOOKUP($E$80,'Val-Départ'!Y20:AD20,6,FALSE)),,VLOOKUP($E$80,'Val-Départ'!Y20:AD20,6,FALSE)) -> 0 | M89: =IF(ISNA(VLOOKUP($M$80,'Val-Départ'!B42:AC42,35,FALSE)),,VLOOKUP($M$80,'Val-Départ'!B42:AC42,35,FALSE)) -> 0 | N89: =IF(ISNA(VLOOKUP($M$80,'Val-Départ'!AF42:AK42,6,FALSE)),,VLOOKUP($M$80,'Val-Départ'!AF42:AK42,6,FALSE)) -> 0 | P89: 42
C90: 21 | E90: =IF(ISNA(VLOOKUP(E$80,'Val-Départ'!B21:W21,18,FALSE)),,VLOOKUP($E$80,'Val-Départ'!B21:W21,18,FALSE)) -> 0 | F90: =IF(ISNA(VLOOKUP($E$80,'Val-Départ'!Y21:AD21,6,FALSE)),,VLOOKUP($E$80,'Val-Départ'!Y21:AD21,6,FALSE)) -> 0 | M90: =IF(ISNA(VLOOKUP($M$80,'Val-Départ'!B43:AC43,35,FALSE)),,VLOOKUP($M$80,'Val-Départ'!B43:AC43,35,FALSE)) -> 0 | N90: =IF(ISNA(VLOOKUP($M$80,'Val-Départ'!AF43:AK43,6,FALSE)),,VLOOKUP($M$80,'Val-Départ'!AF43:AK43,6,FALSE)) -> 0 | P90: 43
C91: 22 | E91: =IF(ISNA(VLOOKUP(E$80,'Val-Départ'!B22:W22,18,FALSE)),,VLOOKUP($E$80,'Val-Départ'!B22:W22,18,FALSE)) -> 0 | F91: =IF(ISNA(VLOOKUP($E$80,'Val-Départ'!Y22:AD22,6,FALSE)),,VLOOKUP($E$80,'Val-Départ'!Y22:AD22,6,FALSE)) -> 0 | M91: =IF(ISNA(VLOOKUP($M$80,'Val-Départ'!B44:AC44,35,FALSE)),,VLOOKUP($M$80,'Val-Départ'!B44:AC44,35,FALSE)) -> 0 | N91: =IF(ISNA(VLOOKUP($M$80,'Val-Départ'!AF44:AK44,6,FALSE)),,VLOOKUP($M$80,'Val-Départ'!AF44:AK44,6,FALSE)) -> 0 | P91: 44
C92: 23 | E92: =IF(ISNA(VLOOKUP(E$80,'Val-Départ'!B23:W23,18,FALSE)),,VLOOKUP($E$80,'Val-Départ'!B23:W23,18,FALSE)) -> 0 | F92: =IF(ISNA(VLOOKUP($E$80,'Val-Départ'!Y23:AD23,6,FALSE)),,VLOOKUP($E$80,'Val-Départ'!Y23:AD23,6,FALSE)) -> 0 | M92: =IF(ISNA(VLOOKUP($M$80,'Val-Départ'!B45:AC45,35,FALSE)),,VLOOKUP($M$80,'Val-Départ'!B45:AC45,35,FALSE)) -> 0 | N92: =IF(ISNA(VLOOKUP($M$80,'Val-Départ'!AF45:AK45,6,FALSE)),,VLOOKUP($M$80,'Val-Départ'!AF45:AK45,6,FALSE)) -> 0
E93: =SUM(E81:E86) -> 0 | F93: =SUM(F82:F86) -> 0 | M93: =SUM(M82:M86) -> 0 | N93: =SUM(N82:N86) -> 0 | P93: 44
E94: =E93-F93 -> 0 | F94: Client5 | N94: =(N93-M93) -> 0 | O94: SC
E100: Ref pr index | M100: Ref pr index
D101: d | E101: {=INDEX('Val-Départ'!B$1:B$23,MIN(IF(COUNTIF('Liv-Four-client'!E$11:E100,'Val-Départ'!B$13:B$23)=0,ROW($13:$23))))} -> 0 | F101: =IFERROR(VLOOKUP($E$101,'Val-Départ'!$B$13:$D$23,2,FALSE),"") | G101: c | L101: d | M101: {=INDEX('Val-Départ'!B$1:B$44,MIN(IF(COUNTIF('Liv-Four-client'!M$11:M100,'Val-Départ'!B$35:B$45)=0,ROW($35:$45))))} -> 0 | N101: =IFERROR(VLOOKUP($M$101,'Val-Départ'!$B$40:$D$45,2,FALSE),"") | O101: c
D102: vi | E102: =IFERROR(VLOOKUP($E$101,'Val-Départ'!$B$12:$D$19,3,FALSE),"") | F102: xxxxxxxxx | M102: xxxxxxxxxx | N102: =IFERROR(VLOOKUP($M$101,'Val-Départ'!$B$40:$D$45,3,FALSE),"") | O102: vi
C103: 13 | E103: =IF(ISNA(VLOOKUP($E$101,'Val-Départ'!B13:W13,18,FALSE)),,VLOOKUP($E$101,'Val-Départ'!B13:W13,18,FALSE)) -> 0 | F103: =IF(ISNA(VLOOKUP($E$101,'Val-Départ'!Y13:AD13,6,FALSE)),,VLOOKUP($E$101,'Val-Départ'!Y13:AD13,6,FALSE)) -> 0 | M103: =IF(ISNA(VLOOKUP($M$101,'Val-Départ'!B35:AC35,35,FALSE)),,VLOOKUP($M$101,'Val-Départ'!B35:AC35,35,FALSE)) -> 0 | N103: =IF(ISNA(VLOOKUP($M$101,'Val-Départ'!AF35:AK35,6,FALSE)),,VLOOKUP($M$101,'Val-Départ'!AF35:AK35,6,FALSE)) -> 0 | P103: 35
C104: 14 | E104: =IF(ISNA(VLOOKUP($E$101,'Val-Départ'!B14:W14,18,FALSE)),,VLOOKUP($E$101,'Val-Départ'!B14:W14,18,FALSE)) -> 0 | F104: =IF(ISNA(VLOOKUP($E$101,'Val-Départ'!Y14:AD14,6,FALSE)),,VLOOKUP($E$101,'Val-Départ'!Y14:AD14,6,FALSE)) -> 0 | M104: =IF(ISNA(VLOOKUP($M$101,'Val-Départ'!B36:AC36,35,FALSE)),,VLOOKUP($M$101,'Val-Départ'!B36:AC36,35,FALSE)) -> 0 | N104: =IF(ISNA(VLOOKUP($M$101,'Val-Départ'!AF36:AK36,6,FALSE)),,VLOOKUP($M$101,'Val-Départ'!AF36:AK36,6,FALSE)) -> 0 | P104: 36
C105: 15 | E105: =IF(ISNA(VLOOKUP($E$101,'Val-Départ'!B15:W15,18,FALSE)),,VLOOKUP($E$101,'Val-Départ'!B15:W15,18,FALSE)) -> 0 | F105: =IF(ISNA(VLOOKUP($E$101,'Val-Départ'!Y15:AD15,6,FALSE)),,VLOOKUP($E$101,'Val-Départ'!Y15:AD15,6,FALSE)) -> 0 | M105: =IF(ISNA(VLOOKUP($M$101,'Val-Départ'!B37:AC37,35,FALSE)),,VLOOKUP($M$101,'Val-Départ'!B37:AC37,35,FALSE)) -> 0 | N105: =IF(ISNA(VLOOKUP($M$101,'Val-Départ'!AF37:AK37,6,FALSE)),,VLOOKUP($M$101,'Val-Départ'!AF37:AK37,6,FALSE)) -> 0 | P105: 37
C106: 16 | E106: =IF(ISNA(VLOOKUP($E$101,'Val-Départ'!B16:W16,18,FALSE)),,VLOOKUP($E$101,'Val-Départ'!B16:W16,18,FALSE)) -> 0 | F106: =IF(ISNA(VLOOKUP($E$101,'Val-Départ'!Y16:AD16,6,FALSE)),,VLOOKUP($E$101,'Val-Départ'!Y16:AD16,6,FALSE)) -> 0 | M106: =IF(ISNA(VLOOKUP($M$101,'Val-Départ'!B38:AC38,35,FALSE)),,VLOOKUP($M$101,'Val-Départ'!B38:AC38,35,FALSE)) -> 0 | N106: =IF(ISNA(VLOOKUP($M$101,'Val-Départ'!AF38:AK38,6,FALSE)),,VLOOKUP($M$101,'Val-Départ'!AF38:AK38,6,FALSE)) -> 0 | P106: 38
C107: 17 | E107: =IF(ISNA(VLOOKUP($E$101,'Val-Départ'!B17:W17,18,FALSE)),,VLOOKUP($E$101,'Val-Départ'!B17:W17,18,FALSE)) -> 0 | F107: =IF(ISNA(VLOOKUP($E$101,'Val-Départ'!Y17:AD17,6,FALSE)),,VLOOKUP($E$101,'Val-Départ'!Y17:AD17,6,FALSE)) -> 0 | M107: =IF(ISNA(VLOOKUP($M$101,'Val-Départ'!B39:AC39,35,FALSE)),,VLOOKUP($M$101,'Val-Départ'!B39:AC39,35,FALSE)) -> 0 | N107: =IF(ISNA(VLOOKUP($M$101,'Val-Départ'!AF39:AK39,6,FALSE)),,VLOOKUP($M$101,'Val-Départ'!AF39:AK39,6,FALSE)) -> 0 | P107: 39
C108: 18 | E108: =IF(ISNA(VLOOKUP($E$101,'Val-Départ'!B18:W18,18,FALSE)),,VLOOKUP($E$101,'Val-Départ'!B18:W18,18,FALSE)) -> 0 | F108: =IF(ISNA(VLOOKUP($E$101,'Val-Départ'!Y18:AD18,6,FALSE)),,VLOOKUP($E$101,'Val-Départ'!Y18:AD18,6,FALSE)) -> 0 | M108: =IF(ISNA(VLOOKUP($M$101,'Val-Départ'!B40:AC40,35,FALSE)),,VLOOKUP($M$101,'Val-Départ'!B40:AC40,35,FALSE)) -> 0 | N108: =IF(ISNA(VLOOKUP($M$101,'Val-Départ'!AF40:AK40,6,FALSE)),,VLOOKUP($M$101,'Val-Départ'!AF40:AK40,6,FALSE)) -> 0 | P108: 40
C109: 19 | E109: =IF(ISNA(VLOOKUP($E$101,'Val-Départ'!B19:W19,18,FALSE)),,VLOOKUP($E$101,'Val-Départ'!B19:W19,18,FALSE)) -> 0 | F109: =IF(ISNA(VLOOKUP($E$101,'Val-Départ'!Y19:AD19,6,FALSE)),,VLOOKUP($E$101,'Val-Départ'!Y19:AD19,6,FALSE)) -> 0 | M109: =IF(ISNA(VLOOKUP($M$101,'Val-Départ'!B41:AC41,35,FALSE)),,VLOOKUP($M$101,'Val-Départ'!B41:AC41,35,FALSE)) -> 0 | N109: =IF(ISNA(VLOOKUP($M$101,'Val-Départ'!AF41:AK41,6,FALSE)),,VLOOKUP($M$101,'Val-Départ'!AF41:AK41,6,FALSE)) -> 0 | P109: 41
...

Sheet Bal.client-four
C2: Balance Client
C4: Numéro client | D4: Nom | E4: Total Débit | F4: Total Crédit | G4: Solde Débiteur | H4: Solde Créditeur
B5: 13 | C5: ='Liv-Four-client'!E12 -> C0001 | D5: ='Liv-Four-client'!F12 -> Nicolas | E5: ='Liv-Four-client'!E25 -> 1066.15 | F5: ='Liv-Four-client'!F25 -> 2565.91 | G5: =IF(E5>F5,E5-F5,0) -> 0 | H5: =IF(E5<F5,F5-E5,0) -> 1499.76
B6: 14 | C6: ='Liv-Four-client'!E29 -> C0002 | D6: ='Liv-Four-client'!F29 -> Vienneau | E6: ='Liv-Four-client'!E42 -> 758.12 | F6: ='Liv-Four-client'!F42 -> 1115.52 | G6: =IF(E6>F6,E6-F6,0) -> 0 | H6: =IF(E6<F6,F6-E6,0) -> 357.4
B7: 15 | C7: ='Liv-Four-client'!E45 -> C0003 | D7: ='Liv-Four-client'!F45 -> Jacques | E7: ='Liv-Four-client'!E57 -> 2142.03 | F7: ='Liv-Four-client'!F57 -> 0 | G7: =IF(E7>F7,E7-F7,0) -> 2142.03 | H7: =IF(E7<F7,F7-E7,0) -> 0
B8: 16 | C8: ='Liv-Four-client'!E60 -> 0 | D8: ='Liv-Four-client'!F60 | E8: ='Liv-Four-client'!E72 -> 0 | F8: ='Liv-Four-client'!F72 -> 0 | G8: =IF(E8>F8,E8-F8,0) -> 0 | H8: =IF(E8<F8,F8-E8,0) -> 0
B9: 17 | C9: ='Liv-Four-client'!E80 -> 0 | D9: ='Liv-Four-client'!F80 | E9: ='Liv-Four-client'!E93 -> 0 | F9: ='Liv-Four-client'!F93 -> 0 | G9: =IF(E9>F9,E9-F9,0) -> 0 | H9: =IF(E9<F9,F9-E9,0) -> 0
B10: 18 | C10: ='Liv-Four-client'!E101 -> 0 | D10: ='Liv-Four-client'!F101 | E10: ='Liv-Four-client'!E114 -> 0 | F10: ='Liv-Four-client'!F114 -> 0 | G10: =IF(E10>F10,E10-F10,0) -> 0 | H10: =IF(E10<F10,F10-E10,0) -> 0
B11: 19 | C11: ='Liv-Four-client'!E119 -> 0 | D11: ='Liv-Four-client'!F114 -> 0 | E11: ='Liv-Four-client'!E132 -> 0 | F11: ='Liv-Four-client'!F132 -> 0 | G11: =IF(E11>F11,E11-F11,0) -> 0 | H11: =IF(E11<F11,F11-E11,0) -> 0
B12: 20 | C12: ='Liv-Four-client'!E136 -> 0 | D12: ='Liv-Four-client'!F136 | E12: ='Liv-Four-client'!E149 -> 0 | F12: ='Liv-Four-client'!F149 -> 0 | G12: =IF(E12>F12,E12-F12,0) -> 0 | H12: =IF(E12<F12,F12-E12,0) -> 0
B13: 21 | C13: ='Liv-Four-client'!E154 -> 0 | D13: ='Liv-Four-client'!F154 | E13: ='Liv-Four-client'!E167 -> 0 | F13: ='Liv-Four-client'!F167 -> 0 | G13: =IF(E13>F13,E13-F13,0) -> 0 | H13: =IF(E13<F13,F13-E13,0) -> 0
B14: 22 | C14: ='Liv-Four-client'!E171 -> 0 | D14: ='Liv-Four-client'!F171 | E14: ='Liv-Four-client'!E184 -> 0 | F14: ='Liv-Four-client'!F184 -> 0 | G14: =IF(E14>F14,E14-F14,0) -> 0 | H14: =IF(E14<F14,F14-E14,0) -> 0
B15: 23 | C15: ='Liv-Four-client'!E184 -> 0 | D15: ='Liv-Four-client'!F184 -> 0 | E15: ='Liv-Four-client'!E202 -> 0 | F15: ='Liv-Four-client'!F202 -> 0 | G15: =IF(E15>F15,E15-F15,0) -> 0 | H15: =IF(E15<F15,F15-E15,0) -> 0
C16: Total | E16: =SUM(E5:E8) -> 3966.3 | F16: =SUM(F5:F8) -> 3681.43 | G16: =SUM(G5:G8) -> 2142.03 | H16: =SUM(H5:H8) -> 1857.16
C18: 4ème vérification : total client (F10) = Grliv ACT-PAS (B69)
C21: Balance Fourniseur
C23: Nom | D23: Nom | E23: Total Débit | F23: Total Crédit | G23: Solde Débiteur | H23: Solde Créditeur
B24: 35 | C24: ='Liv-Four-client'!M12 -> F0001 | D24: ='Liv-Four-client'!N12 -> Feromat | E24: ='Liv-Four-client'!M25 -> 550 | F24: ='Liv-Four-client'!N25 -> 899.85 | G24: =IF(E24>F24,E24-F24,0) -> 0 | H24: =IF(E24<F24,F24-E24,0) -> 349.85
B25: 36 | C25: ='Liv-Four-client'!M29 -> F0002 | D25: ='Liv-Four-client'!N29 -> Durand | E25: ='Liv-Four-client'!M42 -> 550 | F25: ='Liv-Four-client'!N42 -> 2804.28 | G25: =IF(E25>F25,E25-F25,0) -> 0 | H25: =IF(E25<F25,F25-E25,0) -> 2254.28
B26: 37 | C26: ='Liv-Four-client'!M45 -> F0003 | D26: ='Liv-Four-client'!N45 -> Pierre | E26: ='Liv-Four-client'!M57 -> 550 | F26: ='Liv-Four-client'!N57 -> 1859.2 | G26: =IF(E26>F26,E26-F26,0) -> 0 | H26: =IF(E26<F26,F26-E26,0) -> 1309.2
B27: 38 | C27: ='Liv-Four-client'!M60 -> 0 | D27: ='Liv-Four-client'!N60 | E27: ='Liv-Four-client'!M72 -> 0 | F27: ='Liv-Four-client'!N72 -> 0 | G27: =IF(E27>F27,E27-F27,0) -> 0 | H27: =IF(E27<F27,F27-E27,0) -> 0
B28: 39 | C28: ='Liv-Four-client'!M80 -> 0 | D28: ='Liv-Four-client'!N80 | E28: ='Liv-Four-client'!M93 -> 0 | F28: ='Liv-Four-client'!N93 -> 0 | G28: =IF(E28>F28,E28-F28,0) -> 0 | H28: =IF(E28<F28,F28-E28,0) -> 0
B29: 40 | C29: ='Liv-Four-client'!M101 -> 0 | D29: ='Liv-Four-client'!N101 | E29: ='Liv-Four-client'!M114 -> 0 | F29: ='Liv-Four-client'!N114 -> 0 | G29: =IF(E29>F29,E29-F29,0) -> 0 | H29: =IF(E29<F29,F29-E29,0) -> 0
B30: 41 | C30: ='Liv-Four-client'!M119 -> 0 | D30: ='Liv-Four-client'!N119 | E30: ='Liv-Four-client'!M132 -> 0 | F30: ='Liv-Four-client'!N132 -> 0 | G30: =IF(E30>F30,E30-F30,0) -> 0 | H30: =IF(E30<F30,F30-E30,0) -> 0
B31: 42 | C31: ='Liv-Four-client'!M136 -> 0 | D31: ='Liv-Four-client'!N136 | E31: ='Liv-Four-client'!M149 -> 0 | F31: ='Liv-Four-client'!N149 -> 0 | G31: =IF(E31>F31,E31-F31,0) -> 0 | H31: =IF(E31<F31,F31-E31,0) -> 0
B32: 43 | C32: ='Liv-Four-client'!M154 -> 0 | D32: ='Liv-Four-client'!N154 | E32: ='Liv-Four-client'!M167 -> 0 | F32: ='Liv-Four-client'!N167 -> 0 | G32: =IF(E32>F32,E32-F32,0) -> 0 | H32: =IF(E32<F32,F32-E32,0) -> 0
B33: 44 | C33: ='Liv-Four-client'!M171 -> 0 | D33: ='Liv-Four-client'!N171 | E33: ='Liv-Four-client'!M184 -> 0 | F33: ='Liv-Four-client'!N184 -> 0 | G33: =IF(E33>F33,E33-F33,0) -> 0 | H33: =IF(E33<F33,F33-E33,0) -> 0
C34: ='Liv-Four-client'!M189 -> 0 | D34: ='Liv-Four-client'!N189 | E34: ='Liv-Four-client'!M202 -> 0 | F34: ='Liv-Four-client'!N202 -> 0 | G34: =IF(E34>F34,E34-F34,0) -> 0 | H34: =IF(E34<F34,F34-E34,0) -> 0
D36: =SUM(D24:D33) -> 0 | E36: =SUM(E24:E33) -> 1650 | F36: =SUM(F24:F33) -> 5563.33 | G36: =SUM(G24:G33) -> 0 | H36: =SUM(H24:H33) -> 3913.33
C39: 4ème vérification : total fourni (G22 ) = Gr liv ACT-PAS (M69)

Sheet Gr liv ACT-PAS
A1: GRAND livre compte ACTIF
B2: HTVA (D+) | N2: GRAND Livre compte PASSIF
A3: D+ | B3: 237 | C3: Outillage | D3: C-
A4: vi | B4: =IF(ISNA(VLOOKUP($C$3,'Val-Départ'!$J$3:$O$8,6,FALSE)),,VLOOKUP($C$3,'Val-Départ'!$J$3:$O$8,6,FALSE)) -> 0 | N4: D- | O4: 100 | P4: Capital | Q4: C+
A5: 35 | B5: =IF(ISNA(VLOOKUP($C$3,'Val-Départ'!G35:AA35,11,FALSE)),,VLOOKUP($C$3,'Val-Départ'!G35:AA35,11,FALSE)) -> 743.68 | O5: xxxxxxxx | P5: =IF(ISNA(VLOOKUP($P$4,'Val-Départ'!$T$3:$W$8,4,FALSE)),,VLOOKUP($P$4,'Val-Départ'!$T$3:$W$8,4,FALSE)) -> 12394.69 | Q5: vi
A6: 36 | B6: =IF(ISNA(VLOOKUP($C$3,'Val-Départ'!G36:AA36,11,FALSE)),,VLOOKUP($C$3,'Val-Départ'!G36:AA36,11,FALSE)) -> 0
A7: 37 | B7: =IF(ISNA(VLOOKUP($C$3,'Val-Départ'!G37:AA37,11,FALSE)),,VLOOKUP($C$3,'Val-Départ'!G37:AA37,11,FALSE)) -> 0
A8: 38 | B8: =IF(ISNA(VLOOKUP($C$3,'Val-Départ'!G38:AA38,11,FALSE)),,VLOOKUP($C$3,'Val-Départ'!G38:AA38,11,FALSE)) -> 0
A9: 39 | B9: =IF(ISNA(VLOOKUP($C$3,'Val-Départ'!G39:AA39,11,FALSE)),,VLOOKUP($C$3,'Val-Départ'!G39:AA39,11,FALSE)) -> 0
A10: 40 | B10: =IF(ISNA(VLOOKUP($C$3,'Val-Départ'!G40:AA40,11,FALSE)),,VLOOKUP($C$3,'Val-Départ'!G40:AA40,11,FALSE)) -> 0
A11: 41 | B11: =IF(ISNA(VLOOKUP($C$3,'Val-Départ'!G41:AA41,11,FALSE)),,VLOOKUP($C$3,'Val-Départ'!G41:AA41,11,FALSE)) -> 0
A12: 42 | B12: =IF(ISNA(VLOOKUP($C$3,'Val-Départ'!G42:AA42,11,FALSE)),,VLOOKUP($C$3,'Val-Départ'!G42:AA42,11,FALSE)) -> 0 | P12: 0
A13: 43 | B13: =IF(ISNA(VLOOKUP($C$3,'Val-Départ'!G43:AA43,11,FALSE)),,VLOOKUP($C$3,'Val-Départ'!G43:AA43,11,FALSE)) -> 0 | C13: 0 | P13: 0
A14: 8 | B14: =IF(ISNA(VLOOKUP($C$3,'Val-Départ'!G44:AA44,11,FALSE)),,VLOOKUP($C$3,'Val-Départ'!G44:AA44,11,FALSE)) -> 0 | C14: 0 | O14: =SUM(O11:O13) -> 0 | P14: =SUM(P5:P13) -> 12394.69
B15: =SUM(B4:B14) -> 743.68 | C15: =SUM(C5:C14) -> 0 | F15: sd | G15: =B15-C15 -> 743.68 | P15: =$P$14 -> 12394.69 | Q15: SC
B17: HTVA (D+) | N17: D- | O17: 170 | P17: Emprunt | Q17: C-
A18: D+ | B18: 231 | C18: Machine | D18: C- | O18: xxxxxxx | P18: =IF(ISNA(VLOOKUP($P$17,'Val-Départ'!$T$3:$W$8,4,FALSE)),,VLOOKUP($P$17,'Val-Départ'!$T$3:$W$8,4,FALSE)) -> 7436.81 | Q18: vi
A19: vi | B19: =IF(ISNA(VLOOKUP($C$18,'Val-Départ'!$J$3:$O$8,6,FALSE)),,VLOOKUP($C$18,'Val-Départ'!$J$3:$O8,6,FALSE)) -> 3470.51 | C19: xxxxxxxxxxx | P19: 0
A20: 35
A21: 36
A22: 37
A23: 38
A24: 39 | B24: =IF(ISNA(VLOOKUP($C$18,'Val-Départ'!G35:AA35,11,FALSE)),,VLOOKUP($C$18,'Val-Départ'!G35:AA35,11,FALSE)) -> 0 | P24: 0
A25: 40 | B25: =IF(ISNA(VLOOKUP($C$18,'Val-Départ'!G36:AA36,11,FALSE)),,VLOOKUP($C$18,'Val-Départ'!G36:AA36,11,FALSE)) -> 0 | P25: 0
A26: 41 | B26: =IF(ISNA(VLOOKUP($C$18,'Val-Départ'!G37:AA37,11,FALSE)),,VLOOKUP($C$18,'Val-Départ'!G37:AA37,11,FALSE)) -> 0 | O26: =SUM(O19:O25) -> 0 | P26: =SUM(P18:P25) -> 7436.81
A27: 42 | B27: =IF(ISNA(VLOOKUP($C$18,'Val-Départ'!G38:AA38,11,FALSE)),,VLOOKUP($C$18,'Val-Départ'!G38:AA38,11,FALSE)) -> 0 | C27: 0 | P27: =$P$26 -> 7436.81 | Q27: SC
A28: 43 | B28: =IF(ISNA(VLOOKUP($C$18,'Val-Départ'!G39:AA39,11,FALSE)),,VLOOKUP($C$18,'Val-Départ'!G39:AA39,11,FALSE)) -> 0 | C28: 0
A29: 8 | B29: =IF(ISNA(VLOOKUP($C$18,'Val-Départ'!G40:AA40,11,FALSE)),,VLOOKUP($C$18,'Val-Départ'!G40:AA40,11,FALSE)) -> 0 | C29: 0 | T29: Si je fais RECHERCHEV à partir du mot <<mobilier>> de la case E19
B30: =SUM(B19:B29) -> 3470.51 | C30: =SUM(C19:C29) -> 0 | F30: sd | G30: =B30-C30 -> 3470.51 | T30: recherche concidèrera (mobilier) comme 1er case
T31: 1395,67 sera donc à la 2ème case
B32: HTVA (D+)
A33: D+ | B33: 240 | C33: Mobilier | D33: C- | T33: 1395,67 est trouvé par : =rechercheV(E19;'Val-Départ'!E25:H32;2;FAUX)
A34: vi | B34: =IF(ISNA(VLOOKUP($C$33,'Val-Départ'!$T$3:$W$8,4,FALSE)),,VLOOKUP($C$33,'Val-Départ'!$T$3:$W$8,4,FALSE)) -> 1983.15 | C34: xxxxxxxxxx
A35: 35 | B35: =IF(ISNA(VLOOKUP(C$33,'Val-Départ'!G35:AA35,11,FALSE)),,VLOOKUP($C$33,'Val-Départ'!G35:AA35,11,FALSE)) -> 0
A36: 36 | B36: =IF(ISNA(VLOOKUP(C$33,'Val-Départ'!G36:AA36,11,FALSE)),,VLOOKUP($C$33,'Val-Départ'!G36:AA36,11,FALSE)) -> 0
A37: 37 | B37: =IF(ISNA(VLOOKUP(C$33,'Val-Départ'!G37:AA37,11,FALSE)),,VLOOKUP($C$33,'Val-Départ'!G37:AA37,11,FALSE)) -> 0
A38: 38 | B38: =IF(ISNA(VLOOKUP(C$33,'Val-Départ'!G38:AA38,11,FALSE)),,VLOOKUP($C$33,'Val-Départ'!G38:AA38,11,FALSE)) -> 0
A39: 39 | B39: =IF(ISNA(VLOOKUP(C$33,'Val-Départ'!G39:AA39,11,FALSE)),,VLOOKUP($C$33,'Val-Départ'!G39:AA39,11,FALSE)) -> 0
A40: 40 | B40: =IF(ISNA(VLOOKUP(C$33,'Val-Départ'!G40:AA40,11,FALSE)),,VLOOKUP($C$33,'Val-Départ'!G40:AA40,11,FALSE)) -> 0
A41: 41 | B41: =IF(ISNA(VLOOKUP(C$33,'Val-Départ'!G41:AA41,11,FALSE)),,VLOOKUP($C$33,'Val-Départ'!G41:AA41,11,FALSE)) -> 0
A42: 42 | B42: =IF(ISNA(VLOOKUP(C$33,'Val-Départ'!G42:AA42,11,FALSE)),,VLOOKUP($C$33,'Val-Départ'!G42:AA42,11,FALSE)) -> 0
A43: 43 | B43: =IF(ISNA(VLOOKUP(C$33,'Val-Départ'!G43:AA43,11,FALSE)),,VLOOKUP($C$33,'Val-Départ'!G43:AA43,11,FALSE)) -> 0
B44: =SUM(B34:B43) -> 1983.15 | C44: =SUM(C34:C43) -> 0 | F44: sd | G44: =B44-C44 -> 1983.15
B47: HTVA (D+)
A48: D+ | B48: 24100 | C48: Matériel-roul | D48: C-
A49: vi | B49: =IF(ISNA(VLOOKUP($C$38,'Val-Départ'!$T$3:$W$8,4,FALSE)),,VLOOKUP($C$48,'Val-Départ'!$T$3:$W$8,4,FALSE)) -> 0 | C49: xxxxxxxxxx
A50: 35 | B50: =IF(ISNA(VLOOKUP(C$48,'Val-Départ'!G35:AA35,11,FALSE)),,VLOOKUP($C$48,'Val-Départ'!G35:AA35,11,FALSE)) -> 0
A51: 36 | B51: =IF(ISNA(VLOOKUP(C$48,'Val-Départ'!G36:AA36,11,FALSE)),,VLOOKUP($C$48,'Val-Départ'!G36:AA36,11,FALSE)) -> 0
A52: 37 | B52: =IF(ISNA(VLOOKUP(C$48,'Val-Départ'!G37:AA37,11,FALSE)),,VLOOKUP($C$48,'Val-Départ'!G37:AA37,11,FALSE)) -> 0
A53: 38 | B53: =IF(ISNA(VLOOKUP(C$48,'Val-Départ'!G38:AA38,11,FALSE)),,VLOOKUP($C$48,'Val-Départ'!G38:AA38,11,FALSE)) -> 0
A54: 39 | B54: =IF(ISNA(VLOOKUP(C$48,'Val-Départ'!G39:AA39,11,FALSE)),,VLOOKUP($C$48,'Val-Départ'!G39:AA39,11,FALSE)) -> 0
A55: 40 | B55: =IF(ISNA(VLOOKUP(C$48,'Val-Départ'!G40:AA40,11,FALSE)),,VLOOKUP($C$48,'Val-Départ'!G40:AA40,11,FALSE)) -> 0 | H55: RECHERCHEV('Val-Départ'!F13;'Val-Départ'!F13:V13;14;FAUX )
A56: 41 | B56: =IF(ISNA(VLOOKUP(C$48,'Val-Départ'!G41:AA41,11,FALSE)),,VLOOKUP($C$48,'Val-Départ'!G41:AA41,11,FALSE)) -> 0
A57: 42 | B57: =IF(ISNA(VLOOKUP(C$48,'Val-Départ'!G42:AA42,11,FALSE)),,VLOOKUP($C$48,'Val-Départ'!G42:AA42,11,FALSE)) -> 0
A58: 43 | B58: =IF(ISNA(VLOOKUP(C$48,'Val-Départ'!G43:AA43,11,FALSE)),,VLOOKUP($C$48,'Val-Départ'!G43:AA43,11,FALSE)) -> 0
B59: =IF(ISNA(VLOOKUP(C$48,'Val-Départ'!G44:AA44,11,FALSE)),,VLOOKUP($C$48,'Val-Départ'!G44:AA44,11,FALSE)) -> 0
B60: =SUM(B49:B59) -> 0 | C60: =SUM(C50:C59) -> 0 | F60: sd | G60: =$B$60-$C$60 -> 0
A63: D+ | B63: 24100 | C63: Stocks | D63: C-
A64: vi | B64: =IF(ISNA(VLOOKUP($C$63,'Val-Départ'!$J$3:$O$8,6,FALSE)),,VLOOKUP($C$63,'Val-Départ'!$J$3:$O$8,6,FALSE)) -> 6197.34 | C64: xxxxxxxxxx
A65: 35 | B65: =IF(ISNA(VLOOKUP(C$48,'Val-Départ'!G50:AA50,11,FALSE)),,VLOOKUP($C$48,'Val-Départ'!G50:AA50,11,FALSE)) -> 0
A66: 36 | B66: =IF(ISNA(VLOOKUP(C$48,'Val-Départ'!G51:AA51,11,FALSE)),,VLOOKUP($C$48,'Val-Départ'!G51:AA51,11,FALSE)) -> 0
A67: 37 | B67: =IF(ISNA(VLOOKUP(C$48,'Val-Départ'!G52:AA52,11,FALSE)),,VLOOKUP($C$48,'Val-Départ'!G52:AA52,11,FALSE)) -> 0
A68: 38 | B68: =IF(ISNA(VLOOKUP(C$48,'Val-Départ'!G53:AA53,11,FALSE)),,VLOOKUP($C$48,'Val-Départ'!G53:AA53,11,FALSE)) -> 0
A69: 39 | B69: =IF(ISNA(VLOOKUP(C$48,'Val-Départ'!G54:AA54,11,FALSE)),,VLOOKUP($C$48,'Val-Départ'!G54:AA54,11,FALSE)) -> 0
A70: 40 | B70: =IF(ISNA(VLOOKUP(C$48,'Val-Départ'!G55:AA55,11,FALSE)),,VLOOKUP($C$48,'Val-Départ'!G55:AA55,11,FALSE)) -> 0
A71: 41 | B71: =IF(ISNA(VLOOKUP(C$48,'Val-Départ'!G56:AA56,11,FALSE)),,VLOOKUP($C$48,'Val-Départ'!G56:AA56,11,FALSE)) -> 0
A72: 42 | B72: =IF(ISNA(VLOOKUP(C$48,'Val-Départ'!G57:AA57,11,FALSE)),,VLOOKUP($C$48,'Val-Départ'!G57:AA57,11,FALSE)) -> 0
A73: 43 | B73: =IF(ISNA(VLOOKUP(C$48,'Val-Départ'!G58:AA58,11,FALSE)),,VLOOKUP($C$48,'Val-Départ'!G58:AA58,11,FALSE)) -> 0
B74: =SUM(B64:B73) -> 6197.34 | C74: =SUM(C65:C73) -> 0 | G74: =(B74-C74) -> 6197.34
A77: Fact clients | C77: ext Bq clients | G77: CLIENTS TVA | O77: Jour-finan-Fourn | P77: jour achats (fourn) | V77: fournisseurs TVA
B78: tout TVAC | C78: tout TVAC | O78: Ext banq fourn | P78: fact fourn
A79: Valeur de départ | H79: tva non marchand | O79: TVAC | P79: TVAC | W79: non marchandise
A80: D+ | B80: 400 | C80: client | D80: C- | F80: D+ | G80: 4510 | H80: TVA due | N80: D- | O80: 440 | P80: Fournisseur | Q80: C+ | U80: D- | V80: 4110 | W80: TVA récup | X80: C+ | AE80: D- | AF80: 4110 | AG80: TVA Régul. | AH80: C+
A81: vi | B81: =IF(ISNA(VLOOKUP($C$80,'Val-Départ'!$J$6:$W$12,6,FALSE)),,VLOOKUP($C$80,'Val-Départ'!$J$6:$W$12,6,FALSE)) -> 3966.3 | C81: xxxxxxxxxxx | O81: xxxxxxxxx | P81: =IF(ISNA(VLOOKUP($P$80,'Val-Départ'!$T$3:$W$8,4,FALSE)),,VLOOKUP($P$80,'Val-Départ'!$T$3:$W$8,4,FALSE)) -> 2974.72 | Q81: vi
A82: 13 | B82: =IF(('Val-Départ'!G13<>"note de crédit"),VLOOKUP('Val-Départ'!G13,'Val-Départ'!G13:W13,14,FALSE ),VLOOKUP('Val-Départ'!G13,'Val-Départ'!G13:W13,14,FALSE)) -> 1499.7587 | C82: =IF(ISNA(VLOOKUP('Val-Départ'!B13, 'Val-Départ'!B13:AD13, 28, FALSE)), , VLOOKUP( 'Val-Départ'!B13, 'Val-Départ'!B13:AD13, 28, FALSE)) -> 550 | H82: =IF(ISNA(VLOOKUP('Val-Départ'!B13, 'Val-Départ'!B13:W25, 19, FALSE)), , VLOOKUP( 'Val-Départ'!B13, 'Val-Départ'!B13:W25, 19, FALSE)) -> 1499.7587 | I82: 13 | O82: =IF(ISNA(VLOOKUP('Val-Départ'!B35, 'Val-Départ'!B35:AK35, 35, FALSE)), , VLOOKUP( 'Val-Départ'!B35, 'Val-Départ'!B35:AK35, 35, FALSE)) -> 550 | P82: =IF(ISNA(VLOOKUP('Val-Départ'!B35, 'Val-Départ'!B35:AA43, 24, FALSE)), , VLOOKUP( 'Val-Départ'!B35, 'Val-Départ'!B35:AA43, 24, FALSE)) -> 0 | Q82: 35 | T82: 35 | V82: =IF(('Val-Départ'!G35="note de crédit"),VLOOKUP('Val-Départ'!G35,'Val-Départ'!G35:AA35,17,FALSE ),VLOOKUP('Val-Départ'!G35,'Val-Départ'!G35:AA35,17,FALSE)) -> 0 | W82: =IF(('Val-Départ'!G35="Marchandise"),VLOOKUP('Val-Départ'!G35,'Val-Départ'!G35:AA35,18,FALSE),"")
A83: 14 | B83: =IF(('Val-Départ'!G14<>"note de crédit"),VLOOKUP('Val-Départ'!G14,'Val-Départ'!G14:W14,14,FALSE ),VLOOKUP('Val-Départ'!G14,'Val-Départ'!G14:W14,14,FALSE)) -> 1115.5232 | C83: =IF(ISNA(VLOOKUP('Val-Départ'!B14, 'Val-Départ'!B14:AD14, 28, FALSE)), , VLOOKUP( 'Val-Départ'!B14, 'Val-Départ'!B14:AD14, 28, FALSE)) -> 550 | H83: =IF(ISNA(VLOOKUP('Val-Départ'!B14, 'Val-Départ'!B14:W26, 19, FALSE)), , VLOOKUP( 'Val-Départ'!B14, 'Val-Départ'!B14:W26, 19, FALSE)) -> 1115.5232 | I83: 14 | J83: nc | O83: =IF(ISNA(VLOOKUP('Val-Départ'!B36, 'Val-Départ'!B36:AK36, 35, FALSE)), , VLOOKUP( 'Val-Départ'!B36, 'Val-Départ'!B36:AK36, 35, FALSE)) -> 550 | P83: =IF(ISNA(VLOOKUP('Val-Départ'!B36, 'Val-Départ'!B36:AA44, 24, FALSE)), , VLOOKUP( 'Val-Départ'!B36, 'Val-Départ'!B36:AA44, 24, FALSE)) -> 0 | Q83: 36 | T83: 36 | V83: =IF(('Val-Départ'!G36="note de crédit"),VLOOKUP('Val-Départ'!G36,'Val-Départ'!G36:AA36,17,FALSE ),VLOOKUP('Val-Départ'!G36,'Val-Départ'!G36:AA36,17,FALSE)) -> 0 | W83: =IF(('Val-Départ'!G36="Marchandise"),VLOOKUP('Val-Départ'!G36,'Val-Départ'!G36:AA36,18,FALSE),"") -> 293.0907
A84: 15 | B84: =IF(('Val-Départ'!G15<>"note de crédit"),VLOOKUP('Val-Départ'!G15,'Val-Départ'!G15:W15,14,FALSE ),VLOOKUP('Val-Départ'!G15,'Val-Départ'!G15:W15,14,FALSE)) -> 0 | C84: =IF(ISNA(VLOOKUP('Val-Départ'!B15, 'Val-Départ'!B15:AD15, 28, FALSE)), , VLOOKUP( 'Val-Départ'!B15, 'Val-Départ'!B15:AD15, 28, FALSE)) -> 550 | D84: ok | H84: =IF(ISNA(VLOOKUP('Val-Départ'!B15, 'Val-Départ'!B15:W27, 19, FALSE)), , VLOOKUP( 'Val-Départ'!B15, 'Val-Départ'!B15:W27, 19, FALSE)) -> 0 | I84: 15 | O84: =IF(ISNA(VLOOKUP('Val-Départ'!B37, 'Val-Départ'!B37:AK37, 35, FALSE)), , VLOOKUP( 'Val-Départ'!B37, 'Val-Départ'!B37:AK37, 35, FALSE)) -> 550 | P84: =IF(ISNA(VLOOKUP('Val-Départ'!B37, 'Val-Départ'!B37:AA45, 24, FALSE)), , VLOOKUP( 'Val-Départ'!B37, 'Val-Départ'!B37:AA45, 24, FALSE)) -> 0 | Q84: 37 | T84: 37 | V84: =IF(('Val-Départ'!G37="note de crédit"),VLOOKUP('Val-Départ'!G37,'Val-Départ'!G37:AA37,17,FALSE ),VLOOKUP('Val-Départ'!G37,'Val-Départ'!G37:AA37,17,FALSE)) -> 0 | W84: =IF(('Val-Départ'!G37="Marchandise"),"",VLOOKUP('Val-Départ'!G37,'Val-Départ'!G37:AA37,18,FALSE))
A85: 16 | B85: =IF(('Val-Départ'!G16<>"note de crédit"),VLOOKUP('Val-Départ'!G16,'Val-Départ'!G16:W16,14,FALSE ),VLOOKUP('Val-Départ'!G16,'Val-Départ'!G16:W16,14,FALSE)) -> 0 | C85: =IF(ISNA(VLOOKUP('Val-Départ'!B16, 'Val-Départ'!B16:AD16, 28, FALSE)), , VLOOKUP( 'Val-Départ'!B16, 'Val-Départ'!B16:AD16, 28, FALSE)) -> 0 | H85: =IF(ISNA(VLOOKUP('Val-Départ'!B16, 'Val-Départ'!B16:W28, 19, FALSE)), , VLOOKUP( 'Val-Départ'!B16, 'Val-Départ'!B16:W28, 19, FALSE)) -> 0 | I85: 16 | O85: =IF(ISNA(VLOOKUP('Val-Départ'!B38, 'Val-Départ'!B38:AK38, 35, FALSE)), , VLOOKUP( 'Val-Départ'!B38, 'Val-Départ'!B38:AK38, 35, FALSE)) -> 0 | P85: =IF(ISNA(VLOOKUP('Val-Départ'!B38, 'Val-Départ'!B38:AA46, 24, FALSE)), , VLOOKUP( 'Val-Départ'!B38, 'Val-Départ'!B38:AA46, 24, FALSE)) -> 0 | Q85: 38 | T85: 38 | V85: =IF(('Val-Départ'!G38="note de crédit"),VLOOKUP('Val-Départ'!G38,'Val-Départ'!G38:AA38,17,FALSE ),VLOOKUP('Val-Départ'!G38,'Val-Départ'!G38:AA38,17,FALSE)) -> 0 | W85: =IF(('Val-Départ'!G38="Marchandise"),"",VLOOKUP('Val-Départ'!G38,'Val-Départ'!G38:AA38,18,FALSE))
A86: 17 | B86: =IF(('Val-Départ'!G17<>"note de crédit"),VLOOKUP('Val-Départ'!G17,'Val-Départ'!G17:W17,14,FALSE ),VLOOKUP('Val-Départ'!G17,'Val-Départ'!G17:W17,14,FALSE)) -> 0 | C86: =IF(ISNA(VLOOKUP('Val-Départ'!B17, 'Val-Départ'!B17:AD17, 28, FALSE)), , VLOOKUP( 'Val-Départ'!B17, 'Val-Départ'!B17:AD17, 28, FALSE)) -> 0 | H86: =IF(ISNA(VLOOKUP('Val-Départ'!B17, 'Val-Départ'!B17:W29, 19, FALSE)), , VLOOKUP( 'Val-Départ'!B17, 'Val-Départ'!B17:W29, 19, FALSE)) -> 0 | I86: 17 | O86: =IF(ISNA(VLOOKUP('Val-Départ'!B39, 'Val-Départ'!B39:AK39, 35, FALSE)), , VLOOKUP( 'Val-Départ'!B39, 'Val-Départ'!B39:AK39, 35, FALSE)) -> 0 | P86: =IF(ISNA(VLOOKUP('Val-Départ'!B39, 'Val-Départ'!B39:AA47, 24, FALSE)), , VLOOKUP( 'Val-Départ'!B39, 'Val-Départ'!B39:AA47, 24, FALSE)) -> 0 | Q86: 39 | T86: 39 | V86: =IF(('Val-Départ'!G39="note de crédit"),VLOOKUP('Val-Départ'!G39,'Val-Départ'!G39:AA39,17,FALSE ),VLOOKUP('Val-Départ'!G39,'Val-Départ'!G39:AA39,17,FALSE)) -> 0 | W86: =IF(('Val-Départ'!G39="Marchandise"),"",VLOOKUP('Val-Départ'!G39,'Val-Départ'!G39:AA39,18,FALSE)) -> 0
A87: 18 | B87: =IF(('Val-Départ'!G18<>"note de crédit"),VLOOKUP('Val-Départ'!G18,'Val-Départ'!G18:W18,14,FALSE ),VLOOKUP('Val-Départ'!G18,'Val-Départ'!G18:W18,14,FALSE)) -> 0 | C87: =IF(ISNA(VLOOKUP('Val-Départ'!B18, 'Val-Départ'!B18:AD18, 28, FALSE)), , VLOOKUP( 'Val-Départ'!B18, 'Val-Départ'!B18:AD18, 28, FALSE)) -> 0 | H87: =IF(ISNA(VLOOKUP('Val-Départ'!B18, 'Val-Départ'!B18:W30, 19, FALSE)), , VLOOKUP( 'Val-Départ'!B18, 'Val-Départ'!B18:W30, 19, FALSE)) -> 0 | I87: 18 | O87: =IF(ISNA(VLOOKUP('Val-Départ'!B40, 'Val-Départ'!B40:AK40, 35, FALSE)), , VLOOKUP( 'Val-Départ'!B40, 'Val-Départ'!B40:AK40, 35, FALSE)) -> 0 | P87: =IF(ISNA(VLOOKUP('Val-Départ'!B40, 'Val-Départ'!B40:AA48, 24, FALSE)), , VLOOKUP( 'Val-Départ'!B40, 'Val-Départ'!B40:AA48, 24, FALSE)) -> 0 | Q87: 40 | T87: 40 | V87: =IF(('Val-Départ'!G40="note de crédit"),VLOOKUP('Val-Départ'!G40,'Val-Départ'!G40:AA40,16,FALSE ),VLOOKUP('Val-Départ'!G40,'Val-Départ'!G40:AA40,16,FALSE)) -> 0 | W87: =IF(('Val-Départ'!G40="Marchandise"),"",VLOOKUP('Val-Départ'!G40,'Val-Départ'!G40:AA40,18,FALSE)) -> 0 | X87: NC
A88: 19 | B88: =IF(('Val-Départ'!G19<>"note de crédit"),VLOOKUP('Val-Départ'!G19,'Val-Départ'!G19:W19,14,FALSE ),VLOOKUP('Val-Départ'!G19,'Val-Départ'!G19:W19,14,FALSE)) -> 0 | C88: =IF(ISNA(VLOOKUP('Val-Départ'!B19, 'Val-Départ'!B19:AD19, 28, FALSE)), , VLOOKUP( 'Val-Départ'!B19, 'Val-Départ'!B19:AD19, 28, FALSE)) -> 0 | D88: ok | H88: =IF(ISNA(VLOOKUP('Val-Départ'!B19, 'Val-Départ'!B19:W31, 19, FALSE)), , VLOOKUP( 'Val-Départ'!B19, 'Val-Départ'!B19:W31, 19, FALSE)) -> 0 | I88: 19 | O88: =IF(ISNA(VLOOKUP('Val-Départ'!B41, 'Val-Départ'!B41:AK41, 35, FALSE)), , VLOOKUP( 'Val-Départ'!B41, 'Val-Départ'!B41:AK41, 35, FALSE)) -> 0 | P88: =IF(ISNA(VLOOKUP('Val-Départ'!B41, 'Val-Départ'!B41:AA49, 24, FALSE)), , VLOOKUP( 'Val-Départ'!B41, 'Val-Départ'!B41:AA49, 24, FALSE)) -> 0 | Q88: 41 | T88: 41 | V88: =IF(('Val-Départ'!G41="note de crédit"),VLOOKUP('Val-Départ'!G41,'Val-Départ'!G41:AA41,17,FALSE ),VLOOKUP('Val-Départ'!G41,'Val-Départ'!G41:AA41,17,FALSE)) -> 0 | W88: =IF(('Val-Départ'!G41="Marchandise"),"",VLOOKUP('Val-Départ'!G41,'Val-Départ'!G41:AA41,18,FALSE)) -> 0
A89: 20 | B89: =IF(('Val-Départ'!G20<>"note de crédit"),VLOOKUP('Val-Départ'!G20,'Val-Départ'!G20:W20,14,FALSE ),VLOOKUP('Val-Départ'!G20,'Val-Départ'!G20:W20,14,FALSE)) -> 0 | C89: =IF(ISNA(VLOOKUP('Val-Départ'!B20, 'Val-Départ'!B20:AD20, 28, FALSE)), , VLOOKUP( 'Val-Départ'!B20, 'Val-Départ'!B20:AD20, 28, FALSE)) -> 0 | D89: ok | H89: =IF(ISNA(VLOOKUP('Val-Départ'!B20, 'Val-Départ'!B20:W32, 19, FALSE)), , VLOOKUP( 'Val-Départ'!B20, 'Val-Départ'!B20:W32, 19, FALSE)) -> 0 | I89: 20 | O89: =IF(ISNA(VLOOKUP('Val-Départ'!B42, 'Val-Départ'!B42:AK42, 35, FALSE)), , VLOOKUP( 'Val-Départ'!B42, 'Val-Départ'!B42:AK42, 35, FALSE)) -> 0 | P89: =IF(ISNA(VLOOKUP('Val-Départ'!B42, 'Val-Départ'!B42:AA50, 24, FALSE)), , VLOOKUP( 'Val-Départ'!B42, 'Val-Départ'!B42:AA50, 24, FALSE)) -> 0 | Q89: 42 | T89: 42 | V89: =IF(('Val-Départ'!G42="note de crédit"),VLOOKUP('Val-Départ'!G42,'Val-Départ'!G42:AA42,17,FALSE ),VLOOKUP('Val-Départ'!G42,'Val-Départ'!G42:AA42,17,FALSE)) -> 0 | W89: =IF(('Val-Départ'!G42="Marchandise"),"",VLOOKUP('Val-Départ'!G42,'Val-Départ'!G42:AA42,18,FALSE)) -> 0
A90: 21 | B90: =IF(('Val-Départ'!G21<>"note de crédit"),VLOOKUP('Val-Départ'!G21,'Val-Départ'!G21:W21,14,FALSE ),VLOOKUP('Val-Départ'!G21,'Val-Départ'!G21:W21,14,FALSE)) -> 0 | C90: =IF(ISNA(VLOOKUP('Val-Départ'!B21, 'Val-Départ'!B21:AD21, 28, FALSE)), , VLOOKUP( 'Val-Départ'!B21, 'Val-Départ'!B21:AD21, 28, FALSE)) -> 0 | H90: =IF(ISNA(VLOOKUP('Val-Départ'!B21, 'Val-Départ'!B21:W33, 19, FALSE)), , VLOOKUP( 'Val-Départ'!B21, 'Val-Départ'!B21:W33, 19, FALSE)) -> 0 | I90: 21 | O90: =IF(ISNA(VLOOKUP('Val-Départ'!B43, 'Val-Départ'!B43:AK43, 35, FALSE)), , VLOOKUP( 'Val-Départ'!B43, 'Val-Départ'!B43:AK43, 35, FALSE)) -> 0 | P90: =IF(ISNA(VLOOKUP('Val-Départ'!B43, 'Val-Départ'!B43:AA51, 24, FALSE)), , VLOOKUP( 'Val-Départ'!B43, 'Val-Départ'!B43:AA51, 24, FALSE)) -> 0 | Q90: 43 | T90: 43 | V90: =IF(('Val-Départ'!G43="note de crédit"),VLOOKUP('Val-Départ'!G43,'Val-Départ'!G43:AA43,17,FALSE ),VLOOKUP('Val-Départ'!G43,'Val-Départ'!G43:AA43,17,FALSE)) -> 0 | W90: =IF(('Val-Départ'!G43="Marchandise"),"",VLOOKUP('Val-Départ'!G43,'Val-Départ'!G43:AA43,18,FALSE)) -> 0
A91: 22 | B91: =IF(('Val-Départ'!G22<>"note de crédit"),VLOOKUP('Val-Départ'!G22,'Val-Départ'!G22:W22,14,FALSE ),VLOOKUP('Val-Départ'!G22,'Val-Départ'!G22:W22,14,FALSE)) -> 0 | C91: =IF(ISNA(VLOOKUP('Val-Départ'!B22, 'Val-Départ'!B22:AD22, 28, FALSE)), , VLOOKUP( 'Val-Départ'!B22, 'Val-Départ'!B22:AD22, 28, FALSE)) -> 0 | D91: ok | H91: =IF(ISNA(VLOOKUP('Val-Départ'!B22, 'Val-Départ'!B22:W34, 19, FALSE)), , VLOOKUP( 'Val-Départ'!B22, 'Val-Départ'!B22:W34, 19, FALSE)) -> 0 | I91: 22 | O91: =IF(ISNA(VLOOKUP('Val-Départ'!B44, 'Val-Départ'!B44:AK44, 35, FALSE)), , VLOOKUP( 'Val-Départ'!B44, 'Val-Départ'!B44:AK44, 35, FALSE)) -> 0 | P91: =IF(ISNA(VLOOKUP('Val-Départ'!B44, 'Val-Départ'!B44:AA52, 24, FALSE)), , VLOOKUP( 'Val-Départ'!B44, 'Val-Départ'!B44:AA52, 24, FALSE)) -> 0 | Q91: 44 | T91: 44 | V91: =IF(('Val-Départ'!G44="note de crédit"),VLOOKUP('Val-Départ'!G44,'Val-Départ'!G44:AA44,17,FALSE ),VLOOKUP('Val-Départ'!G44,'Val-Départ'!G44:AA44,17,FALSE)) -> 0 | W91: =IF(('Val-Départ'!G44="Marchandise"),"",VLOOKUP('Val-Départ'!G44,'Val-Départ'!G44:AA44,18,FALSE)) -> 0
A92: 23 | B92: =IF(('Val-Départ'!G23<>"note de crédit"),VLOOKUP('Val-Départ'!G23,'Val-Départ'!G23:W23,14,FALSE ),VLOOKUP('Val-Départ'!G23,'Val-Départ'!G23:W23,14,FALSE)) -> 0 | C92: =IF(ISNA(VLOOKUP('Val-Départ'!B23, 'Val-Départ'!B23:AD23, 28, FALSE)), , VLOOKUP( 'Val-Départ'!B23, 'Val-Départ'!B23:AD23, 28, FALSE)) -> 0 | D92: ok | H92: =IF(ISNA(VLOOKUP('Val-Départ'!B23, 'Val-Départ'!B23:W35, 19, FALSE)), , VLOOKUP( 'Val-Départ'!B23, 'Val-Départ'!B23:W35, 19, FALSE)) -> 0 | I92: 23 | O92: =IF(ISNA(VLOOKUP('Val-Départ'!B45, 'Val-Départ'!B45:AK45, 35, FALSE)), , VLOOKUP( 'Val-Départ'!B45, 'Val-Départ'!B45:AK45, 35, FALSE)) -> 0 | P92: =IF(ISNA(VLOOKUP('Val-Départ'!B45, 'Val-Départ'!B45:AA53, 24, FALSE)), , VLOOKUP( 'Val-Départ'!B45, 'Val-Départ'!B45:AA53, 24, FALSE)) -> 0
C93: =IF(ISNA(VLOOKUP('Val-Départ'!B24, 'Val-Départ'!B24:AD24, 28, FALSE)), , VLOOKUP( 'Val-Départ'!B24, 'Val-Départ'!B24:AD24, 28, FALSE)) -> 0 | E93: 16 | H93: =IF(ISNA(VLOOKUP('Val-Départ'!B24, 'Val-Départ'!B24:U32, 14, FALSE)), , VLOOKUP( 'Val-Départ'!B24, 'Val-Départ'!B24:U32, 14, FALSE)) -> 0 | P93: =IF(ISNA(VLOOKUP('Val-Départ'!B46, 'Val-Départ'!B46:AA54, 24, FALSE)), , VLOOKUP( 'Val-Départ'!B46, 'Val-Départ'!B46:AA54, 24, FALSE)) -> 0
H94: =SUM(H82:H93) -> 2615.2819 | O94: =SUM(O82:O93) -> 1650 | P94: =SUM(P81:P93) -> 2974.72 | W94: =IF(('Val-Départ'!G46=""),"",VLOOKUP('Val-Départ'!G46,'Val-Départ'!G45:AA45,7,FALSE)) -> #N/A
P95: =P94-O94 -> 1324.72 | Q95: SC | S95: =P95 -> 1324.72 | U95: =Q95 -> SC | W95: =IF(('Val-Départ'!#REF!=""),"",VLOOKUP('Val-Départ'!#REF!,'Val-Départ'!G46:AM46,7,FALSE)) -> #REF!
H96: différence entre Bq client et Bq fourn | M96: =(C98-O94) -> 0 | W96: =SUM(W82:W95) -> #N/A
A98: D+ | B98: =SUM(B81:B97) -> 6581.5819 | C98: =SUM(C82:C97) -> 1650 | D98: C- | F98: SD | G98: =B98-C98 -> 4931.5819
A101: Jour finan-Bq | C101: Jour-finan-Bq
A102: viens clients (C-) | C102: viens fourn (D-)
B103: Tout TVAC
A104: D+ | B104: 550 | C104: Banque | D104: C-
A105: vi | B105: =IF(ISNA(VLOOKUP($C$104,'Val-Départ'!$T$3:$W$8,4,FALSE)),,VLOOKUP($C$104,'Val-Départ'!$T$3:$W$8,4,FALSE)) -> 4338.14 | C105: xxxxxxxxxx
A106: 35 | B106: =C82 -> 550 | C106: =IF(ISNA(VLOOKUP('Val-Départ'!B35, 'Val-Départ'!B35:AK45, 35, FALSE)), , VLOOKUP( 'Val-Départ'!B35, 'Val-Départ'!B35:AK45, 35, FALSE)) -> 550
A107: 36 | B107: =C83 -> 550 | C107: =IF(ISNA(VLOOKUP('Val-Départ'!B36, 'Val-Départ'!B36:AK46, 35, FALSE)), , VLOOKUP( 'Val-Départ'!B36, 'Val-Départ'!B36:AK46, 35, FALSE)) -> 550
A108: 37 | B108: =C84 -> 550 | C108: =IF(ISNA(VLOOKUP('Val-Départ'!B37, 'Val-Départ'!B37:AK47, 35, FALSE)), , VLOOKUP( 'Val-Départ'!B37, 'Val-Départ'!B37:AK47, 35, FALSE)) -> 550
A109: 38 | B109: =C85 -> 0 | C109: =IF(ISNA(VLOOKUP('Val-Départ'!B38, 'Val-Départ'!B38:AK48, 35, FALSE)), , VLOOKUP( 'Val-Départ'!B38, 'Val-Départ'!B38:AK48, 35, FALSE)) -> 0
A110: 39 | B110: =C86 -> 0 | C110: =IF(ISNA(VLOOKUP('Val-Départ'!B39, 'Val-Départ'!B39:AK49, 35, FALSE)), , VLOOKUP( 'Val-Départ'!B39, 'Val-Départ'!B39:AK49, 35, FALSE)) -> 0
...

Sheet Jour. Achats-ventes
B2: Journal des VENTES du MOIS de : | G2: MARS
G3: TVAC | H3: HTVA
C4: N° PCMN | E4: CLIENTS 600 | H4: TVA
B5: N° de l'article | C5: N° du compte débité | D5: N° du compte crédité | G5: Montant Débit | H5: Montant crédit
C6: D | D6: C | G6: D | H6: C
D7: 700 | E7: Vente | F7: =IF(('Val-Départ'!G13=""),"",VLOOKUP('Val-Départ'!G13,'Val-Départ'!G13:L13,1,FALSE)) -> Emballage | H7: =IF(OR('Val-Départ'!G13="", 'Val-Départ'!G13=" note de crédit" ),"",VLOOKUP('Val-Départ'!G13,'Val-Départ'!G13:AA13,8,FALSE)) -> 1239.47
D8: 4510 | E8: Taxe | F8: TVA due | H8: =IF(('Val-Départ'!G13=""),"",VLOOKUP('Val-Départ'!G13,'Val-Départ'!G13:AA13,15,FALSE)) -> 260.2887
B9: =IF(('Val-Départ'!B13=""),"",VLOOKUP('Val-Départ'!B13,'Val-Départ'!B13:F13,1,FALSE)) -> C0001 | C9: 400 | E9: Client | F9: =IF(('Val-Départ'!B13=""),"",VLOOKUP('Val-Départ'!B13,'Val-Départ'!B13:F13,2,FALSE)) -> Nicolas | G9: =IF(OR('Val-Départ'!G13="", 'Val-Départ'!G13="note de crédit" ),"0",VLOOKUP('Val-Départ'!G13,'Val-Départ'!G13:AA13,14,FALSE)) -> 1499.7587 | J9: 13
E10: Vente | F10: =IF(('Val-Départ'!G14=""),"",VLOOKUP('Val-Départ'!G14,'Val-Départ'!G14:L14,1,FALSE)) -> Marchandise | H10: =IF(OR('Val-Départ'!G14="", 'Val-Départ'!G14=" note de crédit" ),"",VLOOKUP('Val-Départ'!G14,'Val-Départ'!G14:AA14,8,FALSE)) -> 921.92 | J10: 14
E11: Taxe | F11: TVA due | H11: =IF(('Val-Départ'!G14=""),"",VLOOKUP('Val-Départ'!G14,'Val-Départ'!G14:AA14,15,FALSE)) -> 193.6032 | J11: 15
B12: =IF(('Val-Départ'!B14=""),"",VLOOKUP('Val-Départ'!B14,'Val-Départ'!B14:F14,1,FALSE)) -> C0002 | E12: Client | F12: =IF(('Val-Départ'!B14=""),"",VLOOKUP('Val-Départ'!B14,'Val-Départ'!B14:F14,2,FALSE)) -> Vienneau | G12: =IF(OR('Val-Départ'!G14="", 'Val-Départ'!G14="note de crédit" ),"0",VLOOKUP('Val-Départ'!G14,'Val-Départ'!G14:AA14,14,FALSE)) -> 1115.5232 | J12: 16
E13: Vente | F13: =IF(('Val-Départ'!G15=""),"",VLOOKUP('Val-Départ'!G15,'Val-Départ'!G15:L15,1,FALSE)) -> 0 | H13: =IF(OR('Val-Départ'!G15="", 'Val-Départ'!G15=" note de crédit" ),"",VLOOKUP('Val-Départ'!G15,'Val-Départ'!G15:AA15,8,FALSE)) -> 0 | J13: 17
E14: Taxe | F14: TVA due | H14: =IF(('Val-Départ'!G15=""),"",VLOOKUP('Val-Départ'!G15,'Val-Départ'!G15:AA15,15,FALSE)) -> 0 | J14: 18
B15: =IF(('Val-Départ'!B15=""),"",VLOOKUP('Val-Départ'!B15,'Val-Départ'!B15:F15,1,FALSE)) -> C0003 | E15: Client | F15: =IF(('Val-Départ'!B15=""),"",VLOOKUP('Val-Départ'!B15,'Val-Départ'!B15:F15,2,FALSE)) -> Jacques | G15: =IF(OR('Val-Départ'!G15="", 'Val-Départ'!G15="note de crédit" ),"0",VLOOKUP('Val-Départ'!G15,'Val-Départ'!G15:AA15,14,FALSE)) -> 0 | J15: 19
E16: Vente | F16: =IF(('Val-Départ'!G16=""),"",VLOOKUP('Val-Départ'!G16,'Val-Départ'!G16:L16,1,FALSE)) -> 0 | H16: =IF(OR('Val-Départ'!G16="", 'Val-Départ'!G16=" note de crédit" ),"",VLOOKUP('Val-Départ'!G16,'Val-Départ'!G16:AA16,8,FALSE)) -> 0 | J16: 20
E17: Taxe | F17: TVA due | H17: =IF(('Val-Départ'!G16=""),"",VLOOKUP('Val-Départ'!G16,'Val-Départ'!G16:AA16,15,FALSE)) -> 0 | J17: 21
B18: =IF(('Val-Départ'!B16=""),"",VLOOKUP('Val-Départ'!B16,'Val-Départ'!B16:F16,1,FALSE)) | E18: Client | F18: =IF(('Val-Départ'!B16=""),"",VLOOKUP('Val-Départ'!B16,'Val-Départ'!B16:F16,2,FALSE)) | G18: =IF(OR('Val-Départ'!G16="", 'Val-Départ'!G16="note de crédit" ),"0",VLOOKUP('Val-Départ'!G16,'Val-Départ'!G16:AA16,14,FALSE)) -> 0 | J18: 22
E19: Vente | F19: =IF(('Val-Départ'!G17=""),"",VLOOKUP('Val-Départ'!G17,'Val-Départ'!G17:L17,1,FALSE)) -> Marchandise | H19: =IF(OR('Val-Départ'!G17="", 'Val-Départ'!G17=" note de crédit" ),"",VLOOKUP('Val-Départ'!G17,'Val-Départ'!G17:AA17,8,FALSE)) -> 0 | J19: 23
E20: Taxe | F20: TVA due | H20: =IF(('Val-Départ'!G17=""),"",VLOOKUP('Val-Départ'!G17,'Val-Départ'!G17:AA17,15,FALSE)) -> 0
B21: =IF(('Val-Départ'!B17=""),"",VLOOKUP('Val-Départ'!B17,'Val-Départ'!B17:F17,1,FALSE)) | E21: Client | F21: =IF(('Val-Départ'!B17=""),"",VLOOKUP('Val-Départ'!B17,'Val-Départ'!B17:F17,2,FALSE)) | G21: =IF(OR('Val-Départ'!G17="", 'Val-Départ'!G17="note de crédit" ),"0",VLOOKUP('Val-Départ'!G17,'Val-Départ'!G17:AA17,14,FALSE)) -> 0
E22: Vente | F22: =IF(('Val-Départ'!G18=""),"",VLOOKUP('Val-Départ'!G18,'Val-Départ'!G18:L18,1,FALSE)) -> 0 | H22: =IF(OR('Val-Départ'!G18="", 'Val-Départ'!G18=" note de crédit" ),"",VLOOKUP('Val-Départ'!G18,'Val-Départ'!G18:AA18,8,FALSE)) -> 0
E23: Taxe | F23: TVA due | H23: =IF(('Val-Départ'!G18=""),"",VLOOKUP('Val-Départ'!G18,'Val-Départ'!G18:AA18,15,FALSE)) -> 0
B24: =IF(('Val-Départ'!B18=""),"",VLOOKUP('Val-Départ'!B18,'Val-Départ'!B18:F18,1,FALSE)) | E24: Client | F24: =IF(('Val-Départ'!B18=""),"",VLOOKUP('Val-Départ'!B18,'Val-Départ'!B18:F18,2,FALSE)) | G24: =IF(OR('Val-Départ'!G18="", 'Val-Départ'!G18="note de crédit" ),"0",VLOOKUP('Val-Départ'!G18,'Val-Départ'!G18:AA18,14,FALSE)) -> 0
F25: =IF(('Val-Départ'!G19=""),"",VLOOKUP('Val-Départ'!G19,'Val-Départ'!G19:L19,1,FALSE)) -> 0 | H25: =IF(OR('Val-Départ'!G19="", 'Val-Départ'!G19=" note de crédit" ),"",VLOOKUP('Val-Départ'!G19,'Val-Départ'!G19:AA19,8,FALSE)) -> 0
E26: Taxe | F26: TVA due | H26: =IF(('Val-Départ'!G19=""),"",VLOOKUP('Val-Départ'!G19,'Val-Départ'!G19:AA19,15,FALSE)) -> 0
B27: =IF(('Val-Départ'!B19=""),"",VLOOKUP('Val-Départ'!B19,'Val-Départ'!B19:F19,1,FALSE)) | E27: Client | F27: =IF(('Val-Départ'!B19=""),"",VLOOKUP('Val-Départ'!B19,'Val-Départ'!B19:F19,2,FALSE)) | G27: =IF(OR('Val-Départ'!G19="", 'Val-Départ'!G19="note de crédit" ),"0",VLOOKUP('Val-Départ'!G19,'Val-Départ'!G19:AA19,14,FALSE)) -> 0
F28: =IF(('Val-Départ'!G20=""),"",VLOOKUP('Val-Départ'!G20,'Val-Départ'!G20:L20,1,FALSE)) -> 0 | H28: =IF(OR('Val-Départ'!G20="", 'Val-Départ'!G20=" note de crédit" ),"",VLOOKUP('Val-Départ'!G20,'Val-Départ'!G20:AA20,8,FALSE)) -> 0
E29: Taxe | F29: TVA due | H29: =IF(('Val-Départ'!G20=""),"",VLOOKUP('Val-Départ'!G20,'Val-Départ'!G20:AA20,15,FALSE)) -> 0
B30: =IF(('Val-Départ'!B20=""),"",VLOOKUP('Val-Départ'!B20,'Val-Départ'!B20:F20,1,FALSE)) | E30: Client | F30: =IF(('Val-Départ'!B20=""),"",VLOOKUP('Val-Départ'!B20,'Val-Départ'!B20:F20,2,FALSE)) | G30: =IF(OR('Val-Départ'!G20="", 'Val-Départ'!G20="note de crédit" ),"0",VLOOKUP('Val-Départ'!G20,'Val-Départ'!G20:AA20,14,FALSE)) -> 0
F31: =IF(('Val-Départ'!G21=""),"",VLOOKUP('Val-Départ'!G21,'Val-Départ'!G21:L21,1,FALSE)) -> 0 | H31: =IF(OR('Val-Départ'!G21="", 'Val-Départ'!G21=" note de crédit" ),"",VLOOKUP('Val-Départ'!G21,'Val-Départ'!G21:AA21,8,FALSE)) -> 0
E32: Taxe | F32: TVA due | H32: =IF(('Val-Départ'!G21=""),"",VLOOKUP('Val-Départ'!G21,'Val-Départ'!G21:AA21,15,FALSE)) -> 0
B33: =IF(('Val-Départ'!B21=""),"",VLOOKUP('Val-Départ'!B21,'Val-Départ'!B21:F21,1,FALSE)) | E33: Client | F33: =IF(('Val-Départ'!B21=""),"",VLOOKUP('Val-Départ'!B21,'Val-Départ'!B21:F21,2,FALSE)) | G33: =IF(OR('Val-Départ'!G21="", 'Val-Départ'!G21="note de crédit" ),"0",VLOOKUP('Val-Départ'!G21,'Val-Départ'!G21:AA21,14,FALSE)) -> 0
A34: 22 | F34: =IF(('Val-Départ'!G22=""),"",VLOOKUP('Val-Départ'!G22,'Val-Départ'!G22:L22,1,FALSE)) -> 0 | H34: =IF(OR('Val-Départ'!G22="", 'Val-Départ'!G22=" note de crédit" ),"",VLOOKUP('Val-Départ'!G22,'Val-Départ'!G22:AA22,8,FALSE)) -> 0
E35: Taxe | F35: TVA due | H35: =IF(('Val-Départ'!G22=""),"",VLOOKUP('Val-Départ'!G22,'Val-Départ'!G22:AA22,15,FALSE)) -> 0
B36: =IF(('Val-Départ'!B22=""),"",VLOOKUP('Val-Départ'!B22,'Val-Départ'!B22:F22,1,FALSE)) | E36: Client | F36: =IF(('Val-Départ'!B22=""),"",VLOOKUP('Val-Départ'!B22,'Val-Départ'!B22:F22,2,FALSE)) | G36: =IF(OR('Val-Départ'!G22="", 'Val-Départ'!G22="note de crédit" ),"0",VLOOKUP('Val-Départ'!G22,'Val-Départ'!G22:AA22,14,FALSE)) -> 0
A37: 23 | F37: =IF(('Val-Départ'!G23=""),"",VLOOKUP('Val-Départ'!G23,'Val-Départ'!G23:L23,1,FALSE)) -> 0 | H37: =IF(OR('Val-Départ'!G23="", 'Val-Départ'!G23=" note de crédit" ),"",VLOOKUP('Val-Départ'!G23,'Val-Départ'!G23:AA23,8,FALSE)) -> 0
E38: Taxe | F38: TVA due | H38: =IF(('Val-Départ'!G23=""),"",VLOOKUP('Val-Départ'!G23,'Val-Départ'!G23:AA23,15,FALSE)) -> 0
B39: =IF(('Val-Départ'!B23=""),"",VLOOKUP('Val-Départ'!B23,'Val-Départ'!B23:F23,1,FALSE)) | E39: Client | F39: =IF(('Val-Départ'!B23=""),"",VLOOKUP('Val-Départ'!B23,'Val-Départ'!B23:F23,2,FALSE)) | G39: =IF(OR('Val-Départ'!G23="", 'Val-Départ'!G23="note de crédit" ),"0",VLOOKUP('Val-Départ'!G23,'Val-Départ'!G23:AA23,14,FALSE)) -> 0
G40: =SUM(G9,G12,G15,G18,G21,G24,G27,G30,G33,G36,G39) -> 2615.2819 | H40: =SUM(H7,H10,H13,H16,H19,H22,H25,H28,H31,H34,H37) -> 2161.39 | I40: HTVA
H41: =SUM(H8,H11,H14,H17,H20,H23,H26,H29,H32,H35,H38) -> 453.8919 | I41: TVA due
G42: =SUM(G9:G39) -> 2615.2819 | H42: =SUM(H7:H39) -> 2615.2819 | I42: Tot
G99: cellule P
G100: cellule W
G101: HTVA | H101: cellule Y
G102: TVA | H102: TVAC
B103: journal des ACHATS du mois | F103: FOURNISSEURS | G103: Valeur de départ
B104: N° de l'article | C104: N° du compte débité | D104: N° du compte crédité | E104: Tous les fournisseurs 600 du MOIS uniquement | G104: montant débité | H104: montant crédité
A105: 35 | C105: 240 | E105: Achats | F105: =IF(('Val-Départ'!G35=""),"",VLOOKUP('Val-Départ'!G35,'Val-Départ'!G35:M35,1,FALSE)) -> outillage | G105: =IF(OR('Val-Départ'!G35="", 'Val-Départ'!G35="note de crédit" ),"0",VLOOKUP('Val-Départ'!G35,'Val-Départ'!G35:AB35,11,FALSE)) -> 743.68 | I105: 35
C106: 4110 | E106: TVA | F106: à récup | G106: =IF(OR('Val-Départ'!G35="", 'Val-Départ'!G35="prest.serv.", 'Val-Départ'!G35="Intracomm.", 'Val-Départ'!G35="note de crédit" ),"0",VLOOKUP('Val-Départ'!G35,'Val-Départ'!G35:AB35,18,FALSE)) -> 156.1728 | I106: 36
D107: 440 | E107: fournisseur | F107: =IF(('Val-Départ'!B35=""),"",VLOOKUP('Val-Départ'!B35,'Val-Départ'!B35:M35,2,FALSE)) -> Feromat | H107: =IF(OR('Val-Départ'!G35="", 'Val-Départ'!G35="note de crédit" ),"0",VLOOKUP('Val-Départ'!G35,'Val-Départ'!G35:AB35,20,FALSE)) -> 899.8528 | I107: 37
B108: ='[1]Val-Départ'!B26 -> F0074 | E108: libellé | F108: =IF(('Val-Départ'!B35=""),"",VLOOKUP('Val-Départ'!B35,'Val-Départ'!B35:M35,2,FALSE)) -> Feromat | I108: 38
A109: 36 | E109: Achats | F109: =IF(('Val-Départ'!G36=""),"",VLOOKUP('Val-Départ'!G36,'Val-Départ'!G36:M36,1,FALSE)) -> Marchandise | G109: =IF(OR('Val-Départ'!G36="", 'Val-Départ'!G36="note de crédit" ),"0",VLOOKUP('Val-Départ'!G36,'Val-Départ'!G36:AB36,8,FALSE)) -> 1395.67 | I109: 39
E110: TVA | F110: à récup | G110: =IF(OR('Val-Départ'!G36="", 'Val-Départ'!G36="prest.serv.", 'Val-Départ'!G36="Intracomm.", 'Val-Départ'!G36="note de crédit" ),"0",VLOOKUP('Val-Départ'!G36,'Val-Départ'!G36:AB36,18,FALSE)) -> 293.0907 | I110: 40
E111: fournisseur | F111: =IF(('Val-Départ'!B36=""),"",VLOOKUP('Val-Départ'!B36,'Val-Départ'!B36:M36,2,FALSE)) -> Durand | H111: =IF(OR('Val-Départ'!G36="", 'Val-Départ'!G36="note de crédit" ),"0",VLOOKUP('Val-Départ'!G36,'Val-Départ'!G36:AB36,20,FALSE)) -> 1688.7607 | I111: 41
B112: ='[1]Val-Départ'!B27 -> F0030 | E112: libellé | F112: =IF(('Val-Départ'!B36=""),"",VLOOKUP('Val-Départ'!B36,'Val-Départ'!B36:M36,2,FALSE)) -> Durand | I112: 42
A113: 37 | C113: 604 | E113: Achats | F113: =IF(('Val-Départ'!G37=""),"",VLOOKUP('Val-Départ'!G37,'Val-Départ'!G37:M37,1,FALSE)) -> Marchandise | G113: =IF(OR('Val-Départ'!G37="", 'Val-Départ'!G37="note de crédit" ),"0",VLOOKUP('Val-Départ'!G37,'Val-Départ'!G37:AB37,8,FALSE)) -> 0 | I113: 43 | J113: =IF(('Val-Départ'!B43=""),"",VLOOKUP('Val-Départ'!B43,'Val-Départ'!B43:M43,2,FALSE))
C114: 4110 | E114: TVA | F114: à récup. | G114: =IF(OR('Val-Départ'!G37="", 'Val-Départ'!G37="prest.serv.", 'Val-Départ'!G37="Intracomm.", 'Val-Départ'!G37="note de crédit" ),"0",VLOOKUP('Val-Départ'!G37,'Val-Départ'!G37:AB37,18,FALSE)) -> 0
D115: 440 | E115: fournisseur | F115: =IF(('Val-Départ'!B37=""),"",VLOOKUP('Val-Départ'!B37,'Val-Départ'!B37:M37,2,FALSE)) -> Pierre | H115: =IF(OR('Val-Départ'!G37="", 'Val-Départ'!G37="note de crédit" ),"0",VLOOKUP('Val-Départ'!G37,'Val-Départ'!G37:AB37,20,FALSE)) -> 0
B116: ='[1]Val-Départ'!B28 -> F0012 | E116: libellé | F116: =IF(('Val-Départ'!B37=""),"",VLOOKUP('Val-Départ'!B37,'Val-Départ'!B37:M37,2,FALSE)) -> Pierre
A117: 38 | C117: 604 | E117: Achats | F117: =IF(('Val-Départ'!G38=""),"",VLOOKUP('Val-Départ'!G38,'Val-Départ'!G38:M38,1,FALSE)) -> Marchandise | G117: =IF(OR('Val-Départ'!G38="", 'Val-Départ'!G38="note de crédit" ),"0",VLOOKUP('Val-Départ'!G38,'Val-Départ'!G38:AB38,8,FALSE)) -> 0
C118: 4110 | E118: TVA | G118: =IF(OR('Val-Départ'!G38="", 'Val-Départ'!G38="prest.serv.", 'Val-Départ'!G38="Intracomm.", 'Val-Départ'!G38="note de crédit" ),"0",VLOOKUP('Val-Départ'!G38,'Val-Départ'!G38:AB38,18,FALSE)) -> 0
E119: fournisseur | F119: =IF(('Val-Départ'!B38=""),"",VLOOKUP('Val-Départ'!B38,'Val-Départ'!B38:M38,2,FALSE)) | H119: =IF(OR('Val-Départ'!G38="", 'Val-Départ'!G38="note de crédit" ),"0",VLOOKUP('Val-Départ'!G38,'Val-Départ'!G38:AB38,20,FALSE)) -> 0
E120: libellé | F120: =IF(('Val-Départ'!B38=""),"",VLOOKUP('Val-Départ'!B38,'Val-Départ'!B38:M38,2,FALSE))
A121: 39 | E121: Achats | F121: =IF(('Val-Départ'!G39=""),"",VLOOKUP('Val-Départ'!G39,'Val-Départ'!G39:M39,1,FALSE)) -> Entret./M.R. | G121: =IF(OR('Val-Départ'!G39="", 'Val-Départ'!G39="note de crédit" ),"0",VLOOKUP('Val-Départ'!G39,'Val-Départ'!G39:AB39,8,FALSE)) -> 0
E122: TVA | F122: à récup. | G122: =IF(OR('Val-Départ'!G39="", 'Val-Départ'!G39="prest.serv.", 'Val-Départ'!G39="Intracomm.", 'Val-Départ'!G39="note de crédit" ),"0",VLOOKUP('Val-Départ'!G39,'Val-Départ'!G39:AB39,18,FALSE)) -> 0
E123: fournisseur | F123: =IF(('Val-Départ'!B39=""),"",VLOOKUP('Val-Départ'!B39,'Val-Départ'!B39:M39,2,FALSE)) | H123: =IF(OR('Val-Départ'!G39="", 'Val-Départ'!G39="note de crédit" ),"0",VLOOKUP('Val-Départ'!G39,'Val-Départ'!G39:AB39,20,FALSE)) -> 0
B124: ='[1]Val-Départ'!B30 -> 0 | E124: libellé | F124: =IF(('Val-Départ'!B39=""),"",VLOOKUP('Val-Départ'!B39,'Val-Départ'!B39:M39,2,FALSE))
A125: 40 | E125: Achats | F125: =IF(('Val-Départ'!G40=""),"",VLOOKUP('Val-Départ'!G40,'Val-Départ'!G40:M40,1,FALSE)) -> note de crédit | G125: =IF(OR('Val-Départ'!G40="", 'Val-Départ'!G40="note de crédit" ),"0",VLOOKUP('Val-Départ'!G40,'Val-Départ'!G40:AB40,8,FALSE)) -> 0
E126: TVA | G126: =IF(OR('Val-Départ'!G40="", 'Val-Départ'!G40="prest.serv.", 'Val-Départ'!G40="Intracomm.", 'Val-Départ'!G40="note de crédit" ),"0",VLOOKUP('Val-Départ'!G40,'Val-Départ'!G40:AB40,18,FALSE)) -> 0
E127: fournisseur | F127: =IF(('Val-Départ'!B40=""),"",VLOOKUP('Val-Départ'!B40,'Val-Départ'!B40:M40,2,FALSE)) | H127: =IF(OR('Val-Départ'!G40="", 'Val-Départ'!G40="note de crédit" ),"0",VLOOKUP('Val-Départ'!G40,'Val-Départ'!G40:AB40,20,FALSE)) -> 0
E128: libellé | F128: =IF(('Val-Départ'!B40=""),"",VLOOKUP('Val-Départ'!B40,'Val-Départ'!B40:M40,2,FALSE))
A129: 41 | E129: Achats | F129: =IF(('Val-Départ'!G41=""),"",VLOOKUP('Val-Départ'!G41,'Val-Départ'!G41:M41,1,FALSE)) -> Pub. | G129: =IF(OR('Val-Départ'!G41="", 'Val-Départ'!G41="note de crédit" ),"0",VLOOKUP('Val-Départ'!G41,'Val-Départ'!G41:AB41,8,FALSE)) -> 0
E130: TVA | F130: à récup. | G130: =IF(OR('Val-Départ'!G41="", 'Val-Départ'!G41="prest.serv.", 'Val-Départ'!G41="Intracomm.", 'Val-Départ'!G41="note de crédit" ),"0",VLOOKUP('Val-Départ'!G41,'Val-Départ'!G41:AB41,18,FALSE)) -> 0
E131: fournisseur | F131: =IF(('Val-Départ'!B41=""),"",VLOOKUP('Val-Départ'!B41,'Val-Départ'!B41:M41,2,FALSE)) | H131: =IF(OR('Val-Départ'!G41="", 'Val-Départ'!G41="note de crédit" ),"0",VLOOKUP('Val-Départ'!G41,'Val-Départ'!G41:AB41,20,FALSE)) -> 0
B132: ='[1]Val-Départ'!B32 -> 0 | E132: libellé | F132: =IF(('Val-Départ'!B41=""),"",VLOOKUP('Val-Départ'!B41,'Val-Départ'!B41:M41,2,FALSE))
A133: 42 | E133: Achats | F133: =IF(('Val-Départ'!G42=""),"",VLOOKUP('Val-Départ'!G42,'Val-Départ'!G42:M42,1,FALSE)) -> cocontractant | G133: =IF(OR('Val-Départ'!G42="", 'Val-Départ'!G42="note de crédit" ),"0",VLOOKUP('Val-Départ'!G42,'Val-Départ'!G42:AB42,8,FALSE)) -> 0
E134: TVA | G134: =IF(OR('Val-Départ'!G42="", 'Val-Départ'!G42="prest.serv.", 'Val-Départ'!G42="Intracomm.", 'Val-Départ'!G42="note de crédit" ),"0",VLOOKUP('Val-Départ'!G42,'Val-Départ'!G42:AB42,18,FALSE)) -> 0
E135: fournisseur | F135: =IF(('Val-Départ'!B42=""),"",VLOOKUP('Val-Départ'!B42,'Val-Départ'!B42:M42,2,FALSE)) | H135: =IF(OR('Val-Départ'!G42="", 'Val-Départ'!G42="note de crédit" ),"0",VLOOKUP('Val-Départ'!G42,'Val-Départ'!G42:AB42,20,FALSE)) -> 0
E136: libellé | F136: =IF(('Val-Départ'!B42=""),"",VLOOKUP('Val-Départ'!B42,'Val-Départ'!B42:M42,2,FALSE))
E137: TOTAL | G137: =SUM(G105:G136) -> 2588.6135 | H137: =SUM(H105:H136) -> 2588.6135
F138: Les 2 valeurs = identiques
F139: voir dans valeur de départ

Sheet PCMN
A1: CLASSE 1 : COMPTES DE CAPITAUX | B1: CLASSE 2 : COMPTES D’IMMOBILISATIONS | C1: CLASSE 3 : COMPTES DE STOCKS ET EN-COURS | D1: CLASSE 4 : COMPTES DE TIERS | E1: CLASSE 5 : COMPTES FINANCIERS | F1: CLASSE 6 : COMPTES DE CHARGES | G1: CLASSE 7 : COMPTES DE PRODUITS
A2: 170 - emprunt | B2: 231 - Machines | C2: 360 - Stock | D2: 400 - Client | E2: 550 - Banque | F2: 604 - achat marchandises | G2: 700 - ventes de marchandises
A3: 100 - CAPITAL souscrit | B3: 237 - Outillages | D3: 4110 - TVA à récup. | E3: 560 - Banque de la poste | F3: 6110 - Entretien -réparation | G3: 7001 - Vente intracommunautaire
B4: 240 - Mobilier | D4: 4114 - TVA à Récupérer pour note de crédit sur Achats | E4: 570 - Caisse | F4: 6122 - Livres | G4: 7002 - vente à l'exportation
B5: 241 - Matériel roulant | D5: 4111 -T.V.A. à payer: sur opérations intracommunautaires | F5: 6140 - publicité | G5: 7050 - prestation de service BE
D6: 4117 - Accompte versée | F6: 61210 - Belgacom | G6: 7051 - Prestations services intracomm.
D7: 440 - fournisseur | F7: 614 - Publicité | G7: 7052 - Prestations services exportation
D8: 4510 - T.V.A. à payer | F8: 6122 - Intracomm. Livres
D9: 451020 - TVA DUE intracommunautaire | F9: 611 - cocontractant
D10: 451030 - TVA DUE entretien immobilier
D11: 4513 -T.V.A. à payer: sur opérations cocontractant
D12: 4514 - TVA DUE pour note de crédit sur ventes
D13: 486 - Emballages
D14: 4512 - TVA due sur note de crédit
A19: 1- Sélectionnez PPCN!$A$1:$A$261 et nommez cette zone Plan1 (via le gestionnaire de noms, ou directement dans la zone au-dessus de la 1° colonne).
B20: Prendre uniquement la 1er rangée (mais voir ou s'arrete la rangée la plus longue)
A21: 2- Sélectionnez PPCN!$A$1:$G$1 et nommez cette zone Plan2
B22: prendre uniquement la 1er rangée de toutes les collones utilisées
A23: 3- Sélectionnez la zone Bal des comptes!B7:B21, données, validation, liste , la formule est :

Sheet PCMN1
A1: CLASSE 1 : COMPTES DE CAPITAUX | B1: CLASSE 2 : COMPTES D’IMMOBILISATIONS | C1: CLASSE 3 : COMPTES DE STOCKS ET EN-COURS | D1: CLASSE 4 : COMPTES DE TIERS | E1: CLASSE 5 : COMPTES FINANCIERS | F1: CLASSE 6 : COMPTES DE CHARGES | G1: CLASSE 7 : COMPTES DE PRODUITS | H1: Source : http://www.comptanat.fr/pcg/liste.htm
A2: 100 - CAPITAL souscrit | B2: 20 - IMMOBILISATIONS INCORPORELLES | C2: 31 - MATIERES PREMIERES (ET FOURNITURES) | D2: 40 - FOURNISSEURS ET COMPTES RATTACHES | E2: 50 - VALEURS MOBILIERES DE PLACEMENT | F2: 60 - ACHATS (sauf 603) | G2: 70 - VENTES DE PRODUITS FABRIQUES, PRESTATIONS DE SERVICES, MARCHANDISES
A3: 101 - Capital | B3: 201 - Frais d’établissement | C3: 311 - Matières (ou groupe) A | D3: 400 - Fournisseurs et Comptes rattachés | E3: 501 - Parts dans des entreprises liées | F3: 601 - Achats stockés - Matières premières (et fournitures) | G3: 701 - Ventes de produits finis
A4: 1011 - Capital souscrit - non appelé | B4: 2011 - Frais de constitution | C4: 312 - Matières (ou groupe) B | D4: 401 - Fournisseurs | E4: 502 - Actions propres | F4: 6011 - Matières (ou groupe) A | G4: 7011 - Produits finis (ou groupe) A
A5: 1012 - Capital souscrit - appelé, non versé | B5: 2012 - Frais de premier établissement | C5: 317 - Fournitures A, B, C, ... | D5: 4011 - Fournisseurs - Achats de biens et prestations de services | E5: 502-1 Actions destinées à être attribuées aux employés et affectées à des plans déterminés | F5: 6012 - Matières (ou groupe) B | G5: 7012 - Produits finis (ou groupe) B
A6: 1013 - Capital souscrit - appelé, versé | B6: 20121 - Frais de prospection | C6: 32 - AUTRES APPROVISIONNEMENTS | D6: 4017 - Fournisseurs - Retenues de garantie | E6: 502-2 Actions disponibles pour être attribuées aux employés ou pour la régularisation des cours de bourse | F6: 6017 - Fournitures A, B, C, ... | G6: 702 - Ventes de produits intermédiaires
A7: 10131 - Capital non amorti | B7: 20122 - Frais de publicité | C7: 321 - Matières consommables | D7: 403 - Fournisseurs - Effets à payer | E7: 503 - Actions | F7: 602 - Achats stockés - Autres approvisionnements | G7: 703 - Ventes de produits résiduels
A8: 10132 - Capital amorti | B8: 2013 - Frais d’augmentation de capital et d’opérations diverses (fusions, scissions, transformations) | C8: 3211 - Matières (ou groupe) C | D8: 404 - Fournisseurs d’immobilisations | E8: 5031 - Titres cotés | F8: 6021 - Matières consommables | G8: 704 - Travaux
A9: 1018 - Capital souscrit soumis à des réglementations particulières | B9: 203 - Frais de recherche et de développement | C9: 3212 - Matières (ou groupe) D | D9: 4041 - Fournisseurs - Achats d’immobilisations | E9: 5035 - Titres non cotés | F9: 60211 - Matières (ou groupe) C | G9: 7041 - Travaux de catégorie (ou activité) A
A10: 102 - Fonds fiduciaires | B10: 205 - Concessions et droits similaires, brevets, licences, marques, procédés, logiciels, droits et valeurs similaires | C10: 322 - Fournitures consommables | D10: 4047 - Fournisseurs d’immobilisations - Retenues de garantie | E10: 504 - Autres titres conférant un droit de propriété | F10: 60212 - Matières (ou groupe) D | G10: 7042 - Travaux de catégorie (ou activité) B
A11: 104 - Primes liées au capital social | B11: 206 - Droit au bail | C11: 3221 - Combustibles | D11: 405 - Fournisseurs d’immobilisations - Effets à payer | E11: 505 - Obligations et bons émis par la société et rachetés par elle | F11: 6022 - Fournitures consommables | G11: 705 - Études
A12: 1041 - Primes d’émission | B12: 207 - Fonds commercial | C12: 3222 - Produits d’entretien | D12: 408 - Fournisseurs - Factures non parvenues | E12: 506 - Obligations | F12: 60221 - Combustibles | G12: 706 - Prestations de services
A13: 1042 - Primes de fusion | B13: 2071 – Ecart résiduel sur fonds agricole | C13: 3223 - Fournitures d’atelier et d’usine | D13: 4081 - Fournisseurs | E13: 5061 - Titres cotés | F13: 60222 - Produits d’entretien | G13: 707 - Ventes de marchandises
... A55: 1318 - Autres | B55: 218 - Autres immobilisations corporelles | C55: 392 - Dépréciations des autres approvisionnements (Règlement n° 2005-09 du CRC) | D55: 438 - Organismes sociaux - Charges à payer et produits à recevoir | E55: 5908 - Autres valeurs mobilières de placement et créances assimilées | F55: 615 - Entretien et réparations | G55: 7518 - Autres droits et valeurs similaires
A56: 138 - Autres subventions d’investissement (même ventilation que celle du compte 131) | B56: 2181 - Installations générales, agencements, aménagements divers | C56: 3921 - Matières consommables (même ventilation que celle du compte 321) | D56: 4382 - Charges sociales sur congés à payer | F56: 6152 - sur biens immobiliers | G56: 752 - Revenus des immeubles non affectés à des activités professionnelles
A57: 139 - Subventions d’investissement inscrites au compte de résultat | B57: 2182 - Matériel de transport | C57: 3922 - Fournitures consommables (même ventilation que celle du compte 322) | D57: 4386 - Autres charges à payer | F57: 6155 - sur biens mobiliers | G57: 753 - Jetons de présence et rémunérations d’administrateurs, gérants
A58: 1391 - Subventions d’équipement | B58: 2183 - Matériel de bureau et matériel informatique | C58: 3926 - Emballages (même ventilation que celle du compte 326) | D58: 4387 - Produits à recevoir | F58: 6156 - Maintenance | G58: 754 - Ristournes perçues des coopératives (provenant des excédents)
A59: 13911 - État | B59: 2184 - Mobilier | C59: 393 - Dépréciations des en-cours de production de biens (Règlement n°2005-09 du CRC) | D59: 44 - ETAT ET AUTRES COLLECTIVITES PUBLIQUES | F59: 616 - Primes d’assurances | G59: 755 - Quotes-parts de résultat sur opérations faites en commun
A60: 13912 - Régions | B60: 2185 - Cheptel | C60: 3931 - Produits en cours (même ventilation que celle du compte 331) | D60: 441 - Etat - Subventions à recevoir | F60: 6161 - Multirisques | G60: 7551 - Quote-part de perte transférée (comptabilité du gérant)
A61: 13913 - Départements | B61: 2186 - Emballages récupérables | C61: 3935 - Travaux en cours (même ventilation que celle du compte 335) | D61: 4411 - Subventions d’investissement | F61: 6162 - Assurance obligatoire dommage construction | G61: 7555 - Quote-part de bénéfice attribuée (comptabilité des associés non-gérants)
A62: 13914 - Communes | B62: 22 - IMMOBILISATIONS MISES EN CONCESSION | C62: 394 - Dépréciations des en-cours de production de services (Règlement n°2005-09 du CRC) | D62: 4417 - Subventions d’exploitation | F62: 6163 - Assurance-transport | G62: 758 - Produits divers de gestion courante
A63: 13915 - Collectivités publiques | B63: 23 - IMMOBILISATIONS EN COURS | C63: 3941 - Études en cours (même ventilation que celle du compte 341) | D63: 4418 - Subventions d’équilibre | F63: 61636 - sur achats | G63: 76 - PRODUITS FINANCIERS
A64: 13916 - Entreprises publiques | B64: 231 - Immobilisations corporelles en cours | C64: 3945 - Prestations de services en cours (même ventilation que celle du compte 345) | D64: 4419 - Avances sur subventions | F64: 61637 - sur ventes | G64: 761 - Produits de participations
A65: 13917 - Entreprises et organismes privés | B65: 2312 - Terrains | C65: 395 - Dépréciations des stocks de produits (Règlement n°2005-09 du CRC) | D65: 442 - État - Impôts et taxes recouvrables sur des tiers | F65: 61638 - sur autres biens | G65: 7611 - Revenus des titres de participation
A66: 13918 - Autres | B66: 2313 - Constructions | C66: 3951 - Produits intermédiaires (même ventilation que celle du compte 351) | D66: 4424 - Obligataires | F66: 6164 - Risques d’exploitation | G66: 7612 - Produits de la fiducie, résultat de la période
A67: 1398 - Autres subventions d’investissement (même ventilation que celle du compte 1391) | B67: 2315 - Installations techniques, matériel et outillage industriels | C67: 3955 - Produits finis (même ventilation que celle du compte 355) | D67: 4425 - Associés | F67: 6165 - Insolvabilité clients | G67: 7616 - Revenus sur autres formes de participation
... A70: 1423 - Provisions pour reconstitution des gisements miniers et pétroliers | B70: 237 - Avances et acomptes versés sur commandes d’immobilisations incorporelles | C70: 3972 - Marchandise (ou groupe) B | D70: 4438 - Intérêts courus sur créances figurant au compte 4431 | F70: 6181 - Documentation générale | G70: 7621 - Revenus des titres immobilisés
A71: 1424 - Provisions pour investissement (participation des salariés) | B71: 238 - Avances et acomptes versés sur commandes d’immobilisations corporelles | D71: 444 - État - Impôts sur les bénéfices | F71: 6183 - Documentation technique | G71: 7626 - Revenus des prêts
A72: 143 - Provisions réglementées relatives aux stocks | B72: 2382 - Terrains | D72: 445 - État - Taxes sur le chiffre d’affaires | F72: 6185 - Frais de colloques, séminaires, conférences | G72: 7627 - Revenus des créances immobilisées
A73: 1431 - Hausse des prix | B73: 2383 - Constructions | D73: 4452 - T.V.A. due intracommunautaire | F73: 619 - Rabais, remises et ristournes obtenus sur services extérieurs | G73: 763 - Revenus des autres créances
A74: 1432 - Fluctuation des cours | B74: 2385 - Installations techniques, matériel et outillage industriels | D74: 4455 - Taxes sur le chiffre d’affaires à décaisser | F74: 62 - Autres services extérieurs | G74: 7631 - Revenus des créances commerciales
A75: 144 - Provisions réglementées relatives aux autres éléments de l’actif | B75: 2388 - Autres immobilisations corporelles | D75: 44551 - T.V.A. à décaisser | F75: 621 - Personnel extérieur à l’entreprise | G75: 7638 - Revenus des créances diverses
A76: 145 - Amortissements dérogatoires | D76: 44558 - Taxes assimilées à la T.V.A. | F76: 6211 - Personnel intérimaire | G76: 764 - Revenus des valeurs mobilières de placement
A77: 146 - Provision spéciale de réévaluation | B77: 25 - PARTS DANS DES ENTREPRISES LIÉES ET CRÉANCES SUR DES ENTREPRISES LIÉES | D77: 4456 - Taxes sur le chiffre d’affaires déductibles | F77: 6214 - Personnel détaché ou prêté à l’entreprise | G77: 765 - Escomptes obtenus
A78: 147 - Plus-values réinvesties | B78: 26 - PARTICIPATIONS ET CREANCES RATTACHÉES À DES PARTICIPATIONS | D78: 44562 - T.V.A. sur immobilisations | F78: 622 - Rémunérations d’intermédiaires et honoraires | G78: 766 - Gains de change
A79: 148 - Autres provisions réglementées | B79: 261 - Titres de participation | D79: 44563 - T.V.A. transférée par d’autres entreprises | F79: 6221 - Commissions et courtages sur achats | G79: 767 - Produits nets sur cessions de valeurs mobilières de placement
A80: 15 - PROVISIONS – (Règlement n°2005-09 du CRC) | B80: 2611 - Actions | D80: 44566 - T.V.A. sur autres biens et services | F80: 6222 - Commissions et courtages sur ventes | G80: 768 - Autres produits financiers
A81: 151 - Provisions pour risques | B81: 2618 - Autres titres | D81: 44567 - Crédit de T.V.A. à reporter | F81: 6224 - Rémunérations des transitaires | G81: 77 - PRODUITS EXCEPTIONNELS
A82: 1511 - Provisions pour litiges | B82: 266 - Autres formes de participation | D82: 44568 - Taxes assimilées à la T.V.A. | F82: 6225 - Rémunérations d’affacturage | G82: 771 - Produits exceptionnels sur opérations de gestion
A83: 1512 - Provisions pour garanties données aux clients | B83: 2661 - Droits représentatifs d’actifs nets remis en fiducie | D83: 4457 - Taxes sur le chiffre d’affaires collectées par l’entreprise | F83: 6226 - Honoraires | G83: 7711 - Dédits et pénalités perçus sur achats et sur ventes
A84: 1513 - Provisions pour pertes sur marchés à terme | B84: 267 - Créances rattachées à des participations | D84: 44571 - T.V.A. collectée | F84: 6227 - Frais d’actes et de contentieux | G84: 7713 - Libéralités reçues
A85: 1514 - Provisions pour amendes et pénalités | B85: 2671 - Créances rattachées à des participations (groupe) | D85: 44578 - Taxes assimilées à la T.V.A. | F85: 6228 - Divers | G85: 7714 - Rentrées sur créances amorties
A86: 1515 - Provisions pour pertes de change | B86: 2674 - Créances rattachées à des participations (hors groupe) | D86: 4458 - Taxes sur le chiffre d’affaires à régulariser ou en attente | F86: 623 - Publicité, publications, relations publiques | G86: 7715 - Subventions d’équilibre
A87: 1516 – Provisions pour pertes sur contrats (Règlement n°2000-06 du CRC) | B87: 2675 - Versements représentatifs d’apports non capitalisés (appel de fonds) | D87: 44581 - Acomptes - Régime simplifié d’imposition | F87: 6231 - Annonces et insertions | G87: 7717 - Dégrèvements d’impôts autres qu’impôts sur les bénéfices
A88: 1518 - Autres provisions pour risques | B88: 2676 - Avances consolidables | D88: 44582 - Acomptes - Régime du forfait | F88: 6232 - Échantillons | G88: 7718 - Autres produits exceptionnels sur opérations de gestion
... A133: 186 - Biens et prestations de services échangés entre établissements (charges) | B133: 2814 - Constructions sur sol d’autrui (même ventilation que celle du compte 214) | D133: 4768 - Différences compensées par couverture de change | F133: 6351 - Impôts directs (sauf impôts sur les bénéfices) | G133: 797 - Transferts de charges exceptionnelles
A134: 187 - Biens et prestations de services échangés entre établissements (produits) | B134: 2815 – Installations techniques, matériel et outillage industriels (même ventilation que celle du compte 215) | D134: 477 - Différences de conversion - PASSIF | F134: 63511 - Contribution économique territoriale
A135: 188 - Comptes de liaison des sociétés en participation | B135: 2818 - Autres immobilisations corporelles (même ventilation que celle du compte 218) | D135: 4771 - Augmentation des créances | F135: 63512 - Taxes foncières
B136: 282 – Amortissements des immobilisations mises en concession | D136: 4772 - Diminution des dettes | F136: 63513 - Autres impôts locaux
B137: 29 - DÉPRÉCIATIONS DES IMMOBILISATIONS – (RÈGLEMENT N°2002-10 DU CRC) | D137: 4778 - Différences compensées par couverture de change | F137: 63514 - Taxe sur les véhicules des sociétés
B138: 290 - Dépréciations des immobilisations incorporelles | D138: 478 - Autres comptes transitoires | F138: 6352 - Taxes sur le chiffre d’affaires non récupérables
B139: 2905 - Marques, procédés, droits et valeurs similaires | D139: 48 - COMPTES DE REGULARISATION | F139: 6353 - Impôts indirects
B140: 2906 - Droit au bail | D140: 481 - Charges à répartir sur plusieurs exercices – (Règlement n°2004-06 du CRC) | F140: 6354 - Droits d’enregistrement et de timbre
B141: 2907 - Fonds commercial | D141: 4816 - Frais d’émission des emprunts | F141: 63541 - Droits de mutation
B142: 2908 - Autres immobilisations incorporelles | D142: 486 - Charges constatées d’avance | F142: 6358 - Autres droits
B143: 291 - dépréciations des immobilisations corporelles (même ventilation que celle du compte 21) – (Règlement n°2002-10 du CRC) | D143: 487 - Produits constatés d’avance | F143: 637 - Autres impôts, taxes et versements assimilés (autres organismes)
B144: 2911 – Terrains (autres que terrains de gisement) | D144: 488 - Comptes de répartition périodique des charges et des produits | F144: 6371 - Contribution sociale de solidarité à la charge des sociétés
B145: 292 - dépréciations des immobilisations mises en concession | D145: 4886 - Charges | F145: 6372 - Taxes perçues par les organismes publics internationaux
B146: 293 - dépréciations des immobilisations en cours – (Règlement n°2002-10 du CRC) | D146: 4887 - Produits | F146: 6374 - Impôts et taxes exigibles à l’Étranger
B147: 2931 - Immobilisations corporelles en cours | D147: 49 - DEPRECIATIONS DES COMPTES DE TIERS – (Règlement n°2005-09 du CRC) | F147: 6378 - Taxes diverses
... B156: 2972 - Titres immobilisés, droit de créance (même ventilation que celle du compte 272) | D156: 4967 - Autres comptes débiteurs | F156: 645 - Charges de sécurité sociale et de prévoyance
B157: 2973 - Titres immobilisés de l’activité de portefeuille | F157: 6451 - Cotisations à l’URSSAF
B158: 2974 - Prêts (même ventilation que celle du compte 274) | F158: 6452 - Cotisations aux mutuelles
B159: 2975 - Dépôts et cautionnements versés (même ventilation que celle du compte 275) | F159: 6453 - Cotisations aux caisses de retraites
B160: 2976 - Autres créances immobilisées (même ventilation que celle du compte 276) | F160: 6454 - Cotisations aux ASSEDIC
F161: 6458 - Cotisations aux autres organismes sociaux
F162: 646 - Cotisations sociales personnelles de l’exploitant
F163: 647 - Autres charges sociales
F164: 6471 - Prestations directes
F165: 6472 - Versements aux comités d’entreprise et d’établissement
F166: 6473 – Versements aux comités d’hygiène et de sécurité
F167: 6474 - Versements aux autres oeuvres sociales
F168: 6475 - Médecine du travail, pharmacie
F169: 648 - Autres charges de personnel
F170: 65 - AUTRES CHARGES DE GESTION COURANTE
F171: 651 - Redevances pour concessions, brevets, licences, marques, procédés, logiciels, droits et valeurs similaires
F172: 6511 - Redevances pour concessions, brevets, licences, marques, procédés, logiciels
... F261: 699 - Produits - Report en arrière des déficits

Sheet Bal des comptes
B1: Balance des comptes
A3: c'est ici qu'il faut inscrire les soldes débiteurs (SD) et soldes créditeurs(SC)
A5: Numéro | B5: Nom | C5: Total Débit | D5: Total crédit | E5: Solde Débiteur | F5: Solde Créditeur
A7: ='[2]Gr liv ACT-PAS'!M3 -> Capital | B7: 100 - CAPITAL souscrit | C7: ='Gr liv ACT-PAS'!O14 -> 0 | D7: ='Gr liv ACT-PAS'!P14 -> 12394.69 | E7: =IF(C7>D7,C7-D7,0) -> 0 | F7: =IF(C7<D7,D7-C7,0) -> 12394.69 | H7: 1
A8: ='[2]Gr liv ACT-PAS'!M11 -> Emprunt | B8: 170 - emprunt | C8: ='Gr liv ACT-PAS'!O26 -> 0 | D8: ='Gr liv ACT-PAS'!P26 -> 7436.81 | E8: =IF(C8>D8,C8-D8,0) -> 0 | F8: =IF(C8<D8,D8-C8,0) -> 7436.81 | H8: 2
A9: Machine | B9: 231 - Machines | C9: ='Gr liv ACT-PAS'!B30 -> 3470.51 | D9: ='Gr liv ACT-PAS'!C30 -> 0 | E9: =IF(C9>D9,C9-D9,0) -> 3470.51 | F9: =IF(C9<D9,D9-C9,0) -> 0 | G9: 1
A10: Outillage | B10: 237 - Outillages | C10: ='Gr liv ACT-PAS'!B15 -> 743.68 | D10: ='Gr liv ACT-PAS'!C15 -> 0 | E10: =IF(C10>D10,C10-D10,0) -> 743.68 | F10: =IF(C10<D10,D10-C10,0) -> 0 | G10: 2
A11: Mobilier | B11: 240 - Mobilier | C11: ='Gr liv ACT-PAS'!B44 -> 1983.15 | D11: ='Gr liv ACT-PAS'!C44 -> 0 | E11: =IF(C11>D11,C11-D11,0) -> 1983.15 | F11: =IF(C11<D11,D11-C11,0) -> 0 | G11: 3 | I11: =SUM(E9:E11) -> 6197.34
A12: STOCK | B12: 360 - Stock | C12: ='Gr liv ACT-PAS'!B74 -> 6197.34 | D12: ='Gr liv ACT-PAS'!C74 -> 0 | E12: =IF(C12>D12,C12-D12,0) -> 6197.34 | F12: =IF(C12<D12,D12-C12,0) -> 0 | G12: 4
A13: ='[2]Gr liv ACT-PAS'!C58 -> client | B13: 400 - Client | C13: ='Gr liv ACT-PAS'!B98 -> 6581.5819 | D13: ='Gr liv ACT-PAS'!C98 -> 1650 | E13: =IF(C13>D13,C13-D13,0) -> 4931.5819 | F13: =IF(C13<D13,D13-C13,0) -> 0 | G13: 5
A14: TVA sur ventes | B14: 4510 - T.V.A. à payer | C14: ='Gr liv ACT-PAS'!Q181 -> 0 | D14: ='Gr liv ACT-PAS'!R181 -> 193.6032 | E14: =IF(C14>D14,C14-D14,0) -> 0 | F14: =IF(C14<D14,D14-C14,0) -> 193.6032 | H14: 3
A15: ='[2]Gr liv ACT-PAS'!M58 -> Fournisseur | B15: 440 - fournisseur | C15: ='Gr liv ACT-PAS'!O94 -> 1650 | D15: ='Gr liv ACT-PAS'!P94 -> 2974.72 | E15: =IF(C15>D15,C15-D15,0) -> 0 | F15: =IF(C15<D15,D15-C15,0) -> 1324.72 | H15: 4
A16: TVA sur achats | B16: 4110 - TVA à récup. | C16: ='Gr liv ACT-PAS'!G179 -> 449.2635 | D16: ='Gr liv ACT-PAS'!H179 -> 0 | E16: =IF(C16>D16,C16-D16,0) -> 449.2635 | F16: =IF(C16<D16,D16-C16,0) -> 0 | G16: 6
A17: Banque | B17: 550 - Banque | C17: ='Gr liv ACT-PAS'!B118 -> 5988.14 | D17: ='Gr liv ACT-PAS'!C118 -> 1650 | E17: =IF(C17>D17,C17-D17,0) -> 4338.14 | F17: =IF(C17<D17,D17-C17,0) -> 0 | G17: 7
A18: ='[2]Gr liv ACT-PAS'!C88 -> banq poste | B18: 560 - Banque de la poste | C18: ='Gr liv ACT-PAS'!B140 -> 1239.47 | D18: ='Gr liv ACT-PAS'!C140 -> 0 | E18: =IF(C18>D18,C18-D18,0) -> 1239.47 | F18: =IF(C18<D18,D18-C18,0) -> 0 | G18: 8
A19: ='[2]Gr liv ACT-PAS'!C96 -> caisse | B19: 570 - Caisse | C19: ='Gr liv ACT-PAS'!B156 -> 1611.31 | D19: ='Gr liv ACT-PAS'!C156 -> 0 | E19: =IF(C19>D19,C19-D19,0) -> 1611.31 | F19: =IF(C19<D19,D19-C19,0) -> 0 | G19: 9
A20: ='[2]Gr liv ACT-PAS'!C113 -> Achat march | B20: 604 - achat marchandises | C20: ='Gr liv ACT-PAS'!B179 -> 1395.67 | D20: ='Gr liv ACT-PAS'!C179 -> 0 | E20: =IF(C20>D20,C20-D20,0) -> 1395.67 | F20: =IF(C20<D20,D20-C20,0) -> 0 | G20: 10 | I20: =SUM(E12:E20) -> 20162.775
A21: ='[2]Gr liv ACT-PAS'!M113 -> Vente Mach | B21: 700 - ventes de marchandises | C21: ='Gr liv ACT-PAS'!L181 -> 0 | D21: ='Gr liv ACT-PAS'!M181 -> 921.92 | E21: =IF(C21>D21,C21-D21,0) -> 0 | F21: =IF(C21<D21,D21-C21,0) -> 921.92 | H21: 5
A22: Total | C22: =SUM(C7:C21) -> 31310.115 | D22: =SUM(D7:D21) -> 27221.743 | E22: =SUM(E7:E21) -> 26360.115 | F22: =SUM(F7:F21) -> 22271.743
C23: =IF(C22=D22,"Ok","Erreur") -> Erreur | E23: =IF(E22=F22,"Ok","Erreur") -> Erreur
B25: 5ème vérif.Tous les totaux doivent être identiques
A28: 1- Sélectionnez PPCN!$A$1:$A$261 et nommez cette zone Plan1 (via le gestionnaire de noms, ou directement dans la zone au-dessus de la 1° colonne).
A29: 2- Sélectionnez PPCN!$A$1:$G$1 et nommez cette zone Plan2
A30: 3- Sélectionnez la zone Bal des comptes!B7:B21, aller dans : DONNEES : Validation des données : choisir : liste dans formule : inscrirre la formule suivante :
A32: Plan10 est défini par la 1er colonne uniquement du fichier PCMN ( et doit aller jusqu'a la dernière ligne utilisée de la feuille PCMN)
A33: Plan20 est défini par la 1er ligne du fichier PCMN
A34: RECOMMANDATION : pour pouvoir changer dans données : validation des données : source il faut utiliser la touche F2
A36: "=SI(NB.SI(Plan20;B7)=0;Plan20;DECALER(Plan10;1;EQUIV(B7;Plan20;0)-1;NBVAL(DECALER(Plan10;;EQUIV(B7;Plan20;0)-1))-1))"

Sheet Journ- Finan-central
B4: Journal FINANCIER du mois
B5: N° de | C5: N° du | D5: N° du | G5: Client | H5: libellé | I5: Banq (D+) | J5: Clients (C-)
B6: l'article | C6: compte | D6: compte | E6: Banque | I6: TVAC | J6: TVAC
C7: débit | D7: crédit | E7: extrait N° | I7: montant | J7: montant
I8: Débit | J8: crédit
B10: ='Liv-Four-client'!E12 -> C0001 | C10: 550 | D10: 400 | G10: ='Val-Départ'!$C$13 -> Nicolas | I10: =IF(('Val-Départ'!G13=""),"",VLOOKUP('Val-Départ'!G13,'Val-Départ'!G13:AE24,24,FALSE)) -> 2565.91 | J10: =IF(('Val-Départ'!G13=""),"",VLOOKUP('Val-Départ'!G13,'Val-Départ'!G13:AE24,18,FALSE)) -> 2565.91
B16: Journal FINANCIER du mois | H16: Banq (D+) | I16: Clients (C-)
B17: N° de | C17: N° du | D17: N° du | E17: CLIENTS
B18: l'article | C18: compte | D18: compte | E18: DU MOIS UNIQUEMENT | H18: montant | I18: montant
C19: débit | D19: crédit | H19: Débit | I19: crédit
A20: 13 | E20: CLIENTS | H20: TVAC | I20: TVAC
E21: Banque | F21: extrait N° | J21: 13
E22: Client | F22: ='Val-Départ'!$C$13 -> Nicolas | J22: 14
E23: libellé | F23: reçu | G23: ='Val-Départ'!C13 -> Nicolas | J23: 15
A24: 14 | J24: 16
E25: Banque | F25: extrait N° | H25: =IF(('Val-Départ'!G14=""),"",VLOOKUP('Val-Départ'!G14,'Val-Départ'!G14:AE25,24,FALSE)) -> 1115.52 | J25: 17
B26: ='Liv-Four-client'!E29 -> C0002 | E26: Client | F26: ='Val-Départ'!C14 -> Vienneau | I26: =IF(('Val-Départ'!G14=""),"",VLOOKUP('Val-Départ'!G14,'Val-Départ'!G14:AE25,18,FALSE)) -> 1115.52 | J26: 18
E27: libellé Client | F27: reçu | G27: ='Val-Départ'!C14 -> Vienneau | J27: 19
A28: 15 | J28: 20
C29: 550 | E29: Banque | F29: extrait N° | H29: =IF(('Val-Départ'!G15=""),"",VLOOKUP('Val-Départ'!G15,'Val-Départ'!G15:AE26,24,FALSE)) -> 0 | J29: 21
B30: ='Liv-Four-client'!E45 -> C0003 | D30: 400 | E30: client | F30: ='Val-Départ'!C15 -> Jacques | I30: =IF(('Val-Départ'!G15=""),"",VLOOKUP('Val-Départ'!G15,'Val-Départ'!G15:AE26,18,FALSE)) -> 0 | J30: 22
E31: libellé | F31: reçu | G31: ='Val-Départ'!C15 -> Jacques | J31: 23
A32: 16
E33: Banque | F33: extrait N° | H33: =IF(('Val-Départ'!G16=""),"",VLOOKUP('Val-Départ'!G16,'Val-Départ'!G16:AE27,24,FALSE)) -> 0
B34: ='Liv-Four-client'!E60 -> 0 | E34: Client | F34: ='Val-Départ'!C16 -> 0 | I34: =IF(('Val-Départ'!G16=""),"",VLOOKUP('Val-Départ'!G16,'Val-Départ'!G16:AE27,18,FALSE)) -> 0
E35: libellé | F35: reçu | G35: ='Val-Départ'!C16 -> 0
A36: 17
C37: 550 | E37: Banque | F37: extrait N° | H37: =IF(('Val-Départ'!G17=""),"",VLOOKUP('Val-Départ'!G17,'Val-Départ'!G17:AE28,24,FALSE)) -> 0
B38: ='Liv-Four-client'!E80 -> 0 | D38: 400 | E38: Client | F38: ='Val-Départ'!C17 -> 0 | I38: =IF(('Val-Départ'!G17=""),"",VLOOKUP('Val-Départ'!G17,'Val-Départ'!G17:AE28,18,FALSE)) -> 0
E39: libellé | F39: reçu | G39: ='Val-Départ'!C17 -> 0
A40: 18
C41: 550 | E41: Banque | F41: extrait N° | H41: =IF(('Val-Départ'!G18=""),"",VLOOKUP('Val-Départ'!G18,'Val-Départ'!G18:AE29,24,FALSE)) -> 0
B42: ='Liv-Four-client'!E101 -> 0 | D42: 400 | E42: Client | F42: ='Val-Départ'!C18 -> 0 | I42: =IF(('Val-Départ'!G18=""),"",VLOOKUP('Val-Départ'!G18,'Val-Départ'!G18:AE29,18,FALSE)) -> 0
E43: libellé | F43: reçu | G43: ='Val-Départ'!C18 -> 0
A44: 19 | D44: ='[2]Liv. comp.four-client.'!E51 -> ccc
C45: 550 | E45: Banque | F45: extrait N° | H45: =IF(('Val-Départ'!G19=""),"",VLOOKUP('Val-Départ'!G19,'Val-Départ'!G19:AE30,24,FALSE)) -> 0
B46: ='Liv-Four-client'!E119 -> 0 | D46: 400 | E46: Client | F46: ='Val-Départ'!C19 -> 0 | I46: =IF(('Val-Départ'!G19=""),"",VLOOKUP('Val-Départ'!G19,'Val-Départ'!G19:AE30,18,FALSE)) -> 0
E47: libellé | F47: reçu | G47: ='Val-Départ'!C19 -> 0
A48: 20 | D48: ='[2]Liv. comp.four-client.'!E59 -> 0
C49: 550 | E49: Banque | F49: extrait N° | H49: =IF(('Val-Départ'!G20=""),"",VLOOKUP('Val-Départ'!G20,'Val-Départ'!G20:AE31,24,FALSE)) -> 0
B50: ='Liv-Four-client'!E136 -> 0 | D50: 400 | E50: Client | F50: ='Val-Départ'!C20 -> 0 | I50: =IF(('Val-Départ'!G20=""),"",VLOOKUP('Val-Départ'!G20,'Val-Départ'!G20:AE31,18,FALSE)) -> 0
E51: libellé | F51: reçu | G51: ='Val-Départ'!C20 -> 0
A52: 21
D53: ='[2]Liv. comp.four-client.'!E64 -> 0
B54: ='Liv-Four-client'!E154 -> 0 | C54: 550 | E54: Banque | F54: extrait N° | H54: =IF(('Val-Départ'!G21=""),"",VLOOKUP('Val-Départ'!G21,'Val-Départ'!G21:AE32,24,FALSE)) -> 0
D55: 400 | E55: Client | F55: ='Val-Départ'!C21 -> 0 | I55: =IF(('Val-Départ'!G21=""),"",VLOOKUP('Val-Départ'!G21,'Val-Départ'!G21:AE32,18,FALSE)) -> 0
E56: libellé | F56: reçu | G56: ='Val-Départ'!C21 -> 0
A57: 22
D58: ='[2]Liv. comp.four-client.'!E69 -> 0
B59: ='Liv-Four-client'!E1171 -> 0 | C59: 550 | E59: Banque | F59: extrait N° | G59: =IF('[2]Val-Départ'!O29="","",'[2]Val-Départ'!O29) -> 0 | H59: =IF(('Val-Départ'!G22=""),"",VLOOKUP('Val-Départ'!G22,'Val-Départ'!G22:AE33,24,FALSE)) -> 0
D60: 400 | E60: Client | F60: ='Val-Départ'!C22 -> 0 | I60: =IF(('Val-Départ'!G22=""),"",VLOOKUP('Val-Départ'!G22,'Val-Départ'!G22:AE33,18,FALSE)) -> 0
E61: libellé | F61: reçu | G61: ='Val-Départ'!C22 -> 0
A62: 23
D63: ='[2]Liv. comp.four-client.'!E74 -> 0
C64: 550 | E64: Banque | F64: extrait N° | G64: =IF('[2]Val-Départ'!O34="","",'[2]Val-Départ'!O34) | H64: =IF(('Val-Départ'!G23=""),"",VLOOKUP('Val-Départ'!G23,'Val-Départ'!G23:AE34,24,FALSE)) -> 0
B65: ='Liv-Four-client'!E189 -> 0 | D65: 400 | E65: Client | F65: ='Val-Départ'!C23 -> 0 | I65: =IF(('Val-Départ'!G23=""),"",VLOOKUP('Val-Départ'!G23,'Val-Départ'!G23:AE34,18,FALSE)) -> 0
E66: libellé | F66: reçu | G66: ='Val-Départ'!C23 -> 0
H67: =SUM(H21:H66) -> 1115.52 | I67: =SUM(I22:I66) -> 1115.52
F68: total CLIENTS Gr liv ACT-PAS
D70: Les 2 valeurs = identiques | H70: Total banque du mois
B82: Journal FINANCIER DU MOIS | H82: Fourn(D-) | I82: Banq (C-)
B83: N° de l'article | C83: N° du compte débité | D83: N° du compte crédité | E83: MARS | H83: montant débité | I83: montant crédité
E84: FOURNISSEURS | H84: TVAC | I84: TVAC
A85: 35 | B85: ='[2]Liv. comp.four-client.'!M12 -> F0074
D86: 550 | E86: Banque | F86: extrait N° | I86: =IF(('Val-Départ'!G35=""),"",VLOOKUP('Val-Départ'!G35,'Val-Départ'!G35:AM35,31,FALSE)) -> 899.85
C87: 440 | E87: fournisseur | F87: =IF(('Val-Départ'!B35=""),"",VLOOKUP('Val-Départ'!B35,'Val-Départ'!B35:D35,2,FALSE)) -> Feromat | H87: =IF(('Val-Départ'!G35=""),"",VLOOKUP('Val-Départ'!G35,'Val-Départ'!G35:AM35,24,FALSE)) -> 899.85
E88: libellé | F88: payement de
A89: 36
E90: Banque | F90: extrait N° | I90: =IF(('Val-Départ'!G36=""),"",VLOOKUP('Val-Départ'!G36,'Val-Départ'!G36:AM36,31,FALSE)) -> 1688.76
E91: fournisseur | F91: =IF(('Val-Départ'!B36=""),"",VLOOKUP('Val-Départ'!B36,'Val-Départ'!B36:D36,2,FALSE)) -> Durand | H91: =IF(('Val-Départ'!G36=""),"",VLOOKUP('Val-Départ'!G36,'Val-Départ'!G36:AM36,24,FALSE)) -> 1688.76
E92: libellé | F92: payement de
A93: 37 | B93: ='[2]Liv. comp.four-client.'!M25 -> F0030 | J93: 35
D94: 550 | E94: Banque | F94: extrait N° | I94: =IF(('Val-Départ'!G37=""),"",VLOOKUP('Val-Départ'!G37,'Val-Départ'!G37:AM37,31,FALSE)) -> 0 | J94: 36
C95: 440 | E95: Fournisseur | F95: =IF(('Val-Départ'!B37=""),"",VLOOKUP('Val-Départ'!B37,'Val-Départ'!B37:D37,2,FALSE)) -> Pierre | H95: =IF(('Val-Départ'!G37=""),"",VLOOKUP('Val-Départ'!G37,'Val-Départ'!G37:AM37,24,FALSE)) -> 0 | J95: 37
E96: libellé | F96: paye | J96: 38
A97: 38 | J97: 39
E98: Banque | F98: extrait N° | I98: =IF(('Val-Départ'!G38=""),"",VLOOKUP('Val-Départ'!G38,'Val-Départ'!G38:AM38,31,FALSE)) -> 0 | J98: 40
E99: Fournisseur | F99: =IF(('Val-Départ'!B38=""),"",VLOOKUP('Val-Départ'!B38,'Val-Départ'!B38:D38,2,FALSE)) | H99: =IF(('Val-Départ'!G38=""),"",VLOOKUP('Val-Départ'!G38,'Val-Départ'!G38:AM38,24,FALSE)) -> 0 | J99: 41
E100: libellé | F100: payement de | J100: 42
A101: 39
D102: 550 | E102: Banque | F102: extrait N° | I102: =IF(('Val-Départ'!G39=""),"",VLOOKUP('Val-Départ'!G39,'Val-Départ'!G39:AM39,31,FALSE)) -> 0
C103: 440 | E103: fournisseur | F103: =IF(('Val-Départ'!B39=""),"",VLOOKUP('Val-Départ'!B39,'Val-Départ'!B39:D39,2,FALSE)) | H103: =IF(('Val-Départ'!G39=""),"",VLOOKUP('Val-Départ'!G39,'Val-Départ'!G39:AM39,24,FALSE)) -> 0
E104: libellé | F104: payement de
A105: 40
E106: Banque | F106: extrait N° | I106: =IF(('Val-Départ'!G40=""),"",VLOOKUP('Val-Départ'!G40,'Val-Départ'!G40:AM40,31,FALSE)) -> 0
E107: fournisseur | F107: =IF(('Val-Départ'!B40=""),"",VLOOKUP('Val-Départ'!B40,'Val-Départ'!B40:D40,2,FALSE)) | H107: =IF(('Val-Départ'!G40=""),"",VLOOKUP('Val-Départ'!G40,'Val-Départ'!G40:AM40,24,FALSE)) -> 0
E108: libellé | F108: payement de
A109: 41
D110: 550 | E110: Banque | F110: extrait N° | I110: =IF(('Val-Départ'!G41=""),"",VLOOKUP('Val-Départ'!G41,'Val-Départ'!G41:AM41,31,FALSE)) -> 0
C111: 440 | E111: Fournisseur | F111: =IF(('Val-Départ'!B41=""),"",VLOOKUP('Val-Départ'!B41,'Val-Départ'!B41:D41,2,FALSE)) | H111: =IF(('Val-Départ'!G41=""),"",VLOOKUP('Val-Départ'!G41,'Val-Départ'!G41:AM41,24,FALSE)) -> 0
E112: libellé | F112: payement de
A113: 42
D114: 550 | E114: Banque | F114: extrait N° | I114: =IF(('Val-Départ'!G42=""),"",VLOOKUP('Val-Départ'!G42,'Val-Départ'!G42:AM42,31,FALSE)) -> 0
C115: 440 | E115: Fournisseur | F115: =IF(('Val-Départ'!B42=""),"",VLOOKUP('Val-Départ'!B42,'Val-Départ'!B42:D42,2,FALSE)) | H115: =IF(('Val-Départ'!G42=""),"",VLOOKUP('Val-Départ'!G42,'Val-Départ'!G42:AM42,24,FALSE)) -> 0
E116: libellé | F116: payement de
F117: Vérif. | G117: =(H117-I117) -> 0 | H117: =SUM(H85:H116) -> 2588.61 | I117: =SUM(I85:I116) -> 2588.61
B118: Les 2 valeurs = identiques | H118: total FOURN. Gr liv ACT-PAS
B122: Journal Centralisateur du mois | I122: Fact clients
B123: N° de l'article | C123: N° du compte débité | D123: N° du compte crédité | H123: montant débité | I123: montant crédité
E124: Clients du MOIS | H124: Fact clients
...

Sheet Comp Résultat
A1: Résultat (sous forme de liste)
B3: I. Ventes et prestations | C3: 70/74 | D3: =SUM(D4:D7) -> 921.92
B4: A. Chiffre d’affaires (annexe XII, A) ( HTVA) | C4: 70 | D4: ='Gr liv ACT-PAS'!M182 -> 921.92 | E4: marchand aux clients
B5: B. Variat des en-cours de fabric., des prod. finis et des comm. en cours d'exécution (augment +, réduct -) | C5: 71
B6: C. Production immobilisée | C6: 72
B7: D. Autres produits d'exploitation (ann. XII, B) | C7: 74
A9: - | B9: II. Coût des ventes et des prestations | C9: (-) 60/64 | D9: =SUM(D10:D19) -> 1395.67
B10: A. Approvisionnements et marchandises | C10: 60 | D10: ='Gr liv ACT-PAS'!B182 -> 1395.67 | E10: marchand fournisseurs
B11: 1. Achats | C11: 600/8
B12: 2. Variation des stocks (augmentation -, réduction +) | C12: 609
B13: B. Services et biens divers | C13: 61
B14: C. Rémunérations, charges sociales et pensions (ann. XII, C2) | C14: 62
B15: D. Amortiss & réduct d val sur frais d'établiss, immobilis incorp & corp | C15: 630
B16: E. Réd d val s/ stock, comm. en crs d'exéc & créanc comm. (dotations +, reprises -) (ann. XII, D) | C16: 631/4
B17: F. Provisions pour risques et charges (dotations +, utilisat et repris -) (ann. XII, C3 et E) | C17: 635/7
B18: G. Autres charges d'exploitation (ann. XII, F) | C18: 640/8
B19: H. Charges d'exploitation portées à l'actif au titre de frais de restructuration | C19: (-) 649
A21: = | B21: III. Bénéfice d'exploitation | C21: (+) 70/64 | D21: =IF(D3>D9,D3-D9,0) -> 0
A22: ou | B22: Perte d'exploitation | C22: (-) 64/70 | D22: =IF(D9>D3,D3-D9,0) -> -473.75
A24: + | B24: IV. Produits financiers | C24: 75 | D24: =SUM(D25:D27) -> 0
B25: A. Produits des immobilisations financières | C25: 750
B26: B. Produits des actifs circulants | C26: 751
B27: C. Autres produits financiers (ann. XIII, A) | C27: 752/9
A29: - | B29: V. Charges financières | C29: (-) 65 | D29: =SUM(D30:D32) -> 0
B30: A. Charges des dettes (ann. XIII, B et C) | C30: 650
B31: B. Réd d val s/ act circul autres q ceux visés sub. II. E. (dotat +, repris -) (ann. XIII, D) | C31: 651
B32: C. Autres charges financières (ann. XIII, E) | C32: 652/9
A34: = | B34: VI. Bénéfice courant avant impôts | C34: (+) 70/65 | D34: =IF(D21+D22+D24-D29>0,D21+D22+D24-D29,0) -> 0
A35: ou | B35: Perte courante avant impôts | C35: (-) 65/70 | D35: =IF(D21+D22+D24-D29<0,D21+D22+D24-D29,0) -> -473.75
A37: + | B37: VII. Produits exceptionnels | C37: 76 | D37: =SUM(D38:D43) -> 0
B38: A. Reprises d'amortiss & de réduct de val s/ immobil incorpor et corpor | C38: 760
B39: B. Reprises de réduct de val sur immobilis financières | C39: 761
B40: C. Reprises de provisions pour risques et charges exceptionnels | C40: 762
B41: D. Plus-values sur réalisation d'actifs immobilisés | C41: 763
B42: E. Autres produits exceptionnels (ann. XIV, A) | C42: 764/9
A44: - | B44: VIII. Charges exceptionnelles | C44: (-) 66 | D44: =SUM(D45:D50) -> 0
B45: A. Amortiss et réduct d val exception s/ frais d'établ, immobilis incorp & corp | C45: 660
B46: B. Réductions de valeur sur immobilisations financières | C46: 661
B47: C. Provis pour risq et charg except (dot +, utilis -) | C47: 662
B48: D. Moins-values sur réalisation d'actifs immobilisés | C48: 663
B49: E. Autres charges exceptionnelles (ann. XIV, B) | C49: 664/8
B50: F. Charg exceptionn portées à l’act au titre de frais d restructur | C50: (-) 669
A52: = | B52: IX. Bénéfice de l'exercice avant impôts | C52: (+) 70/66 | D52: =IF(D34+D35+D37-D44>0,D34+D35+D37-D44,0) -> 0
A53: ou | B53: Perte de l'exercice avant impôts | C53: (-) 66/70 | D53: =IF(D34+D35+D37-D44<0,D34+D35+D37-D44,0) -> -473.75

Sheet BILAN AC-PA
A1: 1. BILAN APRES REPARTITION | F1: Codes | G1: Val. Init | H1: Final
A2: ACTIF
A3: ACTIFS IMMOBILISES | C3: somme de (I + II + III + IV) | F3: 20/28 | G3: =SUM(G5+G6+G7+G15) -> 0 | H3: =SUM(H5+H6+H7+H15) -> 6197.34
A5: l. Frais d'établissement (annexe l) | F5: 20
A6: ll. Immobilisations incorporelles (ann. ll) | F6: 21
A7: lll. Immobilisations corporelles (ann.lll) | F7: 22/27 | G7: =SUM(G8:G14) -> 0 | H7: =SUM(H8:H14) -> 6197.34
A8: A. | B8: Terrains et constructions | F8: 22
A9: B. | B9: Installations, machines et outillage | E9: OK | F9: 23 | H9: ='Bal des comptes'!$E$9 -> 3470.51
H10: =SUM('Bal des comptes'!C10) -> 743.68
A11: C. | B11: Mobilier et matériel roulant | E11: OK | F11: 24 | H11: ='Bal des comptes'!$E$11 -> 1983.15
A12: D. | B12: Location-financement et droits similaires | F12: 25
A13: E. | B13: Autres immobilisations corporelles | F13: 26
A14: F. | B14: Immobilisations en cours et acomptes versés | F14: 27
A15: IV. Immobilisations financières (ann. IV et V) | F15: 28 | G15: =SUM(G22+G19+G16) -> 0 | H15: =SUM(H22+H19+H16) -> 0
A16: A. | B16: Entreprises liées | F16: 28/01 | G16: =SUM(G17:G18) -> 0 | H16: =SUM(H17:H18) -> 0
B17: 1. | C17: Participations | F17: 280
B18: 2. | C18: Créances
A19: B. | B19: Autres entreprises avec lesquelles il existe un lien de participation | F19: 282/3 | G19: =SUM(G20:G21) -> 0 | H19: =SUM(H20:H21) -> 0
B20: 1. | C20: Participations | F20: 282
B21: 2. | C21: Créances | F21: 283
A22: C. | B22: Autres immobilisations financières | F22: 284/8 | G22: =SUM(G23:G24) -> 0 | H22: =SUM(H23:H24) -> 0
B23: 1. | C23: Actions et parts | F23: 284
B24: 2. | C24: Créances et cautionnements en numéraire | F24: 285/8
A25: ACTIFS CIRCULANTS | C25: somme de ( V + VI + VII + VIII + IX + X) | F25: 29/58 | G25: =SUM(G27+G30+G39+G42+G45) -> 4338.14 | H25: =SUM(H27,H30,H39,H42,H45,H49) -> 18767.105
A27: V. Créances à plus d'un an | F27: 29 | G27: =SUM(G28:G29) -> 0 | H27: =SUM(H28:H29) -> 0
A28: A. | B28: Créances commerciales | F28: 290
A29: B. | B29: Autres créances | F29: 291
A30: VI. Stocks et commandes en cours d'éxécution | F30: 3 | G30: =SUM(G31+G38) -> 0 | H30: =SUM(H31+H38) -> 6197.34
A31: A. | B31: Stocks | F31: 30/36 | H31: =SUM(H32:H37) -> 6197.34
B32: 1. | C32: Approvisionnements | F32: 30/31
B33: 2. | C33: En-cours de fabrication | F33: 32
B34: 3. | C34: Produits finis | F34: 33
B35: 4. | C35: Marchandises | E35: OK | F35: 34 | H35: ='Bal des comptes'!$E$12 -> 6197.34
B36: 5. | C36: Immeubles destinés à la vente | F36: 35
B37: 6. | C37: Acomptes versés | F37: 36
A38: B. | B38: Commandes en cours d'éxécution | F38: 37
A39: VII. Créances à un an au plus | F39: 40/41 | G39: =SUM(G40:G41) -> 0 | H39: =SUM(H40:H41) -> 5380.8454
A40: A. | B40: Créances commerciales | D40: xxxxx CLIENTS Vi | F40: 40 | H40: ='Bal des comptes'!E13 -> 4931.5819
A41: B. | B41: Autres créances | D41: TVA achats OK | F41: 41 | H41: ='Bal des comptes'!E16 -> 449.2635
A42: VIII. Placements de trésorerie (ann. V et Vl) | F42: 50/53 | G42: =SUM(G43:G44) -> 0 | H42: =SUM(H43:H44) -> 0
A43: A. | B43: Actions propres | F43: 50
A44: B. | B44: Autres placements | F44: 51/53
A45: IX. Valeurs disponibles | C45: Banque + banque poste + caisse OK | F45: 54/58 | G45: ='Val-Départ'!W7 -> 4338.14 | H45: =SUM(H46:H48) -> 7188.92
E46: Banque | F46: 550 | H46: ='Bal des comptes'!E17 -> 4338.14
E47: Bq post | F47: 560 | H47: ='Bal des comptes'!E18 -> 1239.47
E48: caisse | F48: 570 | H48: ='Bal des comptes'!E19 -> 1611.31
A49: X. Comptes de régularisation (ann. VIII) | F49: 490/1 | H49: =SUM(H50) -> 0
F50: 600
D51: TOTAL DE L'ACTIF | F51: 20/58 | G51: =SUM(G25+G3) -> 4338.14 | H51: =SUM(H25+H3) -> 24964.445
G52: Initial-final | H52: =(H51-G51) -> 20626.305
B54: PASSIF | F54: Codes | G54: Initial | H54: Final
A55: Capitaux Propres | D55: (I+II+III+IV) | F55: 10/15 | G55: =SUM(G56+G59+G60+G61+G68+G70-G69) -> 12394.69 | H55: =SUM(H56+H59+H60+H61+H68+H70-H69) -> 12394.69
A56: l. Capital (ann. VIII) | F56: 10 | G56: =SUM(G57:G58) -> 12394.69 | H56: =SUM(H57:H58) -> 12394.69
A57: A. | B57: Capital souscrit | F57: 100 | G57: ='Val-Départ'!W3 -> 12394.69 | H57: ='Bal des comptes'!$F$7 -> 12394.69
A58: B. | B58: Capital non appelé | F58: 101
A59: ll. Primes d'émission | F59: 11
A60: III. Plus values de réévaluation | F60: 12
A61: IV. Réserves | F61: 13 | G61: =SUM(G62+G63+G66+G67) -> 0 | H61: =SUM(H62+H63+H66+H67) -> 0
A62: A. | B62: Réserve légale | F62: 130
A63: B. | B63: Réserves indisponibles | F63: 131 | G63: =SUM(G64:G65) -> 0 | H63: =SUM(H64:H65) -> 0
B64: 1. | C64: Pour actions propres | F64: 1310
B65: 2. | C65: Autres | F65: 1311
A66: C. | B66: Réserves immunisées | F66: 132
A67: D. | B67: Réserves disponibles | F67: 133
A68: V. Bénéfice reporté | F68: 140 | H68: ='Comp Résultat'!D52 -> 0
A69: Perte reportée | F69: 141
A70: VI. Subsides en capital | F70: 15
A71: PROVISIONS ET IMPOTS DIFFERES | F71: 16 | G71: =SUM(G72+G77) -> 0 | H71: =SUM(H72+H77) -> 0
A72: VIII. A. | B72: Provisions pour risques et charges | F72: 160/5 | G72: =SUM(G73:G76) -> 0 | H72: =SUM(H73:H76) -> 0
B73: 1. | C73: Pensions et obligations similaires | F73: 160
B74: 2. | C74: Charges fiscales | F74: 161
B75: 3. | C75: Grosses répartitions et gros entretiens | F75: 162
B76: 4. | C76: Autres risques et charges (ann. IX) | F76: 163/5
A77: B. | B77: Impôts différés | F77: 168
B78: DETTES | F78: 17/49 | G78: =SUM(G79+G91+G104) -> 2974.72 | H78: =SUM(H79+H91+H104) -> 8955.1332
A79: VIII. Dettes à plus d'un an (ann. X) | F79: 17 | G79: =SUM(G80+G86+G89+G90) -> 2974.72 | H79: =SUM(H80+H86+H89+H90) -> 8761.53
A80: A. | B80: Dettes financières | F80: 170/4 | G80: =SUM(G81:G85) -> 0 | H80: =SUM(H81:H85) -> 7436.81
B81: 1. | C81: Emprunts subordonnés | F81: 170
B82: 2. | C82: Emprunts obligataires non subordonnés | F82: 171
B83: 3. | C83: Dettes de location-financement et assimilées | F83: 172
B84: 4. | C84: Etablissements de crédit | F84: 173
B85: 5. | C85: Autres emprunts | F85: 174 | H85: ='Bal des comptes'!$F$8 -> 7436.81
A86: B. | B86: Dettes commerciales | F86: 175 | G86: =SUM(G87:G88) -> 2974.72 | H86: =SUM(H87:H88) -> 1324.72
B87: 1. | C87: Fournisseurs | E87: Vi | F87: 1750 | G87: ='Val-Départ'!W6 -> 2974.72 | H87: ='Bal des comptes'!F15 -> 1324.72
B88: 2. | C88: Effets à payer | F88: 1751
A89: C. | B89: Acomptes reçus sur commandes | F89: 176
A90: D. | B90: Autres dettes | F90: 178/9
A91: IX. Dettes à un an au plus (ann. X) | F91: 42/48 | G91: =SUM(G92+G93+G96+G99+G100+G103) -> 0 | H91: =SUM(H92+H93+H96+H99+H100+H103) -> 193.6032
A92: A. | B92: Dettes à plus d'un an échéant dans l'année | F92: 42
A93: B. | B93: Dettes financières | F93: 43 | G93: =SUM(G94:G95) -> 0 | H93: =SUM(H94:H95) -> 0
B94: 1. | C94: Etablissements de crédit | F94: 430/8
B95: 2. | C95: Autres emprunts | F95: 439
A96: C. | B96: Dettes commerciales | F96: 44 | G96: =SUM(G97:G98) -> 0 | H96: =SUM(H97:H98) -> 0
B97: 1. | C97: Fournisseurs | F97: 440/4
B98: 2. | C98: Effets à payer | F98: 441
A99: D. | B99: Acomptes reçus sur commandes | F99: 46
A100: E. | B100: Dettes fiscales, salariales et sociales | F100: 45 | G100: =SUM(G101:G102) -> 0 | H100: =SUM(H101:H102) -> 193.6032
B101: 1. | C101: Impôts | F101: 450/3 | H101: ='Bal des comptes'!F14 -> 193.6032
B102: 2. | C102: Rémunérations et charges sociales | F102: 454/9
A103: F. | B103: Autres dettes | F103: 47/48
...

Sheet Feuil2
A1: code | B1: nom | C1: TVA | D1: TVA/réd | E1: nom | F1: Avance TVA
A2: 10 | B2: Belgacom | D2: 0.2 | E2: Belgacom
A3: 1 | B3: IMO | C3: 1 | D3: 1 | E3: cocontractant | F3: avance tva
A4: 8 | B4: Ne plus utilisé | C4: 0.21 | D4: 0.4 | E4: Emballage
A5: 12 | B5: Entre. Répar. | C5: 0.06 | D5: 0 | E5: Entret./M.R.
C6: 0 | E6: entret.voit.
E7: Export.
E8: Intracomm.
A9: 14 | B9: Livres | E9: Livres
A10: 2 | B10: Machine | D10: 0.9 | E10: Machine
A11: 3 | B11: Marchandise | D11: 0.8 | E11: Marchandise
A12: 15 | B12: voiture | E12: Matériel-roul
A13: 4 | B13: Mobilier & M.R. | D13: 0.7 | E13: Mobilier
A14: 11 | B14: note de crédit | D14: 0.1 | E14: note de crédit
A15: 5 | B15: outillage | D15: 0.6 | E15: outillage
A16: 7 | B16: paye fourn | D16: 0.5 | E16: paye fourn
E17: prest.serv.
A18: 13 | B18: Pub. | E18: Pub.
A19: 9 | B19: paye fournisseur | D19: 0.3 | E19: 0

Sheet Feuil5
A1: 1 | B1: BANQ-CREDIT | C1: CAISSE-BANQ | D1: BQPOST-BANQ | E1: CREDIT-BANQ | F1: IMO
A2: 2 | B2: BANQ-CAISSE | C2: CAISSE-BQPOST | D2: BQPOST-CAISSE | E2: CREDIT-CAISSE | F2: Machine
A3: 3 | B3: BANQ-POST | C3: CAISSE-CREDIT | D3: BQPOST-CREDIT | E3: CREDIT-POST | F3: Marchandise
A4: 4 | F4: Mobilier & M.R.
A5: 5 | F5: outillage
A6: 6 | F6: note de credit
A7: 7 | F7: paye fourn
A8: 8 | F8: Ne plus utilisé
A9: 9 | F9: paye fournisseur
A10: 10
A11: 11
C13: TVA ACHATS | D13: Fournisseurs | E13: NC/Fournis | G13: TVA clients | I13: NC/clients
C15: ='Gr liv ACT-PAS'!H84 -> 0
C16: ='Gr liv ACT-PAS'!H88 -> 0
C17: ='Gr liv ACT-PAS'!R169
C18: ='Gr liv ACT-PAS'!R172
C19: ='Gr liv ACT-PAS'!R173 -> 0
C20: ='Gr liv ACT-PAS'!R174
C21: ='Gr liv ACT-PAS'!R177
C24: =SUM(C15:C23) -> 0

Sheet LIV-ENTREE
A4: LIVRE DES ENTREES (ACHATS)
A6: N° | B6: Date | C6: Fournisseurs | E6: total | F6: ACHATS HORS TVA | I6: Note de crédit ruçues | K6: Privé | L6: Opérations (montants hors TVA) pour lesquelles le déclarant est tenu au payement de la TVA | O6: MONTANTS DES TVA DUES | S6: TVA déductible
F7: marchandises et biens divers | G7: Services biens divers | H7: investis sement | I7: Acquisitions intracommun | J7: Autres opérations | K7: TVAC | L7: acquisition. Intracomm | M7: Travaux immobiliers | N7: Ops cocontractan | O7: due/acquisition intra-comm | P7: dues/ops cocontractant | Q7: Importations (HORS CE) | R7: dues NC reçues
F8: 81 | G8: 82 | H8: 83 | I8: 84 | J8: 85 | L8: 86 | N8: 87 | O8: 55 | P8: 56 | Q8: 57 | R8: 63 | S8: 59
F10: comptes de 600 à 608 NdeC
A11: 1 | B11: 42011 | C11: Ameura | D11: marchandises | E11: 2173.15 | F11: 1795.99 | S11: 377.16
A12: 2 | B12: 42018 | C12: Ets Vitali | D12: marchandises | E12: 4440.77 | F12: 3670.06 | S12: 770.71
A13: 3 | B13: 42025 | C13: Oliveti | D13: mobilier | E13: 18746.95 | H13: 15493.35 | S13: 3253.6
A14: 4 | B14: 42038 | C14: Belgacom | D14: services et biens | E14: 394.44 | G14: 325.98 | S14: 68.46
A15: 5 | B15: 42043 | C15: Citroen + 1/2 tva | D15: services et biens | E15: 203.97 | G15: 186.27 | S15: 17.7
A16: 6 | B16: 42044 | C16: Ets Vitali (NC) | D16: note de crédit | E16: -605.9 | F16: -500.74 | J16: 500.74 | R16: 105.16
A17: 7 | B17: 42062 | C17: AZ Pub | D17: Pub | E17: 504.82 | G17: 417.21 | S17: 87.61
A18: 8 | B18: 42071 | C18: Lavo vitres | D18: services et biens | E18: 61.97 | G18: 61.97 | N18: 61.97 | P18: 13.01 | S18: 13.01
A19: 9 | B19: 42082 | C19: Au drap FR | D19: intracomm. | E19: 136.54 | F19: 136.54 | L19: 136.54 | O19: 8.2 | S19: 8.2
A20: 10 | B20: 42094 | C20: Citroen + 1/2 tva | D20: services et biens | E20: 19496.83 | G20: 17804.95 | S20: 1691.88
A21: 11
A22: 12
A23: 13
A24: 14
A25: 15
A26: 16
C27: TOTAL | E27: =SUM(E11:E26) -> 45553.54 | F27: =SUM(F11:F26) -> 5101.85 | G27: =SUM(G11:G26) -> 18796.38 | H27: =SUM(H11:H26) -> 15493.35 | I27: =SUM(I11:I26) -> 0 | J27: =SUM(J11:J26) -> 500.74 | L27: =SUM(L11:L26) -> 136.54 | N27: =SUM(N11:N26) -> 61.97 | O27: =SUM(O11:O26) -> 8.2 | P27: =SUM(P11:P26) -> 13.01 | R27: =SUM(R11:R26) -> 105.16 | S27: =SUM(S11:S26) -> 6288.33
A28: Vérification | E28: = | F28: +(81) | G28: +(82) | H28: +(83) | I28: //////// | J28: (85) | L28: //// (86) //// | M28: //////// | N28: (87) | O28: -(55) | P28: -(56) | Q28: (57) | R28: -(63) | S28: +(59)
F30: somme des + | H30: =SUM(F27,G27,H27,S27) -> 45679.91
F31: somme des - | H31: =SUM(O27,P27,R27) -> 126.37
F32: TOTAL | H32: =SUM(H30,-H31) -> 45553.54

Sheet LIV-SORTIE
A4: LIVRE DES VENTES (CLIENTS)
A6: N° | B6: Date | C6: Clients | D6: total | I6: Factures exenptées de TVA | K6: notes de crédit | M6: TVA
E7: 0.06 | F7: 0.12 | G7: 0.21 | H7: TVA à acquiter par le cocontractant art 20 | I7: Livraisons intracom | J7: autres ops exportation | K7: Livraisons intracom | L7: autres ops | M7: dues sur total 0´% + 6%+ 12% + 21% | N7: déduction sur NC sur ventes
E8: 01 | F8: 02 | G8: 03 | H8: 45 | I8: 46 | J8: 47 | K8: 48 | L8: 49 | M8: 54 | N8: 64
A10: 11 | C10: Habot | D10: 1484.77 | G10: 1227.08 | M10: 257.69
A11: 12 | C11: Fossoul | D11: 749.87 | G11: 619.73 | M11: =(G11*0.21) -> 130.1433
A12: 13 | C12: Bille | D12: 1115.52 | H12: 1115.52
A13: 14 | C13: Habot | D13: -593.9 | L13: 490.83 | N13: 103.07
A14: 15 | C14: Piper | D14: 1487.36 | I14: 1487.36
A15: 16 | C15: Belot | D15: 3121.67 | E15: 2944.97 | M15: 176.7
A16: 17 | B16: 42010 | C16: Habot | D16: 1493.77 | G16: 1234.52 | M16: 259.25
A17: 18 | C17: Fossoul | D17: 749.57 | G17: 619.73 | M17: 130.14
A18: 19 | C18: Coppus | D18: 1933.57 | H18: 1933.57
A19: 20 | C19: Mac donald | D19: 10783.37 | J19: 10783.37
A20: 21 | C20: Fossoul | D20: 8908.55 | G20: 7362.44 | M20: 1546.11
A21: 12
A22: 13
A23: 14
A24: 15
A25: 16
C26: TOTAL | D26: =SUM(D10:D25) -> 31234.12 | E26: =SUM(E10:E25) -> 2944.97 | G26: =SUM(G10:G25) -> 11063.5 | H26: =SUM(H10:H25) -> 3049.09 | I26: =SUM(I10:I25) -> 1487.36 | J26: =SUM(J10:J25) -> 10783.37 | K26: =SUM(K10:K25) -> 0 | L26: =SUM(L10:L25) -> 490.83 | M26: =SUM(M10:M25) -> 2500.0333 | N26: =SUM(N10:N25) -> 103.07
A27: Vérification | D27: = | E27: +(01) | F27: +(02) | G27: +(03) | H27: +(45) | I27: +(46) | J27: +(47) | K27: -(48) | L27: -(49) | M27: +(54) | N27: -(64)
F29: =SUM(E26,F26,G26,H26,I26,J26,M26) -> 31828.323
E30: somme des - | F30: =SUM(K26,L26,N26) -> 593.9
E31: Total | F31: =SUM(F29,-F30) -> 31234.423

Sheet TVA-625
A1: Renseignements Généraux | I1: DECLARATION A LA TVA
B2: Nom et adresse du décrarant | I2: Période :
J4: Mois :
J6: Trimestre :
B7: N° TVA du déclarant : | I7: demande de restitution:
B8: BE0 | I8: demade formulaire payement
A10: OPERATION A LA SORTIE II | B10: A | C10: Opérations soumises à un régime particulier | M10: 0 | N10: 00
B12: B | C12: Opérations pour lesquelles la TVA est due
D13: - au taux de 6 p.c. | I13: S(+) | J13: ='LIV-SORTIE'!E26 -> 2944.97 | N13: 01
D15: - au taux de 12 p.c. | I15: S(+) | J15: ='LIV-SORTIE'!F26 -> 0 | N15: 02
D17: - au taux de 21 p.c. | I17: S(+) | J17: ='LIV-SORTIE'!G26 -> 11063.5 | N17: 03
B19: C | C19: Services pour lesquels la TVA étrangère
C20: est due par le cocontractant | N20: 44
B22: D | C22: Opérations pour lesquelles la TVA est due
C23: par le cocontractant | I23: S(+) | J23: ='LIV-SORTIE'!H26 -> 3049.09 | N23: 45
B25: E | C25: Livraisons intracommunautaires exemptées
C26: effectuées en Belgique et ventes ABC | I26: S(+) | J26: ='LIV-SORTIE'!I26 -> 1487.36 | N26: 46
B28: F | C28: Autres opérations exemptées et autres
C29: opérations effectuées à l'étranger | I29: S(+) | J29: ='LIV-SORTIE'!J26 -> 10783.37 | N29: 47
B32: G | C32: Montant des notes de crédit délivrées et des
C33: corrections négatives
C35: -relatif aux opérations inscrites en grille 44 et 46 | I35: S(-) | J35: ='LIV-SORTIE'!K26 -> 0 | N35: 48
C37: -relatif aux autres opérations du cadre II | I37: S(-) | J37: ='LIV-SORTIE'!L26 -> 490.83 | N37: 49
A39: OPERATION A L'ENTREE III
B40: A | C40: Montant des opérations à l'entrée compte tenu
C41: des notes de crédit reçues et autres corrections :
C43: - marchandises, matières premières et matières
C44: auxiliaires | I44: E+ | J44: ='LIV-ENTREE'!F27 -> 5101.85 | N44: 81
C46: - services et biens divers | I46: E+ | J46: ='LIV-ENTREE'!G27 -> 18796.38 | N46: 82
C48: - biens d'investissements | I48: E+ | J48: ='LIV-ENTREE'!H27 -> 15493.35 | N48: 83
B50: B | C50: Montant des notes de crédit reçuess et des
C51: corrections négatives :
C53: - relatif aux opérations inscrites en grilles 86 et 88 | N53: 84
C55: - relatif aux autres opérations du cadre III | J55: ='LIV-ENTREE'!J27 -> 500.74 | N55: 85
B57: C | C57: Acquisitions intracommunautaires effectuées
C58: en Belgique et ventes ABC | J58: ='LIV-ENTREE'!L27 -> 136.54 | N58: 86
B60: D | C60: Autres opérations à l'entrée pour lesquelles | J60: ='LIV-ENTREE'!N27 -> 61.97 | N60: 87
C61: la TVA est due par le déclarant
B63: E | C63: Services intracommunautaires avec report | N63: 88
C64: de perception
A65: TAXES DUES IV
B67: A | C67: TVA relative aux opérations déclaréess en :
C69: - grilles 01, 02, 03 | I69: S(+) | J69: ='LIV-SORTIE'!M26 -> 2500.0333 | N69: 54
C71: - grilles 86 et 88 | I71: E- | J71: ='LIV-ENTREE'!O27 -> 8.2 | N71: 55
C73: - grille 87, à l'exception des importations | I73: E- | J73: ='LIV-ENTREE'!P27 -> 13.01 | N73: 56
C74: avec report de perception
B76: B | C76: TVA relative aux importations avec report | N76: 57
C77: de perception
B79: C | C79: Diverses régularisations TVA en faveur de l'Etat | N79: 61
B81: D | C81: TVA à récupérer mentionnée sur notes de | I81: E- | J81: ='LIV-ENTREE'!R27 -> 105.16 | N81: 63
C82: crédit délivrées
B84: A ne pas complèter | N84: 65
B86: Total des grilles 54 ,55, 56, 57, 61, 63 | J86: =SUM(J69,J71,J73,J76,J79,J81) -> 2626.4033 | N86: XX
A88: TAXES DEDUCTIBLES V
B89: A | C89: TVA déductible | I89: E+ | J89: ='LIV-ENTREE'!S27 -> 6288.33 | N89: 59
B91: B | C91: Diverses régularisations TVA en faveur du déclarant | N91: 62
B93: C | C93: TVA à récupérer mentionnée sur les notes de crédit délivrées | I93: S(-) | J93: ='LIV-SORTIE'!N26 -> 103.07 | N93: 64
B95: A ne pas compléter | N95: 66
C97: Total des grilles 59, 62, 64 | J97: =SUM(J89,M91,J93) -> 6391.4 | N97: YY
A98: SOLDES VI
C99: Une seule des deux grilles peut-être remplie
C101: Taxe due à l'Etat : grille XX - grille YY | J101: =IF(J86>J97,J86-J97,"") | N101: 71
C103: Sommes dues par l'Etat : grille YY - grille XX | J103: =IF(J97>J86,J97-J86,"") -> 3764.9967 | N103: 72
A105: ACOMPTE VII | C105: Concerne uniquement la déclaration mensuelle de décembre
C107: TVA réellement due pour la période du 1er au 20 décembre | N107: 91
A109: Liste clients néant VIII
C110: Concerne uniquement la déclaration
C111: de l'année civile ou celle relative à la cessation d'activité
C113: Pas de clients à reprendre sur le listing des clients (case à cocher par une croix)
A115: DATE & SIGNATURE IX
C116: Déclaration certifiée sincère et complète | J116: Date :
C117: Nom, qualité et numéro de téléphone du (des)
C118: signataires : | J118: Signature
A124: P2 | C124: Cadre réservé à l'administration
C125: AB | E125: jour | F125: mois | G125: année
B126: 1 | C126: 01
B127: 2 | E127: 0
C128: CD | E128: Cde | F128: PERIODE

Sheet Feuil9
